Workbook

Sheet Technologies Matrix
L1: A | S1: ` | AC1: B | BE1: D | BH1: E | BI1: C | BL1: F | BR1: G | CR1: G, H
B2: Input Cell | O2: Flow per Home | P2: 160 | AL2: Project Cost Factor | AN2: 0.4 | BX2: Discount Rate | BY2: 0.05 | BZ2: (see Note 24) | CA2: Nper | CB2: 20 | CC2: Years (see Note 24)
B4: Technology / Strategy | C4: Icon | E4: Description | F4: Influent Source (see Note 1) | G4: Influent Concentration | H4: Pollutant Treated and/or Reason for Use (see Note 2) | I4: Potential Permitting Agencies | J4: Siting Requirements (see Note 3) | K4: Cells That May Require Input for Developing Site Specific Scenarios (Cells Highlighted Light Blue) | L4: Unit Metric (see Note 13) | M4: Metric Input | P4: Equivalent Number of Homes (see Note 6) | Q4: Baseline Concentration for Calculations (see Note 7) | S4: Nutrient Reduction (Percent Removal) (see Note 8) | W4: Percent Improvement of N Removal Over Title 5 (Baseline) (see Note 9) | X4: Technology Impact on Surface Water Quality (Phosphorus) (see Note 10) | Y4: Nutrient Removed per Year (see Note 11 and Note 12) | AH4: Cost / Unit Metric (See Note 14 through Note 23, inclusive) | AM4: Cost / Unit Metric (See Note 14 through Note 23, inclusive) | BI4: Replacement / Upgrade (see Note 30) | BM4: Reduction for Watershed per Planning Period | BQ4: Reduction for Watershed per Planning Period | BU4: Average Life Cycle Cost (Non Nutrient Reducing Technology) | BV4: BCCR Amortized Average Cost for Nutrient Reducing Technology Cost/kg N (see Note 9) | BW4: Watershed Efficiency - PV Average Cost for Nutrient Reducing Technology (see Note 31 and Note 32) | CI4: Cost per Pound of Nitrogen Reduction | CK4: Cost per Pound of Phosphorous Reduction | CM4: Watershed Reduction Efficiency - PV Average Cost for Nutrient Reducing Technology (see Note 31 and Note 32) | CY4: System Design Considerations (see Note 25) | CZ4: Potential Land Use Implication That May Require Growth Management Modifications | DA4: Potential for Revenue Generation | DB4: Time for Results to Improve Estuary Water body (Years) | DC4: Technology Resilience (see Note 26) | DD4: Advantages | DE4: Disadvantages | DF4: Eco Services (see Note 27) | DJ4: Monitoring (see Note 28) | DO4: Status of Piloting and DEP Approval | DP4: Findings from Pilot Studies (see also 208 Project Viewer) | DQ4: Active Reference Links | DR4: References, Notes, and Assumptions (see Note 29) | DS4: Implementation
M5: Flow | N5: Area | O5: Other | S5: Nitrogen | U5: Phosphorus | Y5: Nitrogen (Pounds) | AA5: Nitrogen (Kilograms) | AD5: Phosphorous (Pounds) | AF5: Phosphorus (Kilograms) | AH5: March 2014 Construction Cost (PV) | AK5: Current Construction Cost (PV) | AO5: Land Cost | AP5: Current Project Cost (PV) | AS5: March 2014 Annual O&M Cost | AV5: Current Annual O&M Cost | AZ5: Adjustment Factors | BC5: Adjusted Project Cost (PV) | BF5: Adjusted Annual O&M Cost | BI5: Useful Life (Number of Years) | BJ5: Replacement / Upgrade Cost | BK5: Total Replacement / Upgrade Cost | BL5: Project Cost (PV) | BM5: Pounds of Nitrogen Removed | BN5: Kilograms of Nitrogen Removed | BO5: Pounds of Phosphorous Removed | BP5: Kilograms of Phosphorus Removed | BQ5: Pounds of Nitrogen Removed | BR5: Kilograms of Nitrogen Removed | BS5: Pounds of Phosphorous Removed | BT5: Kilograms of Phosphorous Removed | BW5: Cost per Pound of Nitrogen Reduction | BZ5: Cost per Kilogram of Nitrogen Reduction | CC5: Cost per Pound of Phosphorous Reduction | CF5: Cost per Kilogram of Phosphorous Reduction | CM5: Cost per Pound of Nitrogen Reduction | CP5: Cost per Kilogram of Nitrogen Reduction | CS5: Cost per Pound of Phosphorous Reduction | CV5: Cost per Kilogram of Phosphorous Reduction | DF5: Habitat / Wildlife / Biodiversity Benefit | DG5: Green Space / Conservation / Recreation Benefit | DH5: Energy Savings / Nutrient Recovery / Recycling Benefit | DI5: Flooding / Extreme Events Benefit | DJ5: Evaluation Monitoring | DK5: Estimated Annual Evaluation Monitoring Costs | DL5: Estimated Years of Evaluation Monitoring Required | DM5: Long-Term O&M Monitoring | DN5: Estimated Annual Long- Term O&M Monitoring Costs | DS5: Regulatory Comments and Certainty | DT5: Public Acceptance
D6: Technology ID | M6: GPD (ADF) (see Note 4) | N6: Acre | O6: Cubic Foot, Linear Foot, Cubic Yard, Curb Mile, Each, Gallon or DTPD | Q6: Nitrogen (mg/L) | R6: Phosphorus (mg/L) | S6: Low | T6: High | U6: Low | V6: High | Y6: Low | Z6: High | AA6: Low | AB6: High | AC6: Average | AD6: Low | AE6: High | AF6: Low | AG6: High | AH6: Low | AI6: High | AJ6: Average | AK6: Low | AL6: High | AM6: Average | AN6: Percent Labor | AP6: Low | AQ6: High | AR6: Average | AS6: Low | AT6: High | AU6: Average | AV6: Low | AW6: High | AX6: Average | AY6: Percent Labor | AZ6: Project Cost | BA6: O&M | BB6: Remarks | BC6: Low | BD6: High | BE6: Average | BF6: Low | BG6: High | BH6: Average | BW6: Average Project Cost (PV) | BX6: O&M Cost (PV) | BY6: Average Life Cycle Cost (PV) | BZ6: Average Project Cost (PV) | CA6: O&M Cost (PV) | CB6: Average Life Cycle Cost (PV) | CC6: Average Project Cost (PV) | CD6: O&M Cost (PV) | CE6: Average Life Cycle Cost (PV) | CF6: Average Project Cost (PV) | CG6: O&M Cost (PV) | CH6: Average Life Cycle Cost (PV) | CI6: Upper Limit of Removal with Lower Limit of Cost | CJ6: Lower Limit of Removal with Upper Limit of Cost | CK6: Upper Limit of Removal with Lower Limit of Cost | CL6: Lower Limit of Removal with Upper Limit of Cost | CM6: Average Project Cost (PV) | CN6: O&M Cost (PV) | CO6: Average Life Cycle Cost (PV) | CP6: Average Project Cost (PV) | CQ6: O&M Cost (PV) | CR6: Average Life Cycle Cost (PV) | CS6: Average Project Cost (PV) | CT6: O&M Cost (PV) | CU6: Average Life Cycle Cost (PV) | CV6: Average Project Cost (PV) | CW6: O&M Cost (PV) | CX6: Average Life Cycle Cost (PV) | CY6: Infrastructure to Consider when Designing and Pricing Technology / Strategy | DO6: A - Approved AP - Advanced Pilot IP - Initial Pilot NA - Not Approvable | DP6: 208 Project Viewer
A7: Green Infrastructure | B7: Constructed Wetlands - Surface Flow | D7: 101 | E7: After primary treatment in a septic tank or WWTF or secondary treatment at a WWTF, water is fed into a free water surface (FWS) constructed wetland. Free water constructed wetlands closely mimic the ecosystem of a natural wetland by utilizing water loving plants to filter wastewater through their root zone, a planted medium, and open water zones. FWS wetlands are systems where open water is exposed much like in a natural marsh. The reclaimed water is generally discharged into a leach field or similar system for discharge to the groundwater. The reclaimed water can also be discharged into a water body or used for open space irrigation after treatment. However, more strict permitting and water quality standards must be met if not discharging to groundwater. This technology can be used as an alternative to conventional polishing (i.e. mechanical and/or chemical) of secondary and advanced wastewater treatment. This is a source Reduction technology. | F7: Septic Tank Effluent Primary Effluent Secondary Effluent | G7: 20 - 75 mg/L N 4 - 8 mg/L P | H7: Nitrogen Phosphorus Sediment Reduce amount of Direct Discharge to Groundwater | I7: ● MassDEP ● Department of Public Works ● Board of Health ● Conservation Commission ● Natural Heritage ● Mass Historical Commission ● US Army Corps or Engineers ● Division of Marine and Fisheries ● US Fish and Wildlife Service ● Building Department ● Land Owner | J7: ● Undeveloped land > 1 acre. ● Outside all wetlands resource areas. ● Outside 100 year flood hazard zone. ● Groundwater separation - GW depth > 4 feet. ● Not within priority habitat areas. ● Not within protected open space. ● Benefit if site has clay based soils, has disturbed soils, parcel intersects with 50 to 100 foot Buffer zone, has municipal ownership. ● No steep topography. | K7: P 2 - Flow per Home (gpd) AN 2 - Project Cost Factor (%) BU 2 - Discount Rate (% APR) BX 2 - Planning Period (Nper in years) N 7 - Acres Q 97 - Influent Nitrogen Load R 97 - Influent Phosphorus Load | L7: Acres | M7: =N7*15000 -> 15000 | N7: 1 | O7: N/A | P7: =M7/$P$2 -> 93.75 | Q7: 26.25 | R7: =$R$107 -> 6 | S7: =100*(1-40*(1-0.8)/$Q7) -> 69.52381 | T7: =100*(1-40*(1-0.95)/$Q7) -> 92.380952 | U7: 40 | V7: 60 | W7: =($Q$53-($Q$53*(($T$53+$S$53)/2)/100)-(Q7-(Q7*((T7+S7)/2)/100)))/($Q$53-($Q$53*(($T$53+$S$53)/2)/100)) -> 0.80952381 | X7: L | Y7: =((($Q7)*($S7/100))*(8.34*($M7/1000000)))*365 -> 833.32238 | Z7: =((($Q7)*($T7/100))*(8.34*($M7/1000000)))*365 -> 1107.2914 | AA7: =Y7*0.4536 -> 377.99503 | AB7: =Z7*0.4536 -> 502.26737 | AC7: =(AA7+AB7)/2 -> 440.1312 | AD7: =((($R7)*($U7/100))*(8.34*($M7/1000000)))*365 -> 109.5876 | AE7: =((($R7)*($V7/100))*(8.34*($M7/1000000)))*365 -> 164.3814 | AF7: =AD7*0.4536 -> 49.708935 | AG7: =AE7*0.4536 -> 74.563403 | AJ7: =ROUND((-0.000006*M7^2+27.458*M7+14583),-3) -> 425000 | AM7: =AJ7*($AA$109/$AA$107) -> 425000 | AN7: 0.85 | AO7: 0 | AR7: =(AM7*(1+$AN$2))+AO7 -> 595000 | AU7: =ROUND((5.4804*M7^0.7616),-3) -> 8000 | AX7: =AU7*($AA$109/$AA$107) -> 8000 | AY7: 0.75 | AZ7: 0.2 | BA7: 0 | BB7: ● Increase cost for pilot study. ● Increase cost for permitting. | BE7: =AR7*(1+$AZ7) -> 714000 | BH7: =AX7*(1+$BA7) -> 8000 | BI7: 20 | BJ7: 178500 | BK7: =IF(($CB$2/BI7)>0,((($CB$2/BI7))*BJ7),0) -> 178500 | BL7: =PV(((1+$BY$2)^BI7)-1,ROUNDUP($CB$2/BI7-1,0),-BJ7,0,0) -> 0 | BM7: =IF((($Y7+$Z7)>0),((($Y7+$Z7)/2)*$CB$2),0) -> 19406.138 | BN7: =BM7*0.4536 -> 8802.624 | BO7: =IF((($AD7+$AE7)>0),((($AD7+$AE7)/2)*$CB$2),0) -> 2739.69 | BP7: =BO7*0.4536 -> 1242.7234 | BQ7: =IF($Q7<$W$122,BM7,(BM7-((BM7/$Q7)*($Q7-$W$122)))) -> 19406.138 | BR7: =IF($Q7<$W$122,BN7,(BN7-((BN7/$Q7)*($Q7-$W$122)))) -> 8802.624 | BS7: =IF($R7<$X$122,BO7,(BO7-((BO7/$R7)*($R7-$X$122)))) -> 2739.69 | BT7: =IF($R7<$X$122,BP7,(BP7-((BP7/$R7)*($R7-$X$122)))) -> 1242.7234 | BU7: =IF((Y7+Z7+AD7+AE7=0),(BE7+PV($BY$2,$CB$2,-BH7,0,0)),"N/A") -> N/A | BV7: =((BE7/12.46)+BH7)/((AA7+AB7)/2) -> 148.37251 | BW7: =IF($BM7>0,(($BE7+$BL7)/$BM7),0) -> 36.792484 | BX7: =IF($BM7>0,((PV($BY$2,$CB$2,-$BH7))/$BM7),0) -> 5.1374305 | BY7: =BW7+BX7 -> 41.929914 | BZ7: =IF($BN7>0,(($BE7+$BL7)/$BN7),0) -> 81.112178 | CA7: =IF($BN7>0,((PV($BY$2,$CB$2,-$BH7))/$BN7),0) -> 11.325905 | CB7: =BZ7+CA7 -> 92.438083 | CC7: =IF($BO7>0,(($BE7+$BL7)/$BO7),0) -> 260.61343 | CD7: =IF($BO7>0,((PV($BY$2,$CB$2,-$BH7))/$BO7),0) -> 36.390133 | CE7: =CC7+CD7 -> 297.00356 | CF7: =IF($BP7>0,(($BE7+$BL7)/$BP7),0) -> 574.54459 | CG7: =IF($BP7>0,((PV($BY$2,$CB$2,-$BH7))/$BP7),0) -> 80.22516 | CH7: =CF7+CG7 -> 654.76975 | CI7: =IF(Z7>0,((BC7+PV($BY$2,$CB$2,-BF7,0,0))/Z7),0) -> 0 | CJ7: =IF(Y7>0,((BD7+PV($BY$2,$CB$2,-BG7,0,0))/Y7),0) -> 0 | CK7: =IF(AE7>0,((BC7+PV($BY$2,$CB$2,-BF7,0,0))/AE7),0) -> 0 | CL7: =IF(AD7>0,((BD7+PV($BY$2,$CB$2,-BG7,0,0))/AD7),0) -> 0 | CM7: =IF($BQ7>0,(($BE7+$BL7)/$BQ7),0) -> 36.792484 | CN7: =IF($BQ7>0,((PV($BY$2,$CB$2,-$BH7))/$BQ7),0) -> 5.1374305 | CO7: =CM7+CN7 -> 41.929914 | CP7: =IF($BR7>0,(($BE7+$BL7)/$BR7),0) -> 81.112178 | CQ7: =IF($BR7>0,((PV($BY$2,$CB$2,-$BH7))/$BR7),0) -> 11.325905 | CR7: =CP7+CQ7 -> 92.438083 | CS7: =IF($BS7>0,(($BE7+$BL7)/$BS7),0) -> 260.61343 | CT7: =IF($BS7>0,((PV($BY$2,$CB$2,-$BH7))/$BS7),0) -> 36.390133 | CU7: =CS7+CT7 -> 297.00356 | CV7: =IF($BT7>0,(($BE7+$BL7)/$BT7),0) -> 574.54459 | CW7: =IF($BT7>0,((PV($BY$2,$CB$2,-$BH7))/$BT7),0) -> 80.22516 | CX7: =CV7+CW7 -> 654.76975 | CY7: ● Collection System ● Wastewater Treatment ● Effluent Disposal ● Solids Collection, Treatment and Disposal | CZ7: Yes | DA7: No | DB7: 1 to 10 | DC7: No | DD7: ● Lower capital and annual O&M cost than tertiary treatment. ● Easy to integrate public recreation amenities. ● Proven Technology. ● Suited for ammonia removal. | DE7: ● Requires larger land area than tertiary treatment. ● Disinfection of wetland influent may be required. ● May require an NPDES permit. ● May require a pilot study, long-term monitoring and reporting. ● Vegetation harvesting may need to be performed periodically. ● May require fencing and security measures. ● May attract water fowl which could only N issue. ● These systems on the Cape may need to be lined to prevent complete infiltration and allow time for N removal rather than just putting N into groundwater. ● May Need storage of effluent during non-growing season. *Systems not designed to remove phosphorus. Phosphorus removal in these smaller systems requires lengthy retention times and/or use of specialized media to increase sorption **Based on 44,000GPD / 2.08 acre total treatment area for Fields of St Croix constructed wetland system in Lake Elmo, MN | DF7: Yes | DG7: Yes | DH7: Yes | DI7: Yes | DJ7: ● Periodic laboratory analysis of influent and effluent for nutrients, microbes, VOCs and other compounds. ● Periodic laboratory analysis of groundwater for nutrients, microbes, VOCs and other compounds. ● Periodic vegetative assessment. | DK7: $10,000 to $15,000 | DL7: ● 2 to 4 | DM7: ● Periodic laboratory analysis of influent and effluent for nutrients, microbes, VOCs and other compounds. ● Periodic laboratory analysis of groundwater for nutrients, microbes, VOCs and other compounds. ● Periodic vegetative assessment. | DN7: $2,500 to $5,000 | DO7: IP | DQ7: LINKS: Constructed Wetlands - Surface Flow | DR7: (1) Average Removal Rate (P 419) and Median Total Nitrogen Removal Rate (P 308), Median Phosphorus Removal Rate (P 378) from Kadlec and Wallace, Treatment Wetlands 2nd Ed., LINK: https://www.sswm.info/sites/default/files/reference_attachments/KADLEC%20WALLACE%202009%20Treatment%20Wetlands%202nd%20Edition_0.pdf (2) Range of wetland costs (P 132-133) and Wastewater effluent concentrations (converted to lbs/gal) data taken from Table 3-1 from Constructed Wetlands Treatment of Municipal Wastewaters. EPA.1999, LINK: http://water.epa.gov/type/wetlands/restore/upload/constructed-wetlands-design-manual.pdf (3) Range of O&M values from Jim Kreissl, Constructed Wetlands Treatment for Nutrient Treatment for Nutrient Reduction, Presentation at POTW Nutrient Reduction and Efficiency Workshop, 2008. LINK: http://www.tetratech-ffx.com/potwconf/pdf/112008_1200_Kreissl.pdf (4) Average Gal./day/acre derived from Table 2. Ogden, Michael. Costs of Constructed Wetland Systems. Prepublication copy for presentation at WEFTEC '98, 1998. LINK: http://www.brownandcaldwell.com/technicalPapersAbstract.asp?TPID=5720 (5) Flow range of 5 precedents evaluated by Offshoots, Inc., June 2013. (6) 1 acre of FWS CTW at 330 gpd = 45-70 homes/acre for Total Nitrogen. Assumptions : Q = 330 gpd (1.25 m3/d); Ci = 20 mg/l (Total N); Ce = 5 mg/l (Total N); k (areal rate constant) = 10-20 m/yr., C* = 1.5 mg/l (background value). Equates to 0.010 to 0.020 acres/330 gpd. (7) Influent Concentrations: (a) For Primary WWTF Effluent assume: (N) =.0004lbs/gal (52.5mg/l), (P)=7.92 × 10-5 lbs/gal (9.5mg/l), and (b) For Secondary WWTF effluent assume: (N)=.0001 lbs/gal (15mg/l), and (P)=2.92 × 10-5 lbs/gal (3.5mg/l). (8) Improving Winter Performance of Constructed Wetlands for Wastewater Treatment in Northern China: A Review, LINK: http://link.springer.com/article/10.1007%2Fs13157-013-0444-7# (9) USEPA Wetlands Subsurface Flow Fact Sheet, LINK: https://19january2017snapshot.epa.gov/sites/production/files/2015-06/documents/wetlands-subsurface_flow.pdf (10) Without the use of water aeration such as Solar Bees, Free Water Surface systems will not typically meet discharge limits for BOD and TSS . However, water aeration augments protozoan, invertebrate, and fish populations which harvest large amounts of algae. estimates/acre. *Systems not designed to remove phosphorus. Phosphorus removal in these smaller systems requires lengthy retention times and/or use of specialized media to increase sorption **Based on 44,000GPD / 2.08 acre total treatment area for Fields of St Croix constructed wetland system in Lake Elmo, MN (11) (11) Calculation Basis for Calculator - For No Collection System - (a) Need to add effluent disposal costs; (b) Use pricing for infiltration basins ($3 to $5/sqft). Average $4/sqft; (c) Metric is gpd; (d) Assumed flow for infiltration basin is approximately 4 gpd/sqft (fine to course sandy soils); and (e) Modify construction costs by adding the following - input flow (gpd) divided by 4 gpd/sqft times $4/sqft. (12) Calculation Basis for Calculator - For Collection System, Treatment and Disposal - (a) Need to add collection, system treatment and effluent disposal costs; (b) Use pricing for infiltration basins ($3 to $5/sqft). Average $4/sqft; (c) Metric is gpd; (d) Assumed flow for infiltration basin is approximately 4 gpd/sqft (fine to course sandy soils); (e) Modify construction costs by adding the following - input flow (gpd) divided by 4 gpd/sqft times $4/sqft (f) • Use pricing for collection system from matrix ($3 to $5/sqft). Average $4/sqft (g) Need equation for size (cost) of collection system based on metric of gpd. Alternative is to use costs from MVP after targeting area to sewer; and (h) Need costs or cost curve to size and cost a primary WWTF. Alternative is to use costs from MVP after targeting area to sewer. | DS7: Requires more data for regulatory approval. Pilot study likely, requiring establishment of baseline water quality and monitoring once pilot project is online. The pilot study results will likely be used to determine the effectiveness and efficiency of the technology before allowing full implementation. Other wetlands type systems (e.g. Ocean Arks) utilizing plants in reactor basins have shown that little of the nutrients are taken up by plants and that the roots and root hairs mimic fixed film reactors thereby providing the bulk of the treatment. In natural wetlands, most of denitrification occurs through anoxic sediments with labile carbon. These are the main conditions that a constructed wetland would have to mimic. It would seem that these should accept secondary treated effluent at a minimum, not primary treatment. The removal rates exceed natural wetlands and therefore would have to be managed carefully to achieve these high removal rates. May required a NPDES discharge permit. Level of pretreatment, particularly is primary treatment sufficient or may require a minimum of secondary treatment. Need storage of effluent during non-growing season. There is a wide range of reported removal rates because efficiency depends on many factors, e.g., carbon availability, DO, fraction N as NO3, loading rate, etc. Review Kadlec for data on systems with similar operating conditions to those proposed rather than just taking an average value. Also, there are some wastewater treatment wetlands used year-round in cold climates and some operating techniques have been developed to improve performance during cold months. The vegetation aren't "filtering" anything but providing substrate and a carbon source. Constructed Wetlands with Free Water Surface for wastewater and stormwater treatment: The projected nitrogen and phosphorus removal contained in the matrix on a percentage basis is higher than may have reported by other parties. Nutrient removal may vary depending on the water depth, temperature, hydraulic residence time, hydro-period (e.g. less light in the winter means plant and algae activity diminishes) and density and type of plant species. Nutrient transformation is also provided by algae and bacteria in addition to the plant uptake mentioned. Shallower water depths may promote greater denitrification. Nutrient removal rate will diminish when system is overloaded, so setting the effluent loading rate is key to providing sustained long term treatment. Having disturbed soils as indicated may not increase hydraulic residence time. Siting in previously disturbed soils requires careful geotechnical investigation. It indicates ideal if parcel intersects with 50 – 100 foot “buffer zone.” I’m not sure if this refers to the 100-foot buffer zone. If the constructed wetland is proposed within the wetland buffer zone, it would require permitting pursuant to Wetland regulations. A setback of at least 50-horizontal feet, if not greater, between the treatment system and a wetland resource area may be advisable to prevent short circuiting of the treatment. Groundwater mound forms under the constructed wetland due to the presence of the permanent pool. This mound will merge with the piezometric surface of the water table. Since nitrates are highly soluble, once they get in the groundwater, they will be able potentially at the speed of the wetting front. The soil in such an instance may serve as main mechanism to slow the nitrate movement. Closer distance to wetland means more nitrates potentially may flow into the wetland more quickly. This would argue for establishing greater wetland setback. Vegetation may need to be harvested on regular basis to provide actual nutrient removal. Otherwise vegetation dieback in winter releases nutrients in constructed treatment wetland. Comments/questions asks “wetland effluent discharged into a water body or used for open space irrigation.” Discharging to wetland resource area requires permitting pursuant to Wetlands regulations. Provided a NPDES individual wastewater authorization is granted, Wetlands issuing authority would have to presume water quality criteria is met and could only review construction related impacts. All wetland resource areas are not equal. Larger systems such as rivers or ocean are able to assimilate greater amounts of nutrients through dilution than smaller wetland systems. Plus the nature of the wetland, coastal or inland is important. To reduce nitrogen effects on coastal wetlands, the treatment system discharge should ideally be directed to 1) recharge, and 2) inland rivers of sufficient size to dilute any nutrients remaining in the effluent. Phosphorus remaining in the effluent is concern for inland rivers, so increasing the hydraulic residence time and disposing the treated effluent via recharge beds would be preferable approach as far as wetlands permitting is concerned. Plus, recharge would assist in maintaining base flows to nearby wetland resource areas.
B8: Constructed Wetlands - Subsurface Flow | D8: 102 | E8: After primary treatment in a septic tank or WWTF or secondary treatment at a WWTF, wastewater is treated by pumping water slowly through subsurface gravel beds where it is filtered through plant root zones and soil media. Water flows 3-8" under the surface to prevent public exposure to wastewater and mosquito breeding. A combination of horizontal and vertical flow subsurface systems must be utilized to provide total nitrogen removal. The reclaimed water is generally discharged into a leach field or similar system for discharge to the groundwater. The reclaimed water can also be discharged into a water body or used for open space irrigation after treatment. However, more strict permitting and water quality standards must be met if not discharging to groundwater. This technology can be used as an alternative to conventional polishing (i.e. mechanical and/or chemical) of secondary and advanced wastewater treatment. This is a source Reduction technology. | F8: Septic Tank Effluent Primary Effluent Secondary Effluent | G8: 20 - 75 mg/L N 4 - 8 mg/L P | H8: Nitrogen Phosphorus Reduce amount of Direct Discharge to Groundwater | I8: ● MassDEP ● Department of Public Works ● Board of Health ● Conservation Commission ● Natural Heritage ● Mass Historical Commission ● US Army Corps or Engineers ● Division of Marine and Fisheries ● US Fish and Wildlife Service ● Building Department ● Land Owner | J8: ● Undeveloped land > 1 Acre. ● Outside all wetlands resource areas. ● Outside 100 year flood hazard zone. ● Groundwater separation - GW depth > 4 feet. ● Not within priority habitat areas. ● Not within protected open space. ● Benefit if site has clay based soils, has disturbed soils, parcel intersects with 50 to 100 foot Buffer zone, has municipal ownership. ● No steep topography. | K8: P 2 - Flow per Home (gpd) AN 2 - Project Cost Factor (%) BU 2 - Discount Rate (% APR) BX 2 - Planning Period (Nper in years) N 8 - Acres Q 97 - Influent Nitrogen Load R 97 - Influent Phosphorus Load | L8: Acres | M8: =N8*16500 -> 16500 | N8: 1 | O8: N/A | P8: =M8/$P$2 -> 103.125 | Q8: 26.25 | R8: =$R$107 -> 6 | S8: =100*(1-40*(1-0.8)/$Q8) -> 69.52381 | T8: =100*(1-40*(1-0.95)/$Q8) -> 92.380952 | U8: 50 | V8: 90 | W8: =($Q$53-($Q$53*(($T$53+$S$53)/2)/100)-(Q8-(Q8*((T8+S8)/2)/100)))/($Q$53-($Q$53*(($T$53+$S$53)/2)/100)) -> 0.80952381 | X8: L | Y8: =((($Q8)*($S8/100))*(8.34*($M8/1000000)))*365 -> 916.65461 | Z8: =((($Q8)*($T8/100))*(8.34*($M8/1000000)))*365 -> 1218.0205 | AA8: =Y8*0.4536 -> 415.79453 | AB8: =Z8*0.4536 -> 552.4941 | AC8: =(AA8+AB8)/2 -> 484.14432 | AD8: =((($R8)*($U8/100))*(8.34*($M8/1000000)))*365 -> 150.68295 | AE8: =((($R8)*($V8/100))*(8.34*($M8/1000000)))*365 -> 271.22931 | AF8: =AD8*0.4536 -> 68.349786 | AG8: =AE8*0.4536 -> 123.02962 | AJ8: =ROUND((-0.000006*M8^2+26.364*M8+16667),-3) -> 450000 | AM8: =AJ8*($AA$109/$AA$107) -> 450000 | AN8: 0.85 | AO8: 0 | AR8: =(AM8*(1+$AN$2))+AO8 -> 630000 | AU8: =ROUND((6.2613*M8^0.747),-3) -> 9000 | AX8: =AU8*($AA$109/$AA$107) -> 9000 | AY8: 0.75 | AZ8: 0.2 | BA8: 0 | BB8: ● Increase cost for pilot study. ● Increase cost for permitting. | BE8: =AR8*(1+$AZ8) -> 756000 | BH8: =AX8*(1+$BA8) -> 9000 | BI8: 20 | BJ8: =BE8*0.25 -> 189000 | BK8: =IF(($CB$2/BI8)>0,((($CB$2/BI8))*BJ8),0) -> 189000 | BL8: =PV(((1+$BY$2)^BI8)-1,ROUNDUP($CB$2/BI8-1,0),-BJ8,0,0) -> 0 | BM8: =IF((($Y8+$Z8)>0),((($Y8+$Z8)/2)*$CB$2),0) -> 21346.751 | BN8: =BM8*0.4536 -> 9682.8864 | BO8: =IF((($AD8+$AE8)>0),((($AD8+$AE8)/2)*$CB$2),0) -> 4219.1226 | BP8: =BO8*0.4536 -> 1913.794 | BQ8: =IF($Q8<$W$122,BM8,(BM8-((BM8/$Q8)*($Q8-$W$122)))) -> 21346.751 | BR8: =IF($Q8<$W$122,BN8,(BN8-((BN8/$Q8)*($Q8-$W$122)))) -> 9682.8864 | BS8: =IF($R8<$X$122,BO8,(BO8-((BO8/$R8)*($R8-$X$122)))) -> 4219.1226 | BT8: =IF($R8<$X$122,BP8,(BP8-((BP8/$R8)*($R8-$X$122)))) -> 1913.794 | BU8: =IF((Y8+Z8+AD8+AE8=0),(BE8+PV($BY$2,$CB$2,-BH8,0,0)),"N/A") -> N/A | BV8: =((BE8/12.46)+BH8)/((AA8+AB8)/2) -> 143.91196 | BW8: =IF($BM8>0,(($BE8+$BL8)/$BM8),0) -> 35.415225 | BX8: =IF($BM8>0,((PV($BY$2,$CB$2,-$BH8))/$BM8),0) -> 5.2541903 | BY8: =BW8+BX8 -> 40.669415 | BZ8: =IF($BN8>0,(($BE8+$BL8)/$BN8),0) -> 78.075893 | CA8: =IF($BN8>0,((PV($BY$2,$CB$2,-$BH8))/$BN8),0) -> 11.583312 | CB8: =BZ8+CA8 -> 89.659205 | CC8: =IF($BO8>0,(($BE8+$BL8)/$BO8),0) -> 179.18417 | CD8: =IF($BO8>0,((PV($BY$2,$CB$2,-$BH8))/$BO8),0) -> 26.583701 | CE8: =CC8+CD8 -> 205.76788 | CF8: =IF($BP8>0,(($BE8+$BL8)/$BP8),0) -> 395.02684 | CG8: =IF($BP8>0,((PV($BY$2,$CB$2,-$BH8))/$BP8),0) -> 58.606042 | CH8: =CF8+CG8 -> 453.63288 | CI8: =IF(Z8>0,((BC8+PV($BY$2,$CB$2,-BF8,0,0))/Z8),0) -> 0 | CJ8: =IF(Y8>0,((BD8+PV($BY$2,$CB$2,-BG8,0,0))/Y8),0) -> 0 | CK8: =IF(AE8>0,((BC8+PV($BY$2,$CB$2,-BF8,0,0))/AE8),0) -> 0 | CL8: =IF(AD8>0,((BD8+PV($BY$2,$CB$2,-BG8,0,0))/AD8),0) -> 0 | CM8: =IF($BQ8>0,(($BE8+$BL8)/$BQ8),0) -> 35.415225 | CN8: =IF($BQ8>0,((PV($BY$2,$CB$2,-$BH8))/$BQ8),0) -> 5.2541903 | CO8: =CM8+CN8 -> 40.669415 | CP8: =IF($BR8>0,(($BE8+$BL8)/$BR8),0) -> 78.075893 | CQ8: =IF($BR8>0,((PV($BY$2,$CB$2,-$BH8))/$BR8),0) -> 11.583312 | CR8: =CP8+CQ8 -> 89.659205 | CS8: =IF($BS8>0,(($BE8+$BL8)/$BS8),0) -> 179.18417 | CT8: =IF($BS8>0,((PV($BY$2,$CB$2,-$BH8))/$BS8),0) -> 26.583701 | CU8: =CS8+CT8 -> 205.76788 | CV8: =IF($BT8>0,(($BE8+$BL8)/$BT8),0) -> 395.02684 | CW8: =IF($BT8>0,((PV($BY$2,$CB$2,-$BH8))/$BT8),0) -> 58.606042 | CX8: =CV8+CW8 -> 453.63288 | CY8: ● Collection System ● Wastewater Treatment ● Effluent Disposal ● Solids Collection, Treatment and Disposal | CZ8: Yes | DA8: No | DB8: 1 to 10 | DC8: No | DD8: ● Very efficient and requires less land area than Free Water Surface wetlands. ● Water stays below surface so may not require disinfection. ● Lower capital and annual O&M cost than secondary and tertiary treatment. ● Easy to integrate public recreation amenities. ● Proven Technology. ● Suited for nitrate and nitrate removal | DE8: ● Higher maintenance in first few years. ● May require carbon source initially. ● Can become clogged over time. Phosphorous removal may decline over time. ● May require fencing and security measures. ● May attract water fowl which could aggravate N issue. ● In addition, on the Cape, these systems may need to be lined to prevent complete infiltration and allow time for N removal rather than just putting N into groundwater. | DF8: Yes | DG8: Yes | DH8: Yes | DI8: Yes | DJ8: ● Periodic laboratory analysis of influent and effluent for nutrients, microbes, VOCs and other compounds. ● Periodic laboratory analysis of groundwater for nutrients, microbes, VOCs and other compounds. ● Periodic vegetative assessment. | DK8: $10,000 to $15,000 | DL8: ● 2 to 4 | DM8: ● Periodic laboratory analysis of influent and effluent for nutrients, microbes, VOCs and other compounds. ● Periodic laboratory analysis of groundwater for nutrients, microbes, VOCs and other compounds. ● Periodic vegetative assessment. | DN8: $2,500 to $5,000 | DO8: IP | DQ8: LINKS: Constructed Wetlands - Subsurface Flow | DR8: (1).Average Removal Efficiency (P 417) and Median Total Nitrogen Removal Rate (P 309) from Kadlec and Wallace. Treatment Wetlands, 2nd Ed., LINK: https://www.sswm.info/sites/default/files/reference_attachments/KADLEC%20WALLACE%202009%20Treatment%20Wetlands%202nd%20Edition_0.pdf (2) Range of cost and O&M values adjusted for inflation from Jim Kreissl, Constructed Wetlands Treatment for Nutrient Treatment for Nutrient Reduction, Presentation at POTW Nutrient Reduction and Efficiency Workshop, 2008. LINK: http://www.tetratech-ffx.com/potwconf/pdf/112008_1200_Kreissl.pdf (3) Average Removal Rate from Vymazal Jan. Removal of Phosphorus in Constructed Wetlands with Horizontal Sub-Surface Flow in the Czech Republic. Water, Air and Soil Pollution: Focus. June 2004, Volume 4, Issue 2-3, pp. 657-670. LINK: https://link.springer.com/article/10.1023/B:WAFO.0000028385.63075.51 (4) Gal./day/acre Value averaged from Table 6. Ogden, Michael. Costs of Constructed Wetland Systems. Prepublication copy for presentation at WEFTEC '98, 1998. LINK: http://www.brownandcaldwell.com/technicalPapersAbstract.asp?TPID=5720 (5) Data on Phosphorus removal from Subsurface flow wetlands is highly varied and dependent on retention time and media used. This value is calculated at 50% of the phosphorus removal rate of a FWS constructed wetland system. (6) 1 acre of SSF CTW will treat 50-75 homes/acre Total Nitrogen at 330 gpd. Assumptions: Q= 330 gpd (1.25 mg/l); Ci = 20 mg/l; Ce = 5 mg/l (TN), k (areal removal rate constant): 4-15 m/yr. C* = 0 mg/l (background). Equates to 0.015 to 0.025 acres/330 gpd. (7) USEPA Wetlands Subsurface Flow Fact Sheet, LINK: https://19january2017snapshot.epa.gov/sites/production/files/2015-06/documents/wetlands-subsurface_flow.pdf | DS8: Requires more data for regulatory approval. Pilot study likely, requiring establishment of baseline water quality and monitoring once pilot project is online. The pilot study results will likely be used to determine the effectiveness and efficiency of the technology before allowing full implementation. Other wetlands type systems (e.g. Ocean Arks) utilizing plants in reactor basins have shown that little of the nutrients are taken up by plants and that the roots and root hairs mimic fixed film reactors thereby providing the bulk of the treatment. In natural wetlands, most of denitrification occurs through anoxic sediments with labile carbon. These are the main conditions that a constructed wetland would have to mimic. It would seem that these should accept secondary treated effluent at a minimum, not primary treatment. The removal rates exceed natural wetlands and therefore would have to be managed carefully to achieve these high removal rates. Wetland effluent discharged into a leach field or similar system: (a) Systems not designed to remove phosphorus. Phosphorus removal in these smaller systems requires lengthy retention times and/or use of specialized media to increase sorption; and (b) Based on 44,000GPD / 2.08 acre total treatment area for Fields of St Croix constructed wetland system in Lake Elmo, MN.
B9: Constructed Wetlands - Groundwater Treatment | D9: 103 | E9: After collecting groundwater with higher nitrogen concentrations, groundwater is treated by pumping water slowly through subsurface gravel beds where it is filtered through plant root zones and soil media. Water flows 3" to 8" under the surface to prevent public exposure to wastewater and mosquito breeding. A combination of horizontal and vertical flow subsurface systems must be utilized to provide total nitrogen removal. These systems occasionally use additional treatment steps to remove nutrients from wastewater. The preferred disposal method is an infiltrator chamber system similar to a leach field but larger in size and designed for overflows. The reclaimed water is generally discharged into a leach field or similar system for discharge to the groundwater. The reclaimed water can also be discharged into a water body or used for open space irrigation after treatment. However, more strict permitting and water quality standards must be met if not discharging to groundwater. This is a groundwater Remediation technology. | F9: Groundwater | G9: 3 - 35 mg/L N 1 - 5 mg/L P | H9: Nitrogen Phosphorus Reduce amount of Direct Discharge to Groundwater | I9: ● MassDEP ● Department of Public Works ● Board of Health ● Conservation Commission ● Natural Heritage ● Mass Historical Commission ● US Army Corps or Engineers ● Division of Marine and Fisheries ● US Fish and Wildlife Service ● Building Department ● Land Owner | J9: ● Undeveloped land > 1 Acre. ● Outside all wetlands resource areas. ● Outside 100 year flood hazard zone. ● Groundwater separation - GW depth > 4 feet. ● Not within priority habitat areas. ● Not within protected open space. ● Benefit if site has clay based soils, has disturbed soils, parcel intersects with 50 to 100 foot Buffer zone, has municipal ownership. ● No steep topography. | K9: P 2 - Flow per Home (gpd) AN 2 - Project Cost Factor (%) BU 2 - Discount Rate (% APR) BX 2 - Planning Period (Nper in years) N 9 - Acres T 97 - Influent Nitrogen Load U 97 - Influent Phosphorus Load | L9: Acres | M9: =N9*16500 -> 16500 | N9: 1 | P9: =M9/$P$2 -> 103.125 | Q9: =T107 -> 6 | R9: =$R$107 -> 6 | S9: 85 | T9: 95 | U9: 50 | V9: 90 | W9: =($Q$53-($Q$53*(($T$53+$S$53)/2)/100)-(Q9-(Q9*((T9+S9)/2)/100)))/($Q$53-($Q$53*(($T$53+$S$53)/2)/100)) -> 0.97714286 | X9: L | Y9: =((($Q9)*($S9/100))*(8.34*($M9/1000000)))*365 -> 256.16101 | Z9: =((($Q9)*($T9/100))*(8.34*($M9/1000000)))*365 -> 286.2976 | AA9: =Y9*0.4536 -> 116.19464 | AB9: =Z9*0.4536 -> 129.86459 | AC9: =(AA9+AB9)/2 -> 123.02962 | AD9: =((($R9)*($U9/100))*(8.34*($M9/1000000)))*365 -> 150.68295 | AE9: =((($R9)*($V9/100))*(8.34*($M9/1000000)))*365 -> 271.22931 | AF9: =AD9*0.4536 -> 68.349786 | AG9: =AE9*0.4536 -> 123.02962 | AH9: 150000 | AI9: 300000 | AJ9: =(AH9+AI9)/2 -> 225000 | AK9: =AH9*($AA$109/$AA$107) -> 150000 | AL9: =AI9*($AA$109/$AA$107) -> 300000 | AM9: =AJ9*($AA$109/$AA$107) -> 225000 | AN9: 0.85 | AO9: 250000 | AP9: =(AK9*(1+$AN$2))+AO9 -> 460000 | AQ9: =(AL9*(1+$AN$2))+AO9 -> 670000 | AR9: =(AP9+AQ9)/2 -> 565000 | AS9: 5000 | AT9: 10000 | AU9: =(AS9+AT9)/2 -> 7500 | AV9: =AS9*($AA$109/$AA$107) -> 5000 | AW9: =AT9*($AA$109/$AA$107) -> 10000 | AX9: =AU9*($AA$109/$AA$107) -> 7500 | AY9: 0.75 | AZ9: 0.2 | BA9: 0 | BB9: ● Increase cost for pilot study. ● Increase cost for permitting. | BC9: =AP9*(1+$AZ9) -> 552000 | BD9: =AQ9*(1+$AZ9) -> 804000 | BE9: =AR9*(1+$AZ9) -> 678000 | BF9: =AV9*(1+$BA9) -> 5000 | BG9: =AW9*(1+$BA9) -> 10000 | BH9: =AX9*(1+$BA9) -> 7500 | BI9: 20 | BJ9: =BE9*0.25 -> 169500 | BK9: =IF(($CB$2/BI9)>0,((($CB$2/BI9))*BJ9),0) -> 169500 | BL9: =PV(((1+$BY$2)^BI9)-1,ROUNDUP($CB$2/BI9-1,0),-BJ9,0,0) -> 0 | BM9: =IF((($Y9+$Z9)>0),((($Y9+$Z9)/2)*$CB$2),0) -> 5424.5862 | BN9: =BM9*0.4536 -> 2460.5923 | BO9: =IF((($AD9+$AE9)>0),((($AD9+$AE9)/2)*$CB$2),0) -> 4219.1226 | BP9: =BO9*0.4536 -> 1913.794 | BQ9: =IF($Q9<$W$122,BM9,(BM9-((BM9/$Q9)*($Q9-$W$122)))) -> 5424.5862 | BR9: =IF($Q9<$W$122,BN9,(BN9-((BN9/$Q9)*($Q9-$W$122)))) -> 2460.5923 | BS9: =IF($R9<$X$122,BO9,(BO9-((BO9/$R9)*($R9-$X$122)))) -> 4219.1226 | BT9: =IF($R9<$X$122,BP9,(BP9-((BP9/$R9)*($R9-$X$122)))) -> 1913.794 | BU9: =IF((Y9+Z9+AD9+AE9=0),(BE9+PV($BY$2,$CB$2,-BH9,0,0)),"N/A") -> N/A | BV9: =((BE9/12.46)+BH9)/((AA9+AB9)/2) -> 503.2457 | BW9: =IF($BM9>0,(($BE9+$BL9)/$BM9),0) -> 124.98649 | BX9: =IF($BM9>0,((PV($BY$2,$CB$2,-$BH9))/$BM9),0) -> 17.230176 | BY9: =BW9+BX9 -> 142.21667 | BZ9: =IF($BN9>0,(($BE9+$BL9)/$BN9),0) -> 275.54341 | CA9: =IF($BN9>0,((PV($BY$2,$CB$2,-$BH9))/$BN9),0) -> 37.985398 | CB9: =BZ9+CA9 -> 313.52881 | CC9: =IF($BO9>0,(($BE9+$BL9)/$BO9),0) -> 160.69692 | CD9: =IF($BO9>0,((PV($BY$2,$CB$2,-$BH9))/$BO9),0) -> 22.153084 | CE9: =CC9+CD9 -> 182.85 | CF9: =IF($BP9>0,(($BE9+$BL9)/$BP9),0) -> 354.2701 | CG9: =IF($BP9>0,((PV($BY$2,$CB$2,-$BH9))/$BP9),0) -> 48.838369 | CH9: =CF9+CG9 -> 403.10847 | CI9: =IF(Z9>0,((BC9+PV($BY$2,$CB$2,-BF9,0,0))/Z9),0) -> 2145.708 | CJ9: =IF(Y9>0,((BD9+PV($BY$2,$CB$2,-BG9,0,0))/Y9),0) -> 3625.15 | CK9: =IF(AE9>0,((BC9+PV($BY$2,$CB$2,-BF9,0,0))/AE9),0) -> 2264.914 | CL9: =IF(AD9>0,((BD9+PV($BY$2,$CB$2,-BG9,0,0))/AD9),0) -> 6162.755 | CM9: =IF($BQ9>0,(($BE9+$BL9)/$BQ9),0) -> 124.98649 | CN9: =IF($BQ9>0,((PV($BY$2,$CB$2,-$BH9))/$BQ9),0) -> 17.230176 | CO9: =CM9+CN9 -> 142.21667 | CP9: =IF($BR9>0,(($BE9+$BL9)/$BR9),0) -> 275.54341 | CQ9: =IF($BR9>0,((PV($BY$2,$CB$2,-$BH9))/$BR9),0) -> 37.985398 | CR9: =CP9+CQ9 -> 313.52881 | CS9: =IF($BS9>0,(($BE9+$BL9)/$BS9),0) -> 160.69692 | CT9: =IF($BS9>0,((PV($BY$2,$CB$2,-$BH9))/$BS9),0) -> 22.153084 | CU9: =CS9+CT9 -> 182.85 | CV9: =IF($BT9>0,(($BE9+$BL9)/$BT9),0) -> 354.2701 | CW9: =IF($BT9>0,((PV($BY$2,$CB$2,-$BH9))/$BT9),0) -> 48.838369 | CX9: =CV9+CW9 -> 403.10847 | CY9: ● Collection System ● Wastewater Treatment ● Effluent Disposal ● Solids Collection, Treatment and Disposal | CZ9: Yes | DA9: No | DB9: 1 to 10 | DC9: No | DD9: ● Highly scalable and customizable. ● Lower capital and annual O&M cost than secondary and tertiary treatment. ● Easy to integrate public recreation amenities. ● Proven Technology. ● Suited for nitrate and nitrite removal | DE9: ● Higher maintenance in first few years. ● May require carbon source initially. ● Can become clogged over time. Phosphorous removal may decline over time. ● May require fencing and security measures. ● May attract water fowl which could aggravate N issue. ● In addition, on the Cape, these systems may need to be lined to prevent complete infiltration and allow time for N removal rather than just putting N into groundwater. | DF9: Yes | DG9: Yes | DH9: Yes | DI9: Yes | DJ9: ● Periodic laboratory analysis of influent and effluent for nutrients, microbes, VOCs and other compounds. ● Periodic laboratory analysis of groundwater for nutrients, microbes, VOCs and other compounds. ● Periodic vegetative assessment. | DK9: $10,000 to $15,000 | DL9: ● 2 to 4 | DM9: ● Periodic laboratory analysis of influent and effluent for nutrients, microbes, VOCs and other compounds. ● Periodic laboratory analysis of groundwater for nutrients, microbes, VOCs and other compounds. ● Periodic vegetative assessment. | DN9: $2,500 to $5,000 | DO9: IP | DQ9: LINKS: Constructed Wetlands - Groundwater Treatment | DR9: (1) Removal efficiency based on Fields of St. Croix constructed wetland project. Data provided by Bruce Douglas of Natural Systems Utilities. 2012. Interview. (2) Median Total Nitrogen Removal Rate from Kadlec and Wallace. Treatment Wetlands 2nd Ed. (p 309). LINK: https://www.sswm.info/sites/default/files/reference_attachments/KADLEC%20WALLACE%202009%20Treatment%20Wetlands%202nd%20Edition_0.pdf (3) Capital costs of Fields of St. Croix constructed wetlands system derived by multiplying number of homes connected to system (133) by capital cost per connection ($5524) to derive total capital cost (731,159). This number was then divided by the total treatment area of the project (2.08 acres) to give $351,519/acre which was adjusted for inflation. Data derived from Table 2. Costs for Cluster Wastewater Systems. Scott. D Wallace and Dennis F. Hallahan. Proceedings of the 2005 National Onsite Wastewater Recycling Assoc. National Conference. (4) O&M costs derived by multiplying monthly service charge per connection by total number of connections for the Fields of St. Croix project. The result was then divided by the total treatment area of the project (2.08 acres). Table 3. Costs for Cluster Wastewater Systems. Scott. D Wallace and Dennis F. Hallahan. Proceedings of the 2005 National Onsite Wastewater Recycling Assoc. National Conference. (5) Wastewater effluent concentrations converted to lbs/gal. Data taken from Table 3-1. Constructed Wetlands Treatment of Municipal Wastewaters. EPA. 1999. (6) Costs per connection were extrapolated based on total number of connections to derive capital cost. Capital costs were then divided by design flow (GPD) for each project to derive $/Gal. Data from Tables 2 and 3. Costs for Cluster Wastewater Systems. Scott. D Wallace and Dennis F. Hallahan. Proceedings of the 2005 National Onsite Wastewater Recycling Assoc. National Conference. (7) Monthly service charge costs were multiplied by number of homes connected to system and then by 12 to determine yearly service charge. This product was then divided by design flow to derive $/gal/yr. However, this is the cost to users, not necessarily the O&M cost, cause it includes $ paid by users for future necessary replacements. Data from Tables 2, 3 and 4. Costs for Cluster Wastewater Systems. Scott. D Wallace and Dennis F. Hallahan. Proceedings of the 2005 National Onsite Wastewater Recycling Assoc. National Conference. (8) Flow range of 3 precedents evaluated by Offshoots, Inc., June 2013. (9) 1 acre of SSF CTW will treat 50-75 homes/acre Total Nitrogen at 330 gpd. Assumptions: Q= 330 gpd (1.25 mg/l); Ci = 20 mg/l; Ce = 5 mg/l (TN), k (areal removal rate constant): 4-15 m/yr. C* = 0 mg/l (background). Equates to 0.015 to 0.025 acres/330 gpd. (10) USEPA Wetlands Subsurface Flow Fact Sheet, LINK: https://19january2017snapshot.epa.gov/sites/production/files/2015-06/documents/wetlands-subsurface_flow.pdf | DS9: Requires more data for regulatory approval. Pilot study likely, requiring establishment of baseline water quality and monitoring once pilot project is online. The pilot study results will likely be used to determine the effectiveness and efficiency of the technology before allowing full implementation. Other wetlands type systems (e.g. Ocean Arks) utilizing plants in reactor basins have shown that little of the nutrients are taken up by plants and that the roots and root hairs mimic fixed film reactors thereby providing the bulk of the treatment. In natural wetlands, most of denitrification occurs through anoxic sediments with labile carbon. These are the main conditions that a constructed wetland would have to mimic. It would seem that these should accept secondary treated effluent at a minimum, not primary treatment. The removal rates exceed natural wetlands and therefore would have to be managed carefully to achieve these high removal rates. For flows up to 10,000 gpd proposes only septic tank pretreatment. Regardless of the level of treatment, how would this be effective during the non-growing season since unless some type of storage is required, but doubtful whether these smaller type developments would have the available land. UNH stormwater center research shows high NO3-N and TP removal rates. Establishing setback to wetland resource areas important to reduce nitrogen movement through groundwater mound to wetland. Comments/questions asks “wetland effluent discharged into a water body or used for open space irrigation.” Wetlands Program would prefer recharge of the treated effluent as disposal mechanism. Discharge to inland rivers of sufficient size to promote dilution would be second choice.
B10: Hydroponic Treatment | D10: 104 | E10: Hydroponic treatment and Photo Bioreactors (PBRs - Clears) are natural systems that treat septic tank effluent or primarily treated wastewater. With Hydroponic Treatment, aeration and clarification chambers are combined with constructed wetlands to treat the influent. The wetlands are a series of chambers allowing for microbial communities to engage with and treat the wastewater. Plants are often suspended on racks with their root systems doing the work. Solids removal is generally onsite, after which water is pumped through the gravel filled cells (similar to subsurface wetlands.) This process transfers more oxygen to the wastewater and completes the pollutant removal process. The wetland effluent can be discharged into a water body or used for open space irrigation after treatment. The wetland effluent can also be discharged into a leach field or similar system for discharge to the groundwater. This technology can also be used for wastewater treatment with primary, secondary, or advanced effluent generally for flows less than 500,000 gpd. This is a source Reduction technology. | F10: Raw Sewage Septic Tank Effluent Primary Effluent | G10: 20 - 75 mg/L N 4 - 8 mg/L P | H10: Nitrogen Phosphorus | I10: ● MassDEP ● Department of Public Works ● Board of Health ● Conservation Commission ● Natural Heritage ● Mass Historical Commission ● US Army Corps or Engineers ● Division of Marine and Fisheries ● US Fish and Wildlife Service ● Building Department ● Land Owner | J10: ● Adjacent to housing and development. | K10: P 2 - Flow per Home (gpd) AN 2 - Project Cost Factor (%) BU 2 - Discount Rate (% APR) BX 2 - Planning Period (Nper in years) M 10 - Flow (gpd) T 113 - Influent Nitrogen Load U 113 - Influent Phosphorus Load | L10: Each | M10: 10000 | N10: N/A | O10: N/A | P10: =M10/$P$2 -> 62.5 | Q10: 26.25 | R10: =U107 -> 1 | S10: =100*(1-40*(1-0.58)/$Q10) -> 36 | T10: =100*(1-40*(1-0.98)/$Q10) -> 96.952381 | U10: 25 | V10: 75 | W10: =($Q$53-($Q$53*(($T$53+$S$53)/2)/100)-(Q10-(Q10*((T10+S10)/2)/100)))/($Q$53-($Q$53*(($T$53+$S$53)/2)/100)) -> 0.6647619 | X10: L | Y10: =((($Q10)*($S10/100))*(8.34*($M10/1000000)))*365 -> 287.66745 | Z10: =((($Q10)*($T10/100))*(8.34*($M10/1000000)))*365 -> 774.72345 | AA10: =Y10*0.4536 -> 130.48596 | AB10: =Z10*0.4536 -> 351.41456 | AC10: =(AA10+AB10)/2 -> 240.95026 | AD10: =((($R10)*($U10/100))*(8.34*($M10/1000000)))*365 -> 7.61025 | AE10: =((($R10)*($V10/100))*(8.34*($M10/1000000)))*365 -> 22.83075 | AF10: =AD10*0.4536 -> 3.4520094 | AG10: =AE10*0.4536 -> 10.356028 | AH10: 800000 | AI10: 1000000 | AJ10: =(AH10+AI10)/2 -> 900000 | AK10: =AH10*($AA$109/$AA$107) -> 800000 | AL10: =AI10*($AA$109/$AA$107) -> 1000000 | AM10: =AJ10*($AA$109/$AA$107) -> 900000 | AN10: 0.45 | AO10: =$AA$121 -> 250000 | AP10: =(AK10*(1+$AN$2))+AO10 -> 1370000 | AQ10: =(AL10*(1+$AN$2))+AO10 -> 1650000 | AR10: =(AP10+AQ10)/2 -> 1510000 | AS10: 450000 | AT10: 550000 | AU10: =(AS10+AT10)/2 -> 500000 | AV10: =AS10*($AA$109/$AA$107) -> 450000 | AW10: =AT10*($AA$109/$AA$107) -> 550000 | AX10: =AU10*($AA$109/$AA$107) -> 500000 | AY10: 0.5 | AZ10: 0.1 | BA10: 0 | BB10: ● Increase cost for permitting. | BC10: =AP10*(1+$AZ10) -> 1507000 | BD10: =AQ10*(1+$AZ10) -> 1815000 | BE10: =AR10*(1+$AZ10) -> 1661000 | BF10: =AV10*(1+$BA10) -> 450000 | BG10: =AW10*(1+$BA10) -> 550000 | BH10: =AX10*(1+$BA10) -> 500000 | BI10: 10 | BJ10: =BE10*0.25 -> 415250 | BK10: =IF(($CB$2/BI10)>0,((($CB$2/BI10))*BJ10),0) -> 830500 | BL10: =PV(((1+$BY$2)^BI10)-1,ROUNDUP($CB$2/BI10-1,0),-BJ10,0,0) -> 254927.48 | BM10: =IF((($Y10+$Z10)>0),((($Y10+$Z10)/2)*$CB$2),0) -> 10623.909 | BN10: =BM10*0.4536 -> 4819.0051 | BO10: =IF((($AD10+$AE10)>0),((($AD10+$AE10)/2)*$CB$2),0) -> 304.41 | BP10: =BO10*0.4536 -> 138.08038 | BQ10: =IF($Q10<$W$122,BM10,(BM10-((BM10/$Q10)*($Q10-$W$122)))) -> 10623.909 | BR10: =IF($Q10<$W$122,BN10,(BN10-((BN10/$Q10)*($Q10-$W$122)))) -> 4819.0051 | BS10: =IF($R10<$X$122,BO10,(BO10-((BO10/$R10)*($R10-$X$122)))) -> 304.41 | BT10: =IF($R10<$X$122,BP10,(BP10-((BP10/$R10)*($R10-$X$122)))) -> 138.08038 | BU10: =IF((Y10+Z10+AD10+AE10=0),(BE10+PV($BY$2,$CB$2,-BH10,0,0)),"N/A") -> N/A | BV10: =((BE10/12.46)+BH10)/((AA10+AB10)/2) -> 2628.3706 | BW10: =IF($BM10>0,(($BE10+$BL10)/$BM10),0) -> 180.3411 | BX10: =IF($BM10>0,((PV($BY$2,$CB$2,-$BH10))/$BM10),0) -> 586.51718 | BY10: =BW10+BX10 -> 766.85829 | BZ10: =IF($BN10>0,(($BE10+$BL10)/$BN10),0) -> 397.57739 | CA10: =IF($BN10>0,((PV($BY$2,$CB$2,-$BH10))/$BN10),0) -> 1293.0273 | CB10: =BZ10+CA10 -> 1690.6047 | CC10: =IF($BO10>0,(($BE10+$BL10)/$BO10),0) -> 6293.9045 | CD10: =IF($BO10>0,((PV($BY$2,$CB$2,-$BH10))/$BO10),0) -> 20469.45 | CE10: =CC10+CD10 -> 26763.354 | CF10: =IF($BP10>0,(($BE10+$BL10)/$BP10),0) -> 13875.451 | CG10: =IF($BP10>0,((PV($BY$2,$CB$2,-$BH10))/$BP10),0) -> 45126.653 | CH10: =CF10+CG10 -> 59002.104 | CI10: =IF(Z10>0,((BC10+PV($BY$2,$CB$2,-BF10,0,0))/Z10),0) -> 9183.9154 | CJ10: =IF(Y10>0,((BD10+PV($BY$2,$CB$2,-BG10,0,0))/Y10),0) -> 30136.241 | CK10: =IF(AE10>0,((BC10+PV($BY$2,$CB$2,-BF10,0,0))/AE10),0) -> 311640.86 | CL10: =IF(AD10>0,((BD10+PV($BY$2,$CB$2,-BG10,0,0))/AD10),0) -> 1139149.9 | CM10: =IF($BQ10>0,(($BE10+$BL10)/$BQ10),0) -> 180.3411 | CN10: =IF($BQ10>0,((PV($BY$2,$CB$2,-$BH10))/$BQ10),0) -> 586.51718 | CO10: =CM10+CN10 -> 766.85829 | CP10: =IF($BR10>0,(($BE10+$BL10)/$BR10),0) -> 397.57739 | CQ10: =IF($BR10>0,((PV($BY$2,$CB$2,-$BH10))/$BR10),0) -> 1293.0273 | CR10: =CP10+CQ10 -> 1690.6047 | CS10: =IF($BS10>0,(($BE10+$BL10)/$BS10),0) -> 6293.9045 | CT10: =IF($BS10>0,((PV($BY$2,$CB$2,-$BH10))/$BS10),0) -> 20469.45 | CU10: =CS10+CT10 -> 26763.354 | CV10: =IF($BT10>0,(($BE10+$BL10)/$BT10),0) -> 13875.451 | CW10: =IF($BT10>0,((PV($BY$2,$CB$2,-$BH10))/$BT10),0) -> 45126.653 | CX10: =CV10+CW10 -> 59002.104 | CY10: ● Collection System ● Effluent Disposal ● Solids Collection, Treatment and Disposal | CZ10: Yes | DA10: No | DB10: 1 to 10 | DC10: Yes | DD10: ● Compact size with high nutrient removal efficiencies. | DE10: ● Require high energy and maintenance costs as these systems are generally constructed in greenhouses. ● Low phosphorus removal rates. | DF10: Yes | DG10: Yes | DH10: Unknown | DI10: Yes | DJ10: ● Periodic laboratory analysis of influent and effluent for nutrients, microbes, VOCs and other compounds. ● Periodic laboratory analysis of groundwater for nutrients, microbes, VOCs and other compounds. ● Periodic vegetative assessment. | DK10: $10,000 to $15,000 | DL10: ● 2 to 4 | DM10: ● Periodic laboratory analysis of influent and effluent for nutrients, microbes, VOCs and other compounds. ● Periodic laboratory analysis of groundwater for nutrients, microbes, VOCs and other compounds. ● Periodic vegetative assessment. | DN10: $2,500 to $5,000 | DO10: IP | DQ10: LINKS: Hydroponic Treatment | DR10: (1) Range of summary denitrification numbers provided by John Todd Ecological Design. LINK: http://www.toddecological.com/index.php?id=projects (2) Cost/gallon averaged from 3 living machine projects. EPA. Wastewater Technology Fact Sheet: Living Machines. 2002, LINK: https://19january2017snapshot.epa.gov/www3/npdes/www3/pubs/living_machine.pdf (3) Averaged mass reduction based on Nitrogen influent-effluent numbers provided for 4 Eco-machine projects and 890,000 gal/27,000 sq. ft. facility size provided by Todd Ecological Design. (4) Data based on 890,000 gal/day facility requiring 27,000 sq.ft (0.61 acres) by John Todd Ecological Design. (5) Data derived from South Burlington Living machine data only - 80,000 gpd system removed 5548 lbs of nitrogen/day at a capital cost of $1.7 million dollars, 0.14 acre site cost $70,625 to run annually, $70,625 annual O&M cost / 5,548 lbs of N removed / year, LINK: http://www.toddecological.com/data/uploads/casestudies/jtedcasestudy_southburlington.pdf (6) From Eco-Cities to Living Machines: Principles of Ecological Design, 1994, ISBN Paperback 9781556431500, LINK: https://www.northatlanticbooks.com/shop/from-eco-cities-to-living-machines/ | DS10: Past experience with these types of systems have required conventional denitrification filters on the back end to achieve desired TN limits. Also, energy costs are high since these are usually built in some type of greenhouse and need to maintain year round growing temperature and light conditions.
B11: Phytoirrigation | D11: 105 | E11: After secondary treatment, WWTF effluent is irrigated onto plants to remove nutrients and other contaminants. Fast growing poplar and willow trees are typically used. Phytoirrigation requires periodic maintenance and removal of the vegetation being irrigated. This is a source Reduction technology. | F11: Secondary Effluent Advanced Effluent | G11: 10 - 30 mg/L N 3 - 6 mg/L P | H11: Nitrogen Phosphorus | I11: ● MassDEP ● Department of Public Works ● Board of Health ● Conservation Commission ● Natural Heritage ● Mass Historical Commission ● US Army Corps or Engineers ● Division of Marine and Fisheries ● US Fish and Wildlife Service ● Building Department ● Land Owner | J11: ● Undeveloped open land > 1 acre. ● GW depth > 4 feet. ● Permeable soils. ● Outside all wetlands resource areas. ● Outside 100 year flood hazard zone. | K11: P 2 - Flow per Home (gpd) AN 2 - Project Cost Factor (%) BU 2 - Discount Rate (% APR) BX 2 - Planning Period (Nper in years) N 11 - Acres Q 100 - Influent Nitrogen Load R 100- Influent Phosphorus Load | L11: Acres | M11: =N11*1200 -> 1200 | N11: 1 | O11: N/A | P11: =M11/$P$2 -> 7.5 | Q11: 6 | R11: =$R$110 -> 2 | S11: 50 | T11: 75 | U11: 50 | V11: 75 | W11: =($Q$53-($Q$53*(($T$53+$S$53)/2)/100)-(Q11-(Q11*((T11+S11)/2)/100)))/($Q$53-($Q$53*(($T$53+$S$53)/2)/100)) -> 0.91428571 | X11: L | Y11: =((($Q11)*($S11/100))*(8.34*($M11/1000000)))*365 -> 10.95876 | Z11: =((($Q11)*($T11/100))*(8.34*($M11/1000000)))*365 -> 16.43814 | AA11: =Y11*0.4536 -> 4.9708935 | AB11: =Z11*0.4536 -> 7.4563403 | AC11: =(AA11+AB11)/2 -> 6.2136169 | AD11: =((($R11)*($U11/100))*(8.34*($M11/1000000)))*365 -> 3.65292 | AE11: =((($R11)*($V11/100))*(8.34*($M11/1000000)))*365 -> 5.47938 | AF11: =AD11*0.4536 -> 1.6569645 | AG11: =AE11*0.4536 -> 2.4854468 | AH11: 25000 | AI11: 50000 | AJ11: =(AH11+AI11)/2 -> 37500 | AK11: =AH11*($AA$109/$AA$107) -> 25000 | AL11: =AI11*($AA$109/$AA$107) -> 50000 | AM11: =AJ11*($AA$109/$AA$107) -> 37500 | AN11: 0.6 | AO11: 250000 | AP11: =(AK11*(1+$AN$2))+AO11 -> 285000 | AQ11: =(AL11*(1+$AN$2))+AO11 -> 320000 | AR11: =(AP11+AQ11)/2 -> 302500 | AS11: 5000 | AT11: 15000 | AU11: =(AS11+AT11)/2 -> 10000 | AV11: =AS11*($AA$109/$AA$107) -> 5000 | AW11: =AT11*($AA$109/$AA$107) -> 15000 | AX11: =AU11*($AA$109/$AA$107) -> 10000 | AY11: 0.5 | AZ11: 0.2 | BA11: 0.1 | BB11: ● Increase cost for pilot study. ● Increase cost for permitting. ● Increase cost for local oversight/management. ● May require storage or alternate disposal when unable to irrigate. | BC11: =AP11*(1+$AZ11) -> 342000 | BD11: =AQ11*(1+$AZ11) -> 384000 | BE11: =AR11*(1+$AZ11) -> 363000 | BF11: =AV11*(1+$AZ11) -> 6000 | BG11: =AW11*(1+$AZ11) -> 18000 | BH11: =AX11*(1+$BA11) -> 11000 | BI11: 10 | BJ11: =BE11*0.25 -> 90750 | BK11: =IF(($CB$2/BI11)>0,((($CB$2/BI11))*BJ11),0) -> 181500 | BL11: =PV(((1+$BY$2)^BI11)-1,ROUNDUP($CB$2/BI11-1,0),-BJ11,0,0) -> 55712.628 | BM11: =IF((($Y11+$Z11)>0),((($Y11+$Z11)/2)*$CB$2),0) -> 273.969 | BN11: =BM11*0.4536 -> 124.27234 | BO11: =IF((($AD11+$AE11)>0),((($AD11+$AE11)/2)*$CB$2),0) -> 91.323 | BP11: =BO11*0.4536 -> 41.424113 | BQ11: =IF($Q11<$W$122,BM11,(BM11-((BM11/$Q11)*($Q11-$W$122)))) -> 273.969 | BR11: =IF($Q11<$W$122,BN11,(BN11-((BN11/$Q11)*($Q11-$W$122)))) -> 124.27234 | BS11: =IF($R11<$X$122,BO11,(BO11-((BO11/$R11)*($R11-$X$122)))) -> 91.323 | BT11: =IF($R11<$X$122,BP11,(BP11-((BP11/$R11)*($R11-$X$122)))) -> 41.424113 | BU11: =IF((Y11+Z11+AD11+AE11=0),(BE11+PV($BY$2,$CB$2,-BH11,0,0)),"N/A") -> N/A | BV11: =((BE11/12.46)+BH11)/((AA11+AB11)/2) -> 6458.9154 | BW11: =IF($BM11>0,(($BE11+$BL11)/$BM11),0) -> 1528.3212 | BX11: =IF($BM11>0,((PV($BY$2,$CB$2,-$BH11))/$BM11),0) -> 500.36433 | BY11: =BW11+BX11 -> 2028.6855 | BZ11: =IF($BN11>0,(($BE11+$BL11)/$BN11),0) -> 3369.3148 | CA11: =IF($BN11>0,((PV($BY$2,$CB$2,-$BH11))/$BN11),0) -> 1103.096 | CB11: =BZ11+CA11 -> 4472.4107 | CC11: =IF($BO11>0,(($BE11+$BL11)/$BO11),0) -> 4584.9636 | CD11: =IF($BO11>0,((PV($BY$2,$CB$2,-$BH11))/$BO11),0) -> 1501.093 | CE11: =CC11+CD11 -> 6086.0565 | CF11: =IF($BP11>0,(($BE11+$BL11)/$BP11),0) -> 10107.944 | CG11: =IF($BP11>0,((PV($BY$2,$CB$2,-$BH11))/$BP11),0) -> 3309.2879 | CH11: =CF11+CG11 -> 13417.232 | CI11: =IF(AD11>0,((BC11+PV($BX$2,$CA$2,-BF11,0,0))/AD11),0) -> #VALUE! | CJ11: =IF(Z11>0,((BD11+PV($BX$2,$CA$2,-BG11,0,0))/Z11),0) -> #VALUE! | CK11: =IF(L11>0,((BC11+PV($BX$2,$CA$2,-BF11,0,0))/L11),0) -> #VALUE! | CL11: =IF(AE11>0,((BD11+PV($BX$2,$CA$2,-BG11,0,0))/AE11),0) -> #VALUE! | CM11: =IF($BQ11>0,(($BE11+$BL11)/$BQ11),0) -> 1528.3212 | CN11: =IF($BQ11>0,((PV($BY$2,$CB$2,-$BH11))/$BQ11),0) -> 500.36433 | CO11: =CM11+CN11 -> 2028.6855 | CP11: =IF($BR11>0,(($BE11+$BL11)/$BR11),0) -> 3369.3148 | CQ11: =IF($BR11>0,((PV($BY$2,$CB$2,-$BH11))/$BR11),0) -> 1103.096 | CR11: =CP11+CQ11 -> 4472.4107 | CS11: =IF($BS11>0,(($BE11+$BL11)/$BS11),0) -> 4584.9636 | CT11: =IF($BS11>0,((PV($BY$2,$CB$2,-$BH11))/$BS11),0) -> 1501.093 | CU11: =CS11+CT11 -> 6086.0565 | CV11: =IF($BT11>0,(($BE11+$BL11)/$BT11),0) -> 10107.944 | CW11: =IF($BT11>0,((PV($BY$2,$CB$2,-$BH11))/$BT11),0) -> 3309.2879 | CX11: =CV11+CW11 -> 13417.232 | CY11: ● Collection System ● Effluent Disposal ● Solids Collection, Treatment and Disposal | CZ11: No | DA11: No | DB11: 1 to 10 | DC11: Yes | DD11: ● Agricultural bio-produce can be produced and sold (biofuel, hay etc.). ● Lower capital cost than tertiary treatment. ● Potentially a good strategy for areas where more effluent is generate during the summer (plant growing season. ● Bio solids can also be applied. | DE11: ● Will likely require meeting stringent and costly water reuse regulations including increased treatment and monitoring requirements. ● Plants can only be irrigated during growing season (about 3 months). ● For tree systems, it takes several years before plants are mature enough to uptake the take maximum number of gallons per day requiring the effluent be held in holding ponds until the irrigation season. | DF11: Yes | DG11: Yes | DH11: Yes | DI11: Yes | DJ11: ● Periodic laboratory analysis of influent and effluent for nutrients, microbes, VOCs and other compounds. ● Periodic laboratory analysis of groundwater for nutrients, microbes, VOCs and other compounds. ● Periodic vegetative assessment. | DK11: $15,000 to $25,000 | DL11: ● 2 to 4 | DM11: ● Periodic laboratory analysis of influent and effluent for nutrients, microbes, VOCs and other compounds. ● Periodic laboratory analysis of groundwater for nutrients, microbes, VOCs and other compounds. ● Periodic vegetative assessment. | DN11: $2,500 to $5,000 | DO11: IP | DQ11: LINKS: Phytoirrigation | DR11: (1) CH2HMill, 2012, J. Smeasrod Interview, Offshoots, Inc. Precedent Study- 3 projects. (2) Nitrogen concentrations in groundwater are difficult to test. This is the minimum standard that is know to be removed, but the numbers are likely much higher. (3) Cost per acre can be as low as 5,000 when small cuttings and no irrigation is used. | DS11: Pilot study likely, requiring establishment of baseline water quality and monitoring once pilot project is online. The pilot study results will likely be used to determine the effectiveness and efficiency of the technology before allowing full implementation. Removal rates at 90%-100% depend on application at agronomic rate and efficient evapotranspiration. However, there is a need to consider long term monitoring to demonstrate effectiveness, perhaps with pan lysimeters. In particular, there could be some release of residual N (particularly Org-N stored in the soil) during the non-growing season. This would have to be evaluated. How would this be evaluated considering different application rates, different soil types, different species and density of plantings?
B12: Stormwater BMP - Inner Coastal Phytobuffers | D12: 111 | E12: Stormwater treatment by using a buffer of at least 35 ft wide including plants to remove nutrients and other contaminants. Fast growing poplar and willow trees accompanied by shruberies and grass are typically required on at least one side of the stream in order to receive full credit. | F12: Stormwater | G12: 0 - 10 mg/L N 0.5 - 3 mg/L P | H12: N, P, TSS, TPH-D, Zn, and Quantity Control, TN, hydrocarbons, microorganisms | I12: ● MassDEP ● US EPA ● MassDOT ● Department of Public Works ● Board of Health ● Conservation Commission ● Natural Heritage ● The Nature Conservancy ● Mass Historical Commission ● US Army Corps or Engineers ● Division of Marine and Fisheries ● US Fish and Wildlife Service ● Building Department ● Land Owner | J12: ●Buffer width should be 35 to 100 ft in order to receive credit, and should be located on one or both sides of the stream. | K12: P 2 - Flow per Home (gpd) AN 2 - Project Cost Factor (%) BU 2 - Discount Rate (% APR) BX 2 - Planning Period (Nper in years) N 12 - Acres T 100 - Influent Nitrogen Load U 100- Influent Phosphorus Load | L12: Acres of Impervious Cover Treated | M12: 2750 | N12: 1 | O12: N/A | P12: N/A | Q12: 3.25 | R12: =$U$110 -> 0.3 | S12: 46 | T12: 65 | U12: 42 | V12: 42 | W12: =($Q$53-($Q$53*(($T$53+$S$53)/2)/100)-(Q12-(Q12*((T12+S12)/2)/100)))/($Q$53-($Q$53*(($T$53+$S$53)/2)/100)) -> 0.94490476 | X12: M | Y12: =((($Q12)*($S12/100))*(8.34*($M12/1000000)))*365 -> 12.515056 | Z12: =((($Q12)*($T12/100))*(8.34*($M12/1000000)))*365 -> 17.684318 | AA12: =Y12*0.4536 -> 5.6768295 | AB12: =Z12*0.4536 -> 8.0216068 | AC12: =(AA12+AB12)/2 -> 6.8492182 | AD12: =((($R12)*($U12/100))*(8.34*($M12/1000000)))*365 -> 1.0547806 | AE12: =((($R12)*($V12/100))*(8.34*($M12/1000000)))*365 -> 1.0547806 | AF12: =AD12*0.4536 -> 0.4784485 | AG12: =AE12*0.4536 -> 0.4784485 | AH12: 25000 | AI12: 100000 | AJ12: =(AH12+AI12)/2 -> 62500 | AK12: =AH12*($AA$109/$AA$107) -> 25000 | AL12: =AI12*($AA$109/$AA$107) -> 100000 | AM12: =AJ12*($AA$109/$AA$107) -> 62500 | AN12: 0.6 | AO12: =$AA$121 -> 250000 | AP12: =(AK12*(1+$AN$2))+AO12 -> 285000 | AQ12: =(AL12*(1+$AN$2))+AO12 -> 390000 | AR12: =(AP12+AQ12)/2 -> 337500 | AS12: 4000 | AT12: 6000 | AU12: =(AS12+AT12)/2 -> 5000 | AV12: =AS12*($AA$109/$AA$107) -> 4000 | AW12: =AT12*($AA$109/$AA$107) -> 6000 | AX12: =AU12*($AA$109/$AA$107) -> 5000 | AY12: 0.5 | AZ12: 0.2 | BA12: 0.1 | BB12: ● Increase cost for pilot study. ● Increase cost for permitting. ● Increase cost for local oversight/management. | BC12: =AP12*(1+$AZ12) -> 342000 | BD12: =AQ12*(1+$AZ12) -> 468000 | BE12: =AR12*(1+$AZ12) -> 405000 | BF12: =AV12*(1+$AZ12) -> 4800 | BG12: =AW12*(1+$AZ12) -> 7200 | BH12: =AX12*(1+$BA12) -> 5500 | BI12: 20 | BJ12: =BE12*0.25 -> 101250 | BK12: =IF(($CB$2/BI12)>0,((($CB$2/BI12))*BJ12),0) -> 101250 | BL12: =PV(((1+$BY$2)^BI12)-1,ROUNDUP($CB$2/BI12-1,0),-BJ12,0,0) -> 0 | BM12: =IF((($Y12+$Z12)>0),((($Y12+$Z12)/2)*$CB$2),0) -> 301.99375 | BN12: =BM12*0.4536 -> 136.98436 | BO12: =IF((($AD12+$AE12)>0),((($AD12+$AE12)/2)*$CB$2),0) -> 21.095613 | BP12: =BO12*0.4536 -> 9.5689701 | BQ12: =IF($Q12<$W$122,BM12,(BM12-((BM12/$Q12)*($Q12-$W$122)))) -> 301.99375 | BR12: =IF($Q12<$W$122,BN12,(BN12-((BN12/$Q12)*($Q12-$W$122)))) -> 136.98436 | BS12: =IF($R12<$X$122,BO12,(BO12-((BO12/$R12)*($R12-$X$122)))) -> 21.095613 | BT12: =IF($R12<$X$122,BP12,(BP12-((BP12/$R12)*($R12-$X$122)))) -> 9.5689701 | BU12: =IF((Y12+Z12+AD12+AE12=0),(BE12+PV($BY$2,$CB$2,-BH12,0,0)),"N/A") -> N/A | BV12: =((BE12/12.46)+BH12)/((AA12+AB12)/2) -> 5548.6644 | BW12: =IF($BM12>0,(($BE12+$BL12)/$BM12),0) -> 1341.0874 | BX12: =IF($BM12>0,((PV($BY$2,$CB$2,-$BH12))/$BM12),0) -> 226.96548 | BY12: =BW12+BX12 -> 1568.0529 | BZ12: =IF($BN12>0,(($BE12+$BL12)/$BN12),0) -> 2956.5418 | CA12: =IF($BN12>0,((PV($BY$2,$CB$2,-$BH12))/$BN12),0) -> 500.36483 | CB12: =BZ12+CA12 -> 3456.9067 | CC12: =IF($BO12>0,(($BE12+$BL12)/$BO12),0) -> 19198.304 | CD12: =IF($BO12>0,((PV($BY$2,$CB$2,-$BH12))/$BO12),0) -> 3249.119 | CE12: =CC12+CD12 -> 22447.423 | CF12: =IF($BP12>0,(($BE12+$BL12)/$BP12),0) -> 42324.304 | CG12: =IF($BP12>0,((PV($BY$2,$CB$2,-$BH12))/$BP12),0) -> 7162.9607 | CH12: =CF12+CG12 -> 49487.265 | CI12: =IF(AD12>0,((BC12+PV($BX$2,$CA$2,-BF12,0,0))/AD12),0) -> #VALUE! | CJ12: =IF(Z12>0,((BD12+PV($BX$2,$CA$2,-BG12,0,0))/Z12),0) -> #VALUE! | CK12: =IF(L12>0,((BC12+PV($BX$2,$CA$2,-BF12,0,0))/L12),0) -> #VALUE! | CL12: =IF(AE12>0,((BD12+PV($BX$2,$CA$2,-BG12,0,0))/AE12),0) -> #VALUE! | CM12: =IF($BQ12>0,(($BE12+$BL12)/$BQ12),0) -> 1341.0874 | CN12: =IF($BQ12>0,((PV($BY$2,$CB$2,-$BH12))/$BQ12),0) -> 226.96548 | CO12: =CM12+CN12 -> 1568.0529 | CP12: =IF($BR12>0,(($BE12+$BL12)/$BR12),0) -> 2956.5418 | CQ12: =IF($BR12>0,((PV($BY$2,$CB$2,-$BH12))/$BR12),0) -> 500.36483 | CR12: =CP12+CQ12 -> 3456.9067 | CS12: =IF($BS12>0,(($BE12+$BL12)/$BS12),0) -> 19198.304 | CT12: =IF($BS12>0,((PV($BY$2,$CB$2,-$BH12))/$BS12),0) -> 3249.119 | CU12: =CS12+CT12 -> 22447.423 | CV12: =IF($BT12>0,(($BE12+$BL12)/$BT12),0) -> 42324.304 | CW12: =IF($BT12>0,((PV($BY$2,$CB$2,-$BH12))/$BT12),0) -> 7162.9607 | CX12: =CV12+CW12 -> 49487.265 | CY12: ● N/A | CZ12: No | DA12: No | DB12: 1 to 10 | DC12: Yes | DD12: ● Agricultural bio-produce can be produced and sold (biofuel, hay etc.). ● Lower capital cost than tertiary treatment. ● Potentially a good strategy for areas where more effluent is generate during the summer (plant growing season. ● Biosolids can also be applied. | DE12: ● Plants can only be irrigated during growing season (about 3 months). ● For tree systems, it takes several years before plants are mature enough to uptake the take maximum number of gallons per day requiring the effluent be held in holding ponds until the irrigation season. | DF12: Yes | DG12: Yes | DH12: Yes | DI12: Yes | DJ12: Periodic Visual Inspections. | DK12: $200 to $300 | DL12: ● 2 to 4 | DM12: Periodic Visual Inspections. | DN12: $200 to $300 | DR12: (1) Removal rates data source: Expert Panel for Releasing Removal Rates for Riparian Forest and Grass Buffers Best Management Practices: https://www.chesapeakebay.net/documents/Riparian_BMP_Panel_Report_FINAL_October_2014.pdf (2) CH2HMill, 2012, J. Smeasrod Interview, Offshoots, Inc. Precedent Study- 3 projects. (3) Nitrogen concentrations in groundwater are difficult to test. This is the minimum standard that is know to be removed, but the numbers are likely much higher. (4) Cost per acre can be as low as 5,000 when small cuttings and no irrigation is used. | DS12: Removal rates at 90%-100% depend on application at agronomic rate and efficient evapotranspiration. However, there is a need to consider long term monitoring to demonstrate effectiveness, perhaps with pan lysimeters. In particular, there could be some release of residual N (particularly Org-N stored in the soil) during the non-growing season. This would have to be evaluated. How would this be evaluated considering different application rates, different soil types, different species and density of plantings?
B13: Stormwater BMP - Tidal Influenced Phytobuffers | D13: 106 | E13: Stormwater treatment by using a buffer of at least 35 ft wide including plants to remove nutrients and other contaminants. Fast growing poplar and willow trees accompanied by shruberies and grass are typically required on at least one side of the stream in order to receive full credit. | F13: Stormwater | G13: 1 - 10 mg/L N 0.5 - 3 mg/L P | H13: N, P, TSS, TPH-D, Zn, and Quantity Control, TN, hydrocarbons, microorganisms | I13: ● MassDEP ● US EPA ● MassDOT ● Department of Public Works ● Board of Health ● Conservation Commission ● Natural Heritage ● The Nature Conservancy ● Mass Historical Commission ● US Army Corps or Engineers ● Division of Marine and Fisheries ● US Fish and Wildlife Service ● Building Department ● Land Owner | J13: ●Buffer width should be 35 to 100 ft in order to receive credit, and should be located on one or both sides of the stream. | K13: P 2 - Flow per Home (gpd) AN 2 - Project Cost Factor (%) BU 2 - Discount Rate (% APR) BX 2 - Planning Period (Nper in years) N 12 - Acres T 100 - Influent Nitrogen Load U 100- Influent Phosphorus Load | L13: Acres of Impervious Cover Treated | M13: 2750 | N13: 1 | O13: N/A | P13: N/A | Q13: 3.25 | R13: =$U$110 -> 0.3 | S13: 13 | T13: 19 | U13: 45 | V13: 45 | W13: =($Q$53-($Q$53*(($T$53+$S$53)/2)/100)-(Q13-(Q13*((T13+S13)/2)/100)))/($Q$53-($Q$53*(($T$53+$S$53)/2)/100)) -> 0.896 | X13: H | Y13: =((($Q13)*($S13/100))*(8.34*($M13/1000000)))*365 -> 3.5368637 | Z13: =((($Q13)*($T13/100))*(8.34*($M13/1000000)))*365 -> 5.1692623 | AA13: =Y13*0.4536 -> 1.6043214 | AB13: =Z13*0.4536 -> 2.3447774 | AC13: =(AA13+AB13)/2 -> 1.9745494 | AD13: =((($R13)*($U13/100))*(8.34*($M13/1000000)))*365 -> 1.1301221 | AE13: =((($R13)*($V13/100))*(8.34*($M13/1000000)))*365 -> 1.1301221 | AF13: =AD13*0.4536 -> 0.5126234 | AG13: =AE13*0.4536 -> 0.5126234 | AH13: 25000 | AI13: 100000 | AJ13: =(AH13+AI13)/2 -> 62500 | AK13: =AH13*($AA$109/$AA$107) -> 25000 | AL13: =AI13*($AA$109/$AA$107) -> 100000 | AM13: =AJ13*($AA$109/$AA$107) -> 62500 | AN13: 0.6 | AO13: =$AA$121 -> 250000 | AP13: =(AK13*(1+$AN$2))+AO13 -> 285000 | AQ13: =(AL13*(1+$AN$2))+AO13 -> 390000 | AR13: =(AP13+AQ13)/2 -> 337500 | AS13: 4000 | AT13: 6000 | AU13: =(AS13+AT13)/2 -> 5000 | AV13: =AS13*($AA$109/$AA$107) -> 4000 | AW13: =AT13*($AA$109/$AA$107) -> 6000 | AX13: =AU13*($AA$109/$AA$107) -> 5000 | AY13: 0.5 | AZ13: 0.2 | BA13: 0.1 | BB13: ● Increase cost for pilot study. ● Increase cost for permitting. ● Increase cost for local oversight/management. | BC13: =AP13*(1+$AZ13) -> 342000 | BD13: =AQ13*(1+$AZ13) -> 468000 | BE13: =AR13*(1+$AZ13) -> 405000 | BF13: =AV13*(1+$AZ13) -> 4800 | BG13: =AW13*(1+$AZ13) -> 7200 | BH13: =AX13*(1+$BA13) -> 5500 | BI13: 20 | BJ13: =BE13*0.25 -> 101250 | BK13: =IF(($CB$2/BI13)>0,((($CB$2/BI13))*BJ13),0) -> 101250 | BL13: =PV(((1+$BY$2)^BI13)-1,ROUNDUP($CB$2/BI13-1,0),-BJ13,0,0) -> 0 | BM13: =IF((($Y13+$Z13)>0),((($Y13+$Z13)/2)*$CB$2),0) -> 87.06126 | BN13: =BM13*0.4536 -> 39.490988 | BO13: =IF((($AD13+$AE13)>0),((($AD13+$AE13)/2)*$CB$2),0) -> 22.602442 | BP13: =BO13*0.4536 -> 10.252468 | BQ13: =IF($Q13<$W$122,BM13,(BM13-((BM13/$Q13)*($Q13-$W$122)))) -> 87.06126 | BR13: =IF($Q13<$W$122,BN13,(BN13-((BN13/$Q13)*($Q13-$W$122)))) -> 39.490988 | BS13: =IF($R13<$X$122,BO13,(BO13-((BO13/$R13)*($R13-$X$122)))) -> 22.602442 | BT13: =IF($R13<$X$122,BP13,(BP13-((BP13/$R13)*($R13-$X$122)))) -> 10.252468 | BU13: =IF((Y13+Z13+AD13+AE13=0),(BE13+PV($BY$2,$CB$2,-BH13,0,0)),"N/A") -> N/A | BV13: =((BE13/12.46)+BH13)/((AA13+AB13)/2) -> 19246.93 | BW13: =IF($BM13>0,(($BE13+$BL13)/$BM13),0) -> 4651.8968 | BX13: =IF($BM13>0,((PV($BY$2,$CB$2,-$BH13))/$BM13),0) -> 787.28653 | BY13: =BW13+BX13 -> 5439.1834 | BZ13: =IF($BN13>0,(($BE13+$BL13)/$BN13),0) -> 10255.504 | CA13: =IF($BN13>0,((PV($BY$2,$CB$2,-$BH13))/$BN13),0) -> 1735.6405 | CB13: =BZ13+CA13 -> 11991.145 | CC13: =IF($BO13>0,(($BE13+$BL13)/$BO13),0) -> 17918.417 | CD13: =IF($BO13>0,((PV($BY$2,$CB$2,-$BH13))/$BO13),0) -> 3032.5111 | CE13: =CC13+CD13 -> 20950.929 | CF13: =IF($BP13>0,(($BE13+$BL13)/$BP13),0) -> 39502.684 | CG13: =IF($BP13>0,((PV($BY$2,$CB$2,-$BH13))/$BP13),0) -> 6685.43 | CH13: =CF13+CG13 -> 46188.114 | CI13: =IF(AD13>0,((BC13+PV($BX$2,$CA$2,-BF13,0,0))/AD13),0) -> #VALUE! | CJ13: =IF(Z13>0,((BD13+PV($BX$2,$CA$2,-BG13,0,0))/Z13),0) -> #VALUE! | CK13: =IF(L13>0,((BC13+PV($BX$2,$CA$2,-BF13,0,0))/L13),0) -> #VALUE! | CL13: =IF(AE13>0,((BD13+PV($BX$2,$CA$2,-BG13,0,0))/AE13),0) -> #VALUE! | CM13: =IF($BQ13>0,(($BE13+$BL13)/$BQ13),0) -> 4651.8968 | CN13: =IF($BQ13>0,((PV($BY$2,$CB$2,-$BH13))/$BQ13),0) -> 787.28653 | CO13: =CM13+CN13 -> 5439.1834 | CP13: =IF($BR13>0,(($BE13+$BL13)/$BR13),0) -> 10255.504 | CQ13: =IF($BR13>0,((PV($BY$2,$CB$2,-$BH13))/$BR13),0) -> 1735.6405 | CR13: =CP13+CQ13 -> 11991.145 | CS13: =IF($BS13>0,(($BE13+$BL13)/$BS13),0) -> 17918.417 | CT13: =IF($BS13>0,((PV($BY$2,$CB$2,-$BH13))/$BS13),0) -> 3032.5111 | CU13: =CS13+CT13 -> 20950.929 | CV13: =IF($BT13>0,(($BE13+$BL13)/$BT13),0) -> 39502.684 | CW13: =IF($BT13>0,((PV($BY$2,$CB$2,-$BH13))/$BT13),0) -> 6685.43 | CX13: =CV13+CW13 -> 46188.114 | CY13: ● N/A | CZ13: No | DA13: No | DB13: 1 to 10 | DC13: Yes | DD13: ● Agricultural bio-produce can be produced and sold (biofuel, hay etc.). ● Lower capital cost than tertiary treatment. ● Potentially a good strategy for areas where more effluent is generate during the summer (plant growing season. ● Biosolids can also be applied. | DE13: ● Plants can only be irrigated during growing season (about 3 months). ● For tree systems, it takes several years before plants are mature enough to uptake the take maximum number of gallons per day requiring the effluent be held in holding ponds until the irrigation season. | DF13: Yes | DG13: Yes | DH13: Yes | DI13: Yes | DJ13: Periodic Visual Inspections. | DK13: $200 to $300 | DL13: ● 2 to 4 | DM13: Periodic Visual Inspections. | DN13: $200 to $300 | DR13: (1) Removal rates data source: Expert Panel for Releasing Removal Rates for Riparian Forest and Grass Buffers Best Management Practices: https://www.chesapeakebay.net/documents/Riparian_BMP_Panel_Report_FINAL_October_2014.pdf (2) CH2HMill, 2012, J. Smeasrod Interview, Offshoots, Inc. Precedent Study- 3 projects. (3) Nitrogen concentrations in groundwater are difficult to test. This is the minimum standard that is know to be removed, but the numbers are likely much higher. (4) Cost per acre can be as low as 5,000 when small cuttings and no irrigation is used. | DS13: Removal rates at 90%-100% depend on application at agronomic rate and efficient evapotranspiration. However, there is a need to consider long term monitoring to demonstrate effectiveness, perhaps with pan lysimeters. In particular, there could be some release of residual N (particularly Org-N stored in the soil) during the non-growing season. This would have to be evaluated. How would this be evaluated considering different application rates, different soil types, different species and density of plantings?
B14: Stormwater BMP - Vegetated Swale | D14: 107 | E14: Vegetated swales, such as a grassed channel, dry swale, wet swale or biofilter, are a open-channel used to convey stormwater runoff. Vegetated swales typically do not pond water for a long period of time and induce infiltration. Vegetated swales typically have a trapezoidal or parabolic shape with relatively flat side slopes. Individual vegetated swales generally treat small drainage areas (five acres or less). | F14: Stormwater | G14: Varies | H14: N, P, TSS, TPH-D, Zn, and Quantity Control | I14: ● MassDEP ● US EPA ● MassDOT ● Department of Public Works ● Board of Health ● Conservation Commission ● Natural Heritage ● The Nature Conservancy ● Mass Historical Commission ● US Army Corps or Engineers ● Division of Marine and Fisheries ● US Fish and Wildlife Service ● Building Department ● Land Owner | J14: ● Varies | K14: P 2 - Flow per Home (gpd) AN 2 - Project Cost Factor (%) BU 2 - Discount Rate (% APR) BX 2 - Planning Period (Nper in years) N 13 - Acres T 100 - Influent Nitrogen Load U 100- Influent Phosphorus Load | L14: Acres of Impervious Cover Treated | M14: 2750 | N14: 1 | O14: N/A | P14: N/A | Q14: =$T$108 -> 0 | R14: =$U$110 -> 0.3 | S14: 1 | T14: 13 | U14: 2 | V14: 21 | W14: =($Q$53-($Q$53*(($T$53+$S$53)/2)/100)-(Q14-(Q14*((T14+S14)/2)/100)))/($Q$53-($Q$53*(($T$53+$S$53)/2)/100)) -> 1 | X14: H | Y14: =((($Q14)*($S14/100))*(8.34*($M14/1000000)))*365 -> 0 | Z14: =((($Q14)*($T14/100))*(8.34*($M14/1000000)))*365 -> 0 | AA14: =Y14*0.4536 -> 0 | AB14: =Z14*0.4536 -> 0 | AC14: =(AA14+AB14)/2 -> 0 | AD14: =((($R14)*($U14/100))*(8.34*($M14/1000000)))*365 -> 0.05022765 | AE14: =((($R14)*($V14/100))*(8.34*($M14/1000000)))*365 -> 0.52739032 | AF14: =AD14*0.4536 -> 0.022783262 | AG14: =AE14*0.4536 -> 0.23922425 | AH14: 13000 | AI14: 18000 | AJ14: =(AH14+AI14)/2 -> 15500 | AK14: =AH14*($AA$109/$AA$107) -> 13000 | AL14: =AI14*($AA$109/$AA$107) -> 18000 | AM14: =AJ14*($AA$109/$AA$107) -> 15500 | AN14: 0.6 | AO14: 0 | AP14: =(AK14*(1+$AN$2))+AO14 -> 18200 | AQ14: =(AL14*(1+$AN$2))+AO14 -> 25200 | AR14: =(AP14+AQ14)/2 -> 21700 | AS14: 750 | AT14: 1250 | AU14: =(AS14+AT14)/2 -> 1000 | AV14: =AS14*($AA$109/$AA$107) -> 750 | AW14: =AT14*($AA$109/$AA$107) -> 1250 | AX14: =AU14*($AA$109/$AA$107) -> 1000 | AY14: 0.75 | AZ14: 0.1 | BA14: 0.1 | BB14: ● Increase cost for permitting ● Increase cost for local oversight/management. | BC14: =AP14*(1+$AZ14) -> 20020 | BD14: =AQ14*(1+$AZ14) -> 27720 | BE14: =AR14*(1+$AZ14) -> 23870 | BF14: =AV14*(1+$BA14) -> 825 | BG14: =AW14*(1+$BA14) -> 1375 | BH14: =AX14*(1+$BA14) -> 1100 | BI14: 20 | BJ14: =BE14*0.5 -> 11935 | BK14: =IF(($CB$2/BI14)>0,((($CB$2/BI14))*BJ14),0) -> 11935 | BL14: =PV(((1+$BY$2)^BI14)-1,ROUNDUP($CB$2/BI14-1,0),-BJ14,0,0) -> 0 | BM14: =IF((($Y14+$Z14)>0),((($Y14+$Z14)/2)*$CB$2),0) -> 0 | BN14: =BM14*0.4536 -> 0 | BO14: =IF((($AD14+$AE14)>0),((($AD14+$AE14)/2)*$CB$2),0) -> 5.7761797 | BP14: =BO14*0.4536 -> 2.6200751 | BQ14: =IF($Q14<$W$122,BM14,(BM14-((BM14/$Q14)*($Q14-$W$122)))) -> 0 | BR14: =IF($Q14<$W$122,BN14,(BN14-((BN14/$Q14)*($Q14-$W$122)))) -> 0 | BS14: =IF($R14<$X$122,BO14,(BO14-((BO14/$R14)*($R14-$X$122)))) -> 5.7761797 | BT14: =IF($R14<$X$122,BP14,(BP14-((BP14/$R14)*($R14-$X$122)))) -> 2.6200751 | BU14: =IF((Y14+Z14+AD14+AE14=0),(BE14+PV($BY$2,$CB$2,-BH14,0,0)),"N/A") -> N/A | BV14: =((BE14/12.46)+BH14)/((AA14+AB14)/2) -> #DIV/0! | BW14: =IF($BM14>0,(($BE14+$BL14)/$BM14),0) -> 0 | BX14: =IF($BM14>0,((PV($BY$2,$CB$2,-$BH14))/$BM14),0) -> 0 | BY14: =BW14+BX14 -> 0 | BZ14: =IF($BN14>0,(($BE14+$BL14)/$BN14),0) -> 0 | CA14: =IF($BN14>0,((PV($BY$2,$CB$2,-$BH14))/$BN14),0) -> 0 | CB14: =BZ14+CA14 -> 0 | CC14: =IF($BO14>0,(($BE14+$BL14)/$BO14),0) -> 4132.4891 | CD14: =IF($BO14>0,((PV($BY$2,$CB$2,-$BH14))/$BO14),0) -> 2373.2695 | CE14: =CC14+CD14 -> 6505.7587 | CF14: =IF($BP14>0,(($BE14+$BL14)/$BP14),0) -> 9110.4258 | CG14: =IF($BP14>0,((PV($BY$2,$CB$2,-$BH14))/$BP14),0) -> 5232.0757 | CH14: =CF14+CG14 -> 14342.501 | CM14: =IF($BQ14>0,(($BE14+$BL14)/$BQ14),0) -> 0 | CN14: =IF($BQ14>0,((PV($BY$2,$CB$2,-$BH14))/$BQ14),0) -> 0 | CO14: =CM14+CN14 -> 0 | CP14: =IF($BR14>0,(($BE14+$BL14)/$BR14),0) -> 0 | CQ14: =IF($BR14>0,((PV($BY$2,$CB$2,-$BH14))/$BR14),0) -> 0 | CR14: =CP14+CQ14 -> 0 | CS14: =IF($BS14>0,(($BE14+$BL14)/$BS14),0) -> 4132.4891 | CT14: =IF($BS14>0,((PV($BY$2,$CB$2,-$BH14))/$BS14),0) -> 2373.2695 | CU14: =CS14+CT14 -> 6505.7587 | CV14: =IF($BT14>0,(($BE14+$BL14)/$BT14),0) -> 9110.4258 | CW14: =IF($BT14>0,((PV($BY$2,$CB$2,-$BH14))/$BT14),0) -> 5232.0757 | CX14: =CV14+CW14 -> 14342.501 | CY14: ● N/A | CZ14: No | DA14: No | DB14: 1 to 10 | DC14: No | DD14: ● Very easily scalable. | DE14: ● Requires the creation and enforce of stormwater regulations and policies. | DF14: Yes | DG14: Yes | DH14: No | DI14: Yes | DJ14: ● Periodic Visual and Homeowner Compliance Inspections. | DK14: $200 to $300 | DL14: ● 2 to 4 | DM14: ● Periodic Visual and Homeowner Compliance Inspections. | DN14: $200 to $300 | DR14: (1) Comparison of Maintenance Cost, Labor Demands, and System Performance for LID and Conventional Stormwater Management, ASCE Journal of Environmental Engineering, Vol. 139, No. 7, July 1, 2013, James J. Houle; Robert M. Roseen, Ph.D., P.E.; Thomas P. Ballestero, Ph.D., P.E.; Timothy A. Puls; and James Sherrard, Jr. (2) The removal rates source is the “EPA Performance Curves – UNHSC Nomographs”. These nomographs were developed for systems designed to store up to 2” or rainfall. Removal rates included in this worksheet represent the removal rates for a system designed to adequately manage and treat the first 1” of runoff. Removal rates for Nitrogen and Phosphorus differ with the storage volume provided by different designs, and can be obtained for systems that can manage up to 2” of runoff, from the nomographs available from EPA website: https://www3.epa.gov/region1/npdes/stormwater/assets/pdfs/ms4-permit-nomographs.pdf | DS14: Draft MS-4 will be instructing towns to design systems that will help mitigate pollutants where there is an approved TMDL. Towns will need to start thinking about certain contaminants and treating for them. Good management practices, but will be difficult to quantify effect. EPA updating stormwater regulations (see Southeast Watershed Alliance website for an example). Siting requirements are all site specific, the reality is that there are only a few systems effective at N removal. Street sweeping study conducted by USGS for MassDEP provided removal rate for total phosphorus of 9% with three times per week sweeping, 8% for monthly sweeping, using a regenerative-air sweeper. Mechanical broom sweepers were found to have lower removal efficiency (3% TP removal for three times per week sweeping, and 1.4% TP removal for monthly sweeping). The USGS study was conducted in Cambridge which has urban tree network. In locations with less tree canopy, phosphorus removal efficiency would likely be less, because the street load is less. Towns should review requirements in permit requiring impervious surfaces – i.e. towns tend to oversize parking areas for commercial facilities.
B15: Stormwater BMP - Gravel Wetland (35% WQV in internal storage) | D15: 108 | E15: Subsurface gravel wetlands typically have a high pollutant removal efficiency. They filter stormwater as it flows horizontally through a sediment forebay and a series of gravel-bottomed wetland cells. The wetland cells consist of a thin layer of wetland soil which supports a thick vegetative cover; below which is a thick layer of gravel where algae and microbes grow in abundance. Treatment occurs through physical, biological and chemical reactions in the wetland soil and gravel layers. Water flows through the series of cells via subsurface pipes and is discharged to a receiving waterway or additional best management practice (BMP) through a submerged pipe in the final cell. These systems are designed to maintain constant saturation of the wetland soils. Existing dry ponds can be retrofitted into a gravel wetland to more effectively treat stormwater runoff and may require less excavation than new construction. | F15: Stormwater | G15: Varies | H15: N, P, TSS, TPH-D, Zn, and Quantity Control | I15: ● MassDEP ● US EPA ● MassDOT ● Department of Public Works ● Board of Health ● Conservation Commission ● Natural Heritage ● The Nature Conservancy ● Mass Historical Commission ● US Army Corps or Engineers ● Division of Marine and Fisheries ● US Fish and Wildlife Service ● Building Department ● Land Owner | J15: ● Varies | K15: P 2 - Flow per Home (gpd) AN 2 - Project Cost Factor (%) BU 2 - Discount Rate (% APR) BX 2 - Planning Period (Nper in years) N 14 - Acres T 100 - Influent Nitrogen Load U 100- Influent Phosphorus Load | L15: Acres of Impervious Cover Treated | M15: 2750 | N15: 1 | O15: N/A | P15: N/A | Q15: =$T$108 -> 0 | R15: =$U$108 -> 0 | S15: 22 | T15: 68 | U15: 19 | V15: 61 | W15: =($Q$53-($Q$53*(($T$53+$S$53)/2)/100)-(Q15-(Q15*((T15+S15)/2)/100)))/($Q$53-($Q$53*(($T$53+$S$53)/2)/100)) -> 1 | X15: H | Y15: =((($Q15)*($S15/100))*(8.34*($M15/1000000)))*365 -> 0 | Z15: =((($Q15)*($T15/100))*(8.34*($M15/1000000)))*365 -> 0 | AA15: =Y15*0.4536 -> 0 | AB15: =Z15*0.4536 -> 0 | AC15: =(AA15+AB15)/2 -> 0 | AD15: =((($R15)*($U15/100))*(8.34*($M15/1000000)))*365 -> 0 | AE15: =((($R15)*($V15/100))*(8.34*($M15/1000000)))*365 -> 0 | AF15: =AD15*0.4536 -> 0 | AG15: =AE15*0.4536 -> 0 | AH15: 25000 | AI15: 35000 | AJ15: =(AH15+AI15)/2 -> 30000 | AK15: =AH15*($AA$109/$AA$107) -> 25000 | AL15: =AI15*($AA$109/$AA$107) -> 35000 | AM15: =AJ15*($AA$109/$AA$107) -> 30000 | AN15: 0.6 | AO15: =$AA$121 -> 250000 | AP15: =(AK15*(1+$AN$2))+AO15 -> 285000 | AQ15: =(AL15*(1+$AN$2))+AO15 -> 299000 | AR15: =(AP15+AQ15)/2 -> 292000 | AS15: 2000 | AT15: 2800 | AU15: =(AS15+AT15)/2 -> 2400 | AV15: =AS15*($AA$109/$AA$107) -> 2000 | AW15: =AT15*($AA$109/$AA$107) -> 2800 | AX15: =AU15*($AA$109/$AA$107) -> 2400 | AY15: 0.75 | AZ15: 0.1 | BA15: 0.1 | BB15: ● Increase cost for permitting ● Increase cost for local oversight/management. | BC15: =AP15*(1+$AZ15) -> 313500 | BD15: =AQ15*(1+$AZ15) -> 328900 | BE15: =AR15*(1+$AZ15) -> 321200 | BF15: =AV15*(1+$BA15) -> 2200 | BG15: =AW15*(1+$BA15) -> 3080 | BH15: =AX15*(1+$BA15) -> 2640 | BI15: 20 | BJ15: =BE15*0.5 -> 160600 | BK15: =IF(($CB$2/BI15)>0,((($CB$2/BI15))*BJ15),0) -> 160600 | BL15: =PV(((1+$BY$2)^BI15)-1,ROUNDUP($CB$2/BI15-1,0),-BJ15,0,0) -> 0 | BM15: =IF((($Y15+$Z15)>0),((($Y15+$Z15)/2)*$CB$2),0) -> 0 | BN15: =BM15*0.4536 -> 0 | BO15: =IF((($AD15+$AE15)>0),((($AD15+$AE15)/2)*$CB$2),0) -> 0 | BP15: =BO15*0.4536 -> 0 | BQ15: =IF($Q15<$W$122,BM15,(BM15-((BM15/$Q15)*($Q15-$W$122)))) -> 0 | BR15: =IF($Q15<$W$122,BN15,(BN15-((BN15/$Q15)*($Q15-$W$122)))) -> 0 | BS15: =IF($R15<$X$122,BO15,(BO15-((BO15/$R15)*($R15-$X$122)))) -> 0 | BT15: =IF($R15<$X$122,BP15,(BP15-((BP15/$R15)*($R15-$X$122)))) -> 0 | BU15: =IF((Y15+Z15+AD15+AE15=0),(BE15+PV($BY$2,$CB$2,-BH15,0,0)),"N/A") -> 354100.24 | BV15: =((BE15/12.46)+BH15)/((AA15+AB15)/2) -> #DIV/0! | BW15: =IF($BM15>0,(($BE15+$BL15)/$BM15),0) -> 0 | BX15: =IF($BM15>0,((PV($BY$2,$CB$2,-$BH15))/$BM15),0) -> 0 | BY15: =BW15+BX15 -> 0 | BZ15: =IF($BN15>0,(($BE15+$BL15)/$BN15),0) -> 0 | CA15: =IF($BN15>0,((PV($BY$2,$CB$2,-$BH15))/$BN15),0) -> 0 | CB15: =BZ15+CA15 -> 0 | CC15: =IF($BO15>0,(($BE15+$BL15)/$BO15),0) -> 0 | CD15: =IF($BO15>0,((PV($BY$2,$CB$2,-$BH15))/$BO15),0) -> 0 | CE15: =CC15+CD15 -> 0 | CF15: =IF($BP15>0,(($BE15+$BL15)/$BP15),0) -> 0 | CG15: =IF($BP15>0,((PV($BY$2,$CB$2,-$BH15))/$BP15),0) -> 0 | CH15: =CF15+CG15 -> 0 | CM15: =IF($BQ15>0,(($BE15+$BL15)/$BQ15),0) -> 0 | CN15: =IF($BQ15>0,((PV($BY$2,$CB$2,-$BH15))/$BQ15),0) -> 0 | CO15: =CM15+CN15 -> 0 | CP15: =IF($BR15>0,(($BE15+$BL15)/$BR15),0) -> 0 | CQ15: =IF($BR15>0,((PV($BY$2,$CB$2,-$BH15))/$BR15),0) -> 0 | CR15: =CP15+CQ15 -> 0 | CS15: =IF($BS15>0,(($BE15+$BL15)/$BS15),0) -> 0 | CT15: =IF($BS15>0,((PV($BY$2,$CB$2,-$BH15))/$BS15),0) -> 0 | CU15: =CS15+CT15 -> 0 | CV15: =IF($BT15>0,(($BE15+$BL15)/$BT15),0) -> 0 | CW15: =IF($BT15>0,((PV($BY$2,$CB$2,-$BH15))/$BT15),0) -> 0 | CX15: =CV15+CW15 -> 0 | CY15: ● N/A | CZ15: No | DA15: No | DB15: 1 to 10 | DC15: No | DD15: ● Very easily scalable. Treats stormwater runoff • Reduces peak stormwater flows • Provides local flood control • Improves quality of local surface waterways • Enhances the beauty of residential, commercial or industrial sites • Provides wildlife habitat • Reduces soil erosion • Provides effective year-round stormwater treatment in cold climates | DE15: ● Requires the creation and enforce of stormwater regulations and policies. | DF15: Yes | DG15: Yes | DH15: No | DI15: Yes | DJ15: ● Periodic Visual and Homeowner Compliance Inspections. | DK15: $200 to $300 | DL15: ● 2 to 4 | DM15: ● Periodic Visual and Homeowner Compliance Inspections. | DN15: $200 to $300 | DR15: (1) Comparison of Maintenance Cost, Labor Demands, and System Performance for LID and Conventional Stormwater Management, ASCE Journal of Environmental Engineering, Vol. 139, No. 7, July 1, 2013, James J. Houle; Robert M. Roseen, Ph.D., P.E.; Thomas P. Ballestero, Ph.D., P.E.; Timothy A. Puls; and James Sherrard, Jr. (2) Subsurface Gravel Wetland, Design Specifications, June 2009, University of New Hampshire Stormwater Center (3) Low Impact Best Management Practice (BMP) Information Sheet, Constructed Stormwater Subsurface Gravel Wetland, January 2009, Charles River Watershed Association (4) The removal rates source is the “EPA Performance Curves – UNHSC Nomographs”. These nomographs were developed for systems designed to store up to 2” or rainfall. Removal rates included in this worksheet represent the removal rates for a system designed to adequately manage and treat the first 1” of runoff. Removal rates for Nitrogen and Phosphorus differ with the storage volume provided by different designs, and can be obtained for systems that can manage up to 2” of runoff, from the nomographs available from EPA website: https://www3.epa.gov/region1/npdes/stormwater/assets/pdfs/ms4-permit-nomographs.pdf | DS15: Draft MS-4 will be instructing towns to design systems that will help mitigate pollutants where there is an approved TMDL. Towns will need to start thinking about certain contaminants and treating for them. Good management practices, but will be difficult to quantify effect. EPA updating stormwater regulations (see Southeast Watershed Alliance website for an example). Siting requirements are all site specific, the reality is that there are only a few systems effective at N removal. Street sweeping study conducted by USGS for MassDEP provided removal rate for total phosphorus of 9% with three times per week sweeping, 8% for monthly sweeping, using a regenerative-air sweeper. Mechanical broom sweepers were found to have lower removal efficiency (3% TP removal for three times per week sweeping, and 1.4% TP removal for monthly sweeping). The USGS study was conducted in Cambridge which has urban tree network. In locations with less tree canopy, phosphorus removal efficiency would likely be less, because the street load is less. Towns should review requirements in permit requiring impervious surfaces – i.e. towns tend to oversize parking areas for commercial facilities.
B16: Stormwater BMP - Gravel Wetland (100 % WQV in internal storage) | D16: 112 | E16: Subsurface gravel wetlands typically have a high pollutant removal efficiency. They filter stormwater as it flows horizontally through a sediment forebay and a series of gravel-bottomed wetland cells. The wetland cells consist of a thin layer of wetland soil which supports a thick vegetative cover; below which is a thick layer of gravel where algae and microbes grow in abundance. Treatment occurs through physical, biological and chemical reactions in the wetland soil and gravel layers. Water flows through the series of cells via subsurface pipes and is discharged to a receiving waterway or additional best management practice (BMP) through a submerged pipe in the final cell. These systems are designed to maintain constant saturation of the wetland soils. Existing dry ponds can be retrofitted into a gravel wetland to more effectively treat stormwater runoff and may require less excavation than new construction. | F16: Stormwater | G16: Varies | H16: N, P, TSS, TPH-D, Zn, and Quantity Control | I16: ● MassDEP ● US EPA ● MassDOT ● Department of Public Works ● Board of Health ● Conservation Commission ● Natural Heritage ● The Nature Conservancy ● Mass Historical Commission ● US Army Corps or Engineers ● Division of Marine and Fisheries ● US Fish and Wildlife Service ● Building Department ● Land Owner | J16: ● Varies | K16: P 2 - Flow per Home (gpd) AN 2 - Project Cost Factor (%) BU 2 - Discount Rate (% APR) BX 2 - Planning Period (Nper in years) N 14 - Acres T 100 - Influent Nitrogen Load U 100- Influent Phosphorus Load | L16: Acres of Impervious Cover Treated | M16: 2750 | N16: 1 | O16: N/A | P16: N/A | Q16: =$T$108 -> 0 | R16: =$U$110 -> 0.3 | S16: 89 | T16: 98 | U16: 19 | V16: 61 | W16: =($Q$53-($Q$53*(($T$53+$S$53)/2)/100)-(Q16-(Q16*((T16+S16)/2)/100)))/($Q$53-($Q$53*(($T$53+$S$53)/2)/100)) -> 1 | X16: H | Y16: =((($Q16)*($S16/100))*(8.34*($M16/1000000)))*365 -> 0 | Z16: =((($Q16)*($T16/100))*(8.34*($M16/1000000)))*365 -> 0 | AA16: =Y16*0.4536 -> 0 | AB16: =Z16*0.4536 -> 0 | AC16: =(AA16+AB16)/2 -> 0 | AD16: =((($R16)*($U16/100))*(8.34*($M16/1000000)))*365 -> 0.47716267 | AE16: =((($R16)*($V16/100))*(8.34*($M16/1000000)))*365 -> 1.5319433 | AF16: =AD16*0.4536 -> 0.21644099 | AG16: =AE16*0.4536 -> 0.69488949 | AH16: 25000 | AI16: 35000 | AJ16: =(AH16+AI16)/2 -> 30000 | AK16: =AH16*($AA$109/$AA$107) -> 25000 | AL16: =AI16*($AA$109/$AA$107) -> 35000 | AM16: =AJ16*($AA$109/$AA$107) -> 30000 | AN16: 1.6 | AO16: =$AA$121 -> 250000 | AP16: =(AK16*(1+$AN$2))+AO16 -> 285000 | AQ16: =(AL16*(1+$AN$2))+AO16 -> 299000 | AR16: =(AP16+AQ16)/2 -> 292000 | AS16: 2000 | AT16: 2800 | AU16: =(AS16+AT16)/2 -> 2400 | AV16: =AS16*($AA$109/$AA$107) -> 2000 | AW16: =AT16*($AA$109/$AA$107) -> 2800 | AX16: =AU16*($AA$109/$AA$107) -> 2400 | AY16: 0.75 | AZ16: 0.1 | BA16: 0.1 | BB16: ● Increase cost for permitting ● Increase cost for local oversight/management. | BC16: =AP16*(1+$AZ16) -> 313500 | BD16: =AQ16*(1+$AZ16) -> 328900 | BE16: =AR16*(1+$AZ16) -> 321200 | BF16: =AV16*(1+$BA16) -> 2200 | BG16: =AW16*(1+$BA16) -> 3080 | BH16: =AX16*(1+$BA16) -> 2640 | BI16: 21 | BJ16: =BE16*0.5 -> 160600 | BK16: =IF(($CB$2/BI16)>0,((($CB$2/BI16))*BJ16),0) -> 152952.38 | BL16: =PV(((1+$BY$2)^BI16)-1,ROUNDUP($CB$2/BI16-1,0),-BJ16,0,0) -> -160600 | BM16: =IF((($Y16+$Z16)>0),((($Y16+$Z16)/2)*$CB$2),0) -> 0 | BN16: =BM16*0.4536 -> 0 | BO16: =IF((($AD16+$AE16)>0),((($AD16+$AE16)/2)*$CB$2),0) -> 20.09106 | BP16: =BO16*0.4536 -> 9.1133048 | BQ16: =IF($Q16<$W$122,BM16,(BM16-((BM16/$Q16)*($Q16-$W$122)))) -> 0 | BR16: =IF($Q16<$W$122,BN16,(BN16-((BN16/$Q16)*($Q16-$W$122)))) -> 0 | BS16: =IF($R16<$X$122,BO16,(BO16-((BO16/$R16)*($R16-$X$122)))) -> 20.09106 | BT16: =IF($R16<$X$122,BP16,(BP16-((BP16/$R16)*($R16-$X$122)))) -> 9.1133048 | BU16: =IF((Y16+Z16+AD16+AE16=0),(BE16+PV($BY$2,$CB$2,-BH16,0,0)),"N/A") -> N/A | BV16: =((BE16/12.46)+BH16)/((AA16+AB16)/2) -> #DIV/0! | BW16: =IF($BM16>0,(($BE16+$BL16)/$BM16),0) -> 0 | BX16: =IF($BM16>0,((PV($BY$2,$CB$2,-$BH16))/$BM16),0) -> 0 | BY16: =BW16+BX16 -> 0 | BZ16: =IF($BN16>0,(($BE16+$BL16)/$BN16),0) -> 0 | CA16: =IF($BN16>0,((PV($BY$2,$CB$2,-$BH16))/$BN16),0) -> 0 | CB16: =BZ16+CA16 -> 0 | CC16: =IF($BO16>0,(($BE16+$BL16)/$BO16),0) -> 7993.6051 | CD16: =IF($BO16>0,((PV($BY$2,$CB$2,-$BH16))/$BO16),0) -> 1637.556 | CE16: =CC16+CD16 -> 9631.1611 | CF16: =IF($BP16>0,(($BE16+$BL16)/$BP16),0) -> 17622.586 | CG16: =IF($BP16>0,((PV($BY$2,$CB$2,-$BH16))/$BP16),0) -> 3610.1322 | CH16: =CF16+CG16 -> 21232.718 | CM16: =IF($BQ16>0,(($BE16+$BL16)/$BQ16),0) -> 0 | CN16: =IF($BQ16>0,((PV($BY$2,$CB$2,-$BH16))/$BQ16),0) -> 0 | CO16: =CM16+CN16 -> 0 | CP16: =IF($BR16>0,(($BE16+$BL16)/$BR16),0) -> 0 | CQ16: =IF($BR16>0,((PV($BY$2,$CB$2,-$BH16))/$BR16),0) -> 0 | CR16: =CP16+CQ16 -> 0 | CS16: =IF($BS16>0,(($BE16+$BL16)/$BS16),0) -> 7993.6051 | CT16: =IF($BS16>0,((PV($BY$2,$CB$2,-$BH16))/$BS16),0) -> 1637.556 | CU16: =CS16+CT16 -> 9631.1611 | CV16: =IF($BT16>0,(($BE16+$BL16)/$BT16),0) -> 17622.586 | CW16: =IF($BT16>0,((PV($BY$2,$CB$2,-$BH16))/$BT16),0) -> 3610.1322 | CX16: =CV16+CW16 -> 21232.718 | CY16: ● N/A | CZ16: No | DA16: No | DB16: 2 to 10 | DC16: No | DD16: ● Very easily scalable. Treats stormwater runoff • Reduces peak stormwater flows • Provides local flood control • Improves quality of local surface waterways • Enhances the beauty of residential, commercial or industrial sites • Provides wildlife habitat • Reduces soil erosion • Provides effective year-round stormwater treatment in cold climates | DE16: ● Requires the creation and enforce of stormwater regulations and policies. | DF16: Yes | DG16: Yes | DH16: No | DI16: Yes | DJ16: ● Periodic Visual and Homeowner Compliance Inspections. | DK16: $200 to $301 | DL16: ● 2 to 5 | DM16: ● Periodic Visual and Homeowner Compliance Inspections. | DN16: $200 to $301 | DR16: (1) Comparison of Maintenance Cost, Labor Demands, and System Performance for LID and Conventional Stormwater Management, ASCE Journal of Environmental Engineering, Vol. 139, No. 7, July 1, 2013, James J. Houle; Robert M. Roseen, Ph.D., P.E.; Thomas P. Ballestero, Ph.D., P.E.; Timothy A. Puls; and James Sherrard, Jr. (2) Subsurface Gravel Wetland, Design Specifications, June 2009, University of New Hampshire Stormwater Center (3) Low Impact Best Management Practice (BMP) Information Sheet, Constructed Stormwater Subsurface Gravel Wetland, January 2009, Charles River Watershed Association (4) UNH Stromwater Center, Investigation of Bioretention Soil Media and Amendments of Nutrients from Stormwater Runoff - 2014 Unpublished Report | DS16: Draft MS-4 will be instructing towns to design systems that will help mitigate pollutants where there is an approved TMDL. Towns will need to start thinking about certain contaminants and treating for them. Good management practices, but will be difficult to quantify effect. EPA updating stormwater regulations (see Southeast Watershed Alliance website for an example). Siting requirements are all site specific, the reality is that there are only a few systems effective at N removal. Street sweeping study conducted by USGS for MassDEP provided removal rate for total phosphorus of 9% with three times per week sweeping, 8% for monthly sweeping, using a regenerative-air sweeper. Mechanical broom sweepers were found to have lower removal efficiency (3% TP removal for three times per week sweeping, and 1.4% TP removal for monthly sweeping). The USGS study was conducted in Cambridge which has urban tree network. In locations with less tree canopy, phosphorus removal efficiency would likely be less, because the street load is less. Towns should review requirements in permit requiring impervious surfaces – i.e. towns tend to oversize parking areas for commercial facilities.
B17: Stormwater: Bioretention / Soil Media Filters - Sandy Soils (no compost) | D17: 113 | E17: Bioretention is the process in which contaminants and sedimentation are removed from stormwater runoff through physical, biological and chemical treatment processes. Stormwater is collected into the treatment area which consists of a grass buffer strip, sand bed, ponding area, organic layer or mulch layer, planting soil, and plants. Runoff passes first over or through a sand bed, which slows the runoff's velocity, distributes it evenly along the length of the ponding area, which consists of a surface organic layer and/or groundcover and the underlying planting soil. The ponding area is graded, its center depressed. Water is ponded and gradually infiltrates the bioretention area or is evapotranspired. The bioretention area is graded to divert excess runoff away from itself. Stored water in the bioretention area planting soil exfiltrates over a period of days into the underlying soils. | F17: Stormwater | G17: 1 - 10 mg/L N 0.5 - 3 mg/L P | H17: N, P, TSS, TPH-D, Zn, and Quantity Control, TN, hydrocarbons, microorganisms | I17: ● MassDEP ● US EPA ● MassDOT ● Department of Public Works ● Board of Health ● Conservation Commission ● Natural Heritage ● The Nature Conservancy ● Mass Historical Commission ● US Army Corps or Engineers ● Division of Marine and Fisheries ● US Fish and Wildlife Service ● Building Department ● Land Owner | J17: ● GW depth > 2 feet. ● Footprint is greatly scalable. | K17: P 2 - Flow per Home (gpd) AN 2 - Project Cost Factor (%) BU 2 - Discount Rate (% APR) BX 2 - Planning Period (Nper in years) N 15 - Acres T 100 - Influent Nitrogen Load U 100- Influent Phosphorus Load | L17: Acres of Impervious Cover Treated | M17: 2750 | N17: 1 | O17: N/A | P17: N/A | Q17: =$T$108 -> 0 | R17: =$U$110 -> 0.3 | S17: 9 | T17: 32 | U17: 40 | V17: 65 | W17: =($Q$53-($Q$53*(($T$53+$S$53)/2)/100)-(Q17-(Q17*((T17+S17)/2)/100)))/($Q$53-($Q$53*(($T$53+$S$53)/2)/100)) -> 1 | X17: H | Y17: =((($Q17)*($S17/100))*(8.34*($M17/1000000)))*365 -> 0 | Z17: =((($Q17)*($T17/100))*(8.34*($M17/1000000)))*365 -> 0 | AA17: =Y17*0.4536 -> 0 | AB17: =Z17*0.4536 -> 0 | AC17: =(AA17+AB17)/2 -> 0 | AD17: =((($R17)*($U17/100))*(8.34*($M17/1000000)))*365 -> 1.004553 | AE17: =((($R17)*($V17/100))*(8.34*($M17/1000000)))*365 -> 1.6323986 | AF17: =AD17*0.4536 -> 0.45566524 | AG17: =AE17*0.4536 -> 0.74045602 | AH17: 75000 | AI17: 150000 | AJ17: =(AH17+AI17)/2 -> 112500 | AK17: =AH17*($AA$109/$AA$107) -> 75000 | AL17: =AI17*($AA$109/$AA$107) -> 150000 | AM17: =AJ17*($AA$109/$AA$107) -> 112500 | AN17: 0.5 | AO17: =$AA$121 -> 250000 | AP17: =(AK17*(1+$AN$2))+AO17 -> 355000 | AQ17: =(AL17*(1+$AN$2))+AO17 -> 460000 | AR17: =(AP17+AQ17)/2 -> 407500 | AS17: 4000 | AT17: 6000 | AU17: =(AS17+AT17)/2 -> 5000 | AV17: =AS17*($AA$109/$AA$107) -> 4000 | AW17: =AT17*($AA$109/$AA$107) -> 6000 | AX17: =AU17*($AA$109/$AA$107) -> 5000 | AY17: 0.75 | AZ17: 0.2 | BA17: 0.1 | BB17: ● Increase cost for pilot study. ● Increase cost for permitting. ● Increase cost for local oversight/management. | BC17: =AP17*(1+$AZ17) -> 426000 | BD17: =AQ17*(1+$AZ17) -> 552000 | BE17: =AR17*(1+$AZ17) -> 489000 | BF17: =AV17*(1+$BA17) -> 4400 | BG17: =AW17*(1+$BA17) -> 6600 | BH17: =AX17*(1+$BA17) -> 5500 | BI17: 20 | BJ17: =BE17*0.5 -> 244500 | BK17: =IF(($CB$2/BI17)>0,((($CB$2/BI17))*BJ17),0) -> 244500 | BL17: =PV(((1+$BY$2)^BI17)-1,ROUNDUP($CB$2/BI17-1,0),-BJ17,0,0) -> 0 | BM17: =IF((($Y17+$Z17)>0),((($Y17+$Z17)/2)*$CB$2),0) -> 0 | BN17: =BM17*0.4536 -> 0 | BO17: =IF((($AD17+$AE17)>0),((($AD17+$AE17)/2)*$CB$2),0) -> 26.369516 | BP17: =BO17*0.4536 -> 11.961213 | BQ17: =IF($Q17<$W$122,BM17,(BM17-((BM17/$Q17)*($Q17-$W$122)))) -> 0 | BR17: =IF($Q17<$W$122,BN17,(BN17-((BN17/$Q17)*($Q17-$W$122)))) -> 0 | BS17: =IF($R17<$X$122,BO17,(BO17-((BO17/$R17)*($R17-$X$122)))) -> 26.369516 | BT17: =IF($R17<$X$122,BP17,(BP17-((BP17/$R17)*($R17-$X$122)))) -> 11.961213 | BU17: =IF((Y17+Z17+AD17+AE17=0),(BE17+PV($BY$2,$CB$2,-BH17,0,0)),"N/A") -> N/A | BV17: =((BE17/12.46)+BH17)/((AA17+AB17)/2) -> #DIV/0! | BW17: =IF($BM17>0,(($BE17+$BL17)/$BM17),0) -> 0 | BX17: =IF($BM17>0,((PV($BY$2,$CB$2,-$BH17))/$BM17),0) -> 0 | BY17: =BW17+BX17 -> 0 | BZ17: =IF($BN17>0,(($BE17+$BL17)/$BN17),0) -> 0 | CA17: =IF($BN17>0,((PV($BY$2,$CB$2,-$BH17))/$BN17),0) -> 0 | CB17: =BZ17+CA17 -> 0 | CC17: =IF($BO17>0,(($BE17+$BL17)/$BO17),0) -> 18544.14 | CD17: =IF($BO17>0,((PV($BY$2,$CB$2,-$BH17))/$BO17),0) -> 2599.2952 | CE17: =CC17+CD17 -> 21143.435 | CF17: =IF($BP17>0,(($BE17+$BL17)/$BP17),0) -> 40882.143 | CG17: =IF($BP17>0,((PV($BY$2,$CB$2,-$BH17))/$BP17),0) -> 5730.3686 | CH17: =CF17+CG17 -> 46612.511 | CI17: =IF(Z17>0,((BC17+PV($BY$2,$CB$2,-BF17,0,0))/Z17),0) -> 0 | CJ17: =IF(Y17>0,((BD17+PV($BY$2,$CB$2,-BG17,0,0))/Y17),0) -> 0 | CK17: =IF(AE17>0,((BC17+PV($BY$2,$CB$2,-BF17,0,0))/AE17),0) -> 294556.56 | CL17: =IF(AD17>0,((BD17+PV($BY$2,$CB$2,-BG17,0,0))/AD17),0) -> 631375.93 | CM17: =IF($BQ17>0,(($BE17+$BL17)/$BQ17),0) -> 0 | CN17: =IF($BQ17>0,((PV($BY$2,$CB$2,-$BH17))/$BQ17),0) -> 0 | CO17: =CM17+CN17 -> 0 | CP17: =IF($BR17>0,(($BE17+$BL17)/$BR17),0) -> 0 | CQ17: =IF($BR17>0,((PV($BY$2,$CB$2,-$BH17))/$BR17),0) -> 0 | CR17: =CP17+CQ17 -> 0 | CS17: =IF($BS17>0,(($BE17+$BL17)/$BS17),0) -> 18544.14 | CT17: =IF($BS17>0,((PV($BY$2,$CB$2,-$BH17))/$BS17),0) -> 2599.2952 | CU17: =CS17+CT17 -> 21143.435 | CV17: =IF($BT17>0,(($BE17+$BL17)/$BT17),0) -> 40882.143 | CW17: =IF($BT17>0,((PV($BY$2,$CB$2,-$BH17))/$BT17),0) -> 5730.3686 | CX17: =CV17+CW17 -> 46612.511 | CY17: ● N/A | CZ17: No | DA17: No | DB17: 1 to 10 | DC17: No | DD17: ● Achieves nitrogen removal and phosphorus removal . | DE17: ● Open space required for construction. | DF17: Yes | DG17: Yes | DH17: No | DI17: Yes | DJ17: Periodic Visual Inspections. | DK17: $200 to $300 | DL17: ● 2 to 4 | DM17: Periodic Visual Inspections. | DN17: $200 to $300 | DR17: (1) A Comparison of Maintenance Cost, Labor Demands, and System Performance for LID and Conventional Stormwater Management, ASCE Journal of Environmental Engineering; January 25, 2013 (2) University of New Hampshire Stormwater Center, 2013 Annual Report. (3) 2009 UNHSC Specs. (4) EPA Fact Sheet: Bioretention Winogradoff, 2001 Claytor & Schueler, 1996. (5) Design of Stormwater Filtering Systems , 1996, R. Claytor, T. R. Schueler (6) US DOT, Stormwater Best Management Practices in an Ultra-Urban Setting: Selection and Monitoring - Fact Sheet - Filter Strips (7) State of Vermont, State of the Practice: Enhanced Nutrient Removal in Stormwater Treatment (8) USEPA Stormwater Technology Fact Sheet - Bioretention (9) UNH Stromwater Center, Investigation of Bioretention Soil Media and Amendments of Nutrients from Stormwater Runoff - 2014 Unpublished Report | DS17: Bioretention systems have the potential at some level for nutrient removal, although the BMP Database which included pollutant removal rates for several bioretention system throughout the country shows that most of these systems can have negative removal rate, in other words show leaching of nutrients. Their overall nutrients removal may be limited depending on the percentage of nitrogen load contributed by stormwater (It is typically around 10% on the Cape.) To optimize treatment, the residence time in the system should be prolonged and maintenance should be performed regularly to prevent leaching of nutrients. Bioretention's benefits are probably better analyzed at a “small/ site scale” rather than “large/neighborhood scale,” because they are best dosed by sheet flow, rather than serving as regional treatment systems. UNH has performed several controlled laboratory and field studies to evaluate various Bioretention designs for enhancing phosphorus and nitrogen removal rates. Some of their results (both published and unpublished to date) are incorporated in this database. However, optimized bioretention designs are better performers for phosphorus removal than nitrogen removal.
B18: Stormwater: Bioretention / Soil Media Filters - Loamy Soils (no compost) | D18: 109 | E18: Bioretention is the process in which contaminants and sedimentation are removed from stormwater runoff through physical, biological and chemical treatment processes. Stormwater is collected into the treatment area which consists of a grass buffer strip, sand bed, ponding area, organic layer or mulch layer, planting soil, and plants. Runoff passes first over or through a sand bed, which slows the runoff's velocity, distributes it evenly along the length of the ponding area, which consists of a surface organic layer and/or groundcover and the underlying planting soil. The ponding area is graded, its center depressed. Water is ponded and gradually infiltrates the bioretention area or is evapotranspired. The bioretention area is graded to divert excess runoff away from itself. Stored water in the bioretention area planting soil exfiltrates over a period of days into the underlying soils. | F18: Stormwater | G18: 1 - 10 mg/L N 0.5 - 3 mg/L P | H18: N, P, TSS, TPH-D, Zn, and Quantity Control, TN, hydrocarbons, microorganisms | I18: ● MassDEP ● US EPA ● MassDOT ● Department of Public Works ● Board of Health ● Conservation Commission ● Natural Heritage ● The Nature Conservancy ● Mass Historical Commission ● US Army Corps or Engineers ● Division of Marine and Fisheries ● US Fish and Wildlife Service ● Building Department ● Land Owner | J18: ● GW depth > 4 feet. ● Footprint is greatly scalable. | K18: P 2 - Flow per Home (gpd) AN 2 - Project Cost Factor (%) BU 2 - Discount Rate (% APR) BX 2 - Planning Period (Nper in years) N 15 - Acres T 100 - Influent Nitrogen Load U 100- Influent Phosphorus Load | L18: Acres of Impervious Cover Treated | M18: 2750 | N18: 1 | O18: N/A | P18: N/A | Q18: =$T$108 -> 0 | R18: =$U$110 -> 0.3 | S18: 9 | T18: 32 | U18: 90 | V18: 95 | W18: =($Q$53-($Q$53*(($T$53+$S$53)/2)/100)-(Q18-(Q18*((T18+S18)/2)/100)))/($Q$53-($Q$53*(($T$53+$S$53)/2)/100)) -> 1 | X18: H | Y18: =((($Q18)*($S18/100))*(8.34*($M18/1000000)))*365 -> 0 | Z18: =((($Q18)*($T18/100))*(8.34*($M18/1000000)))*365 -> 0 | AA18: =Y18*0.4536 -> 0 | AB18: =Z18*0.4536 -> 0 | AC18: =(AA18+AB18)/2 -> 0 | AD18: =((($R18)*($U18/100))*(8.34*($M18/1000000)))*365 -> 2.2602442 | AE18: =((($R18)*($V18/100))*(8.34*($M18/1000000)))*365 -> 2.3858134 | AF18: =AD18*0.4536 -> 1.0252468 | AG18: =AE18*0.4536 -> 1.0822049 | AH18: 75000 | AI18: 150000 | AJ18: =(AH18+AI18)/2 -> 112500 | AK18: =AH18*($AA$109/$AA$107) -> 75000 | AL18: =AI18*($AA$109/$AA$107) -> 150000 | AM18: =AJ18*($AA$109/$AA$107) -> 112500 | AN18: 0.5 | AO18: =$AA$121 -> 250000 | AP18: =(AK18*(1+$AN$2))+AO18 -> 355000 | AQ18: =(AL18*(1+$AN$2))+AO18 -> 460000 | AR18: =(AP18+AQ18)/2 -> 407500 | AS18: 4000 | AT18: 6000 | AU18: =(AS18+AT18)/2 -> 5000 | AV18: =AS18*($AA$109/$AA$107) -> 4000 | AW18: =AT18*($AA$109/$AA$107) -> 6000 | AX18: =AU18*($AA$109/$AA$107) -> 5000 | AY18: 0.75 | AZ18: 0.2 | BA18: 0.1 | BB18: ● Increase cost for pilot study. ● Increase cost for permitting. ● Increase cost for local oversight/management. | BC18: =AP18*(1+$AZ18) -> 426000 | BD18: =AQ18*(1+$AZ18) -> 552000 | BE18: =AR18*(1+$AZ18) -> 489000 | BF18: =AV18*(1+$BA18) -> 4400 | BG18: =AW18*(1+$BA18) -> 6600 | BH18: =AX18*(1+$BA18) -> 5500 | BI18: 20 | BJ18: =BE18*0.5 -> 244500 | BK18: =IF(($CB$2/BI18)>0,((($CB$2/BI18))*BJ18),0) -> 244500 | BL18: =PV(((1+$BY$2)^BI18)-1,ROUNDUP($CB$2/BI18-1,0),-BJ18,0,0) -> 0 | BM18: =IF((($Y18+$Z18)>0),((($Y18+$Z18)/2)*$CB$2),0) -> 0 | BN18: =BM18*0.4536 -> 0 | BO18: =IF((($AD18+$AE18)>0),((($AD18+$AE18)/2)*$CB$2),0) -> 46.460576 | BP18: =BO18*0.4536 -> 21.074517 | BQ18: =IF($Q18<$W$122,BM18,(BM18-((BM18/$Q18)*($Q18-$W$122)))) -> 0 | BR18: =IF($Q18<$W$122,BN18,(BN18-((BN18/$Q18)*($Q18-$W$122)))) -> 0 | BS18: =IF($R18<$X$122,BO18,(BO18-((BO18/$R18)*($R18-$X$122)))) -> 46.460576 | BT18: =IF($R18<$X$122,BP18,(BP18-((BP18/$R18)*($R18-$X$122)))) -> 21.074517 | BU18: =IF((Y18+Z18+AD18+AE18=0),(BE18+PV($BY$2,$CB$2,-BH18,0,0)),"N/A") -> N/A | BV18: =((BE18/12.46)+BH18)/((AA18+AB18)/2) -> #DIV/0! | BW18: =IF($BM18>0,(($BE18+$BL18)/$BM18),0) -> 0 | BX18: =IF($BM18>0,((PV($BY$2,$CB$2,-$BH18))/$BM18),0) -> 0 | BY18: =BW18+BX18 -> 0 | BZ18: =IF($BN18>0,(($BE18+$BL18)/$BN18),0) -> 0 | CA18: =IF($BN18>0,((PV($BY$2,$CB$2,-$BH18))/$BN18),0) -> 0 | CB18: =BZ18+CA18 -> 0 | CC18: =IF($BO18>0,(($BE18+$BL18)/$BO18),0) -> 10525.052 | CD18: =IF($BO18>0,((PV($BY$2,$CB$2,-$BH18))/$BO18),0) -> 1475.2757 | CE18: =CC18+CD18 -> 12000.328 | CF18: =IF($BP18>0,(($BE18+$BL18)/$BP18),0) -> 23203.378 | CG18: =IF($BP18>0,((PV($BY$2,$CB$2,-$BH18))/$BP18),0) -> 3252.3714 | CH18: =CF18+CG18 -> 26455.75 | CI18: =IF(Z18>0,((BC18+PV($BY$2,$CB$2,-BF18,0,0))/Z18),0) -> 0 | CJ18: =IF(Y18>0,((BD18+PV($BY$2,$CB$2,-BG18,0,0))/Y18),0) -> 0 | CK18: =IF(AE18>0,((BC18+PV($BY$2,$CB$2,-BF18,0,0))/AE18),0) -> 201538.7 | CL18: =IF(AD18>0,((BD18+PV($BY$2,$CB$2,-BG18,0,0))/AD18),0) -> 280611.53 | CM18: =IF($BQ18>0,(($BE18+$BL18)/$BQ18),0) -> 0 | CN18: =IF($BQ18>0,((PV($BY$2,$CB$2,-$BH18))/$BQ18),0) -> 0 | CO18: =CM18+CN18 -> 0 | CP18: =IF($BR18>0,(($BE18+$BL18)/$BR18),0) -> 0 | CQ18: =IF($BR18>0,((PV($BY$2,$CB$2,-$BH18))/$BR18),0) -> 0 | CR18: =CP18+CQ18 -> 0 | CS18: =IF($BS18>0,(($BE18+$BL18)/$BS18),0) -> 10525.052 | CT18: =IF($BS18>0,((PV($BY$2,$CB$2,-$BH18))/$BS18),0) -> 1475.2757 | CU18: =CS18+CT18 -> 12000.328 | CV18: =IF($BT18>0,(($BE18+$BL18)/$BT18),0) -> 23203.378 | CW18: =IF($BT18>0,((PV($BY$2,$CB$2,-$BH18))/$BT18),0) -> 3252.3714 | CX18: =CV18+CW18 -> 26455.75 | CY18: ● N/A | CZ18: No | DA18: No | DB18: 1 to 10 | DC18: No | DD18: ● Achieves nitrogen removal and phosphorus removal . | DE18: ● Open space required for construction. | DF18: Yes | DG18: Yes | DH18: No | DI18: Yes | DJ18: Periodic Visual Inspections. | DK18: $200 to $300 | DL18: ● 2 to 4 | DM18: Periodic Visual Inspections. | DN18: $200 to $300 | DR18: (1) A Comparison of Maintenance Cost, Labor Demands, and System Performance for LID and Conventional Stormwater Management, ASCE Journal of Environmental Engineering; January 25, 2013 (2) University of New Hampshire Stormwater Center, 2013 Annual Report. (3) 2009 UNHSC Specs. (4) EPA Fact Sheet: Bioretention Winogradoff, 2001 Claytor & Schueler, 1996. (5) Design of Stormwater Filtering Systems , 1996, R. Claytor, T. R. Schueler (6) US DOT, Stormwater Best Management Practices in an Ultra-Urban Setting: Selection and Monitoring - Fact Sheet - Filter Strips (7) State of Vermont, State of the Practice: Enhanced Nutrient Removal in Stormwater Treatment (8) USEPA Stormwater Technology Fact Sheet - Bioretention (9) UNH Stromwater Center, Investigation of Bioretention Soil Media and Amendments of Nutrients from Stormwater Runoff - 2014 Unpublished Report | DS18: Bioretention systems have the potential at some level for nutrient removal, although the BMP Database which included pollutant removal rates for several bioretention system throughout the country shows that most of these systems can have negative removal rate, in other words show leaching of nutrients. Their overall nutrients removal may be limited depending on the percentage of nitrogen load contributed by stormwater (It is typically around 10% on the Cape.) To optimize treatment, the residence time in the system should be prolonged and maintenance should be performed regularly to prevent leaching of nutrients. Bioretention's benefits are probably better analyzed at a “small/ site scale” rather than “large/neighborhood scale,” because they are best dosed by sheet flow, rather than serving as regional treatment systems. UNH has performed several controlled laboratory and field studies to evaluate various Bioretention designs for enhancing phosphorus and nitrogen removal rates. Some of their results (both published and unpublished to date) are incorporated in this database. However, optimized bioretention designs are better performers for phosphorus removal than nitrogen removal.
B19: Stormwater: Enhanced Bioretention Filters with ZVI or WTR | D19: 114 | E19: Bioretention is the process in which contaminants and sedimentation are removed from stormwater runoff through physical, biological and chemical treatment processes. Stormwater is collected into the treatment area which consists of a grass buffer strip, sand bed, ponding area, organic layer or mulch layer, planting soil, and plants. Runoff passes first over or through a sand bed, which slows the runoff's velocity, distributes it evenly along the length of the ponding area, which consists of a surface organic layer and/or groundcover and the underlying planting soil. The ponding area is graded, its center depressed. Water is ponded and gradually infiltrates the bioretention area or is evapotranspired. The bioretention area is graded to divert excess runoff away from itself. Stored water in the bioretention area planting soil exfiltrates over a period of days into the underlying soils. | F19: Stormwater | G19: 2 - 10 mg/L N 0.5 - 3 mg/L P | H19: N, P, TSS, TPH-D, Zn, and Quantity Control, TN, hydrocarbons, microorganisms | I19: ● MassDEP ● US EPA ● MassDOT ● Department of Public Works ● Board of Health ● Conservation Commission ● Natural Heritage ● The Nature Conservancy ● Mass Historical Commission ● US Army Corps or Engineers ● Division of Marine and Fisheries ● US Fish and Wildlife Service ● Building Department ● Land Owner | J19: ● GW depth > 4 feet. ● Footprint is greatly scalable. | K19: P 2 - Flow per Home (gpd) AN 2 - Project Cost Factor (%) BU 2 - Discount Rate (% APR) BX 2 - Planning Period (Nper in years) N 15 - Acres T 100 - Influent Nitrogen Load U 100- Influent Phosphorus Load | L19: Acres of Impervious Cover Treated | M19: 2750 | N19: 1 | O19: N/A | P19: N/A | Q19: =$T$108 -> 0 | R19: =$U$110 -> 0.3 | S19: 9 | T19: 32 | U19: 89 | V19: 98 | W19: =($Q$53-($Q$53*(($T$53+$S$53)/2)/100)-(Q19-(Q19*((T19+S19)/2)/100)))/($Q$53-($Q$53*(($T$53+$S$53)/2)/100)) -> 1 | X19: M | Y19: =((($Q19)*($S19/100))*(8.34*($M19/1000000)))*365 -> 0 | Z19: =((($Q19)*($T19/100))*(8.34*($M19/1000000)))*365 -> 0 | AA19: =Y19*0.4536 -> 0 | AB19: =Z19*0.4536 -> 0 | AC19: =(AA19+AB19)/2 -> 0 | AD19: =((($R19)*($U19/100))*(8.34*($M19/1000000)))*365 -> 2.2351304 | AE19: =((($R19)*($V19/100))*(8.34*($M19/1000000)))*365 -> 2.4611548 | AF19: =AD19*0.4536 -> 1.0138552 | AG19: =AE19*0.4536 -> 1.1163798 | AH19: 75000 | AI19: 150000 | AJ19: =(AH19+AI19)/2 -> 112500 | AK19: =AH19*($AA$109/$AA$107) -> 75000 | AL19: =AI19*($AA$109/$AA$107) -> 150000 | AM19: =AJ19*($AA$109/$AA$107) -> 112500 | AN19: 1.5 | AO19: =$AA$121 -> 250000 | AP19: =(AK19*(1+$AN$2))+AO19 -> 355000 | AQ19: =(AL19*(1+$AN$2))+AO19 -> 460000 | AR19: =(AP19+AQ19)/2 -> 407500 | AS19: 4000 | AT19: 6000 | AU19: =(AS19+AT19)/2 -> 5000 | AV19: =AS19*($AA$109/$AA$107) -> 4000 | AW19: =AT19*($AA$109/$AA$107) -> 6000 | AX19: =AU19*($AA$109/$AA$107) -> 5000 | AY19: 0.75 | AZ19: 0.2 | BA19: 0.1 | BB19: ● Increase cost for pilot study. ● Increase cost for permitting. ● Increase cost for local oversight/management. | BC19: =AP19*(1+$AZ19) -> 426000 | BD19: =AQ19*(1+$AZ19) -> 552000 | BE19: =AR19*(1+$AZ19) -> 489000 | BF19: =AV19*(1+$BA19) -> 4400 | BG19: =AW19*(1+$BA19) -> 6600 | BH19: =AX19*(1+$BA19) -> 5500 | BI19: 21 | BJ19: =BE19*0.5 -> 244500 | BK19: =IF(($CB$2/BI19)>0,((($CB$2/BI19))*BJ19),0) -> 232857.14 | BL19: =PV(((1+$BY$2)^BI19)-1,ROUNDUP($CB$2/BI19-1,0),-BJ19,0,0) -> -244500 | BM19: =IF((($Y19+$Z19)>0),((($Y19+$Z19)/2)*$CB$2),0) -> 0 | BN19: =BM19*0.4536 -> 0 | BO19: =IF((($AD19+$AE19)>0),((($AD19+$AE19)/2)*$CB$2),0) -> 46.962853 | BP19: =BO19*0.4536 -> 21.30235 | BQ19: =IF($Q19<$W$122,BM19,(BM19-((BM19/$Q19)*($Q19-$W$122)))) -> 0 | BR19: =IF($Q19<$W$122,BN19,(BN19-((BN19/$Q19)*($Q19-$W$122)))) -> 0 | BS19: =IF($R19<$X$122,BO19,(BO19-((BO19/$R19)*($R19-$X$122)))) -> 46.962853 | BT19: =IF($R19<$X$122,BP19,(BP19-((BP19/$R19)*($R19-$X$122)))) -> 21.30235 | BU19: =IF((Y19+Z19+AD19+AE19=0),(BE19+PV($BY$2,$CB$2,-BH19,0,0)),"N/A") -> N/A | BV19: =((BE19/12.46)+BH19)/((AA19+AB19)/2) -> #DIV/0! | BW19: =IF($BM19>0,(($BE19+$BL19)/$BM19),0) -> 0 | BX19: =IF($BM19>0,((PV($BY$2,$CB$2,-$BH19))/$BM19),0) -> 0 | BY19: =BW19+BX19 -> 0 | BZ19: =IF($BN19>0,(($BE19+$BL19)/$BN19),0) -> 0 | CA19: =IF($BN19>0,((PV($BY$2,$CB$2,-$BH19))/$BN19),0) -> 0 | CB19: =BZ19+CA19 -> 0 | CC19: =IF($BO19>0,(($BE19+$BL19)/$BO19),0) -> 5206.2425 | CD19: =IF($BO19>0,((PV($BY$2,$CB$2,-$BH19))/$BO19),0) -> 1459.4973 | CE19: =CC19+CD19 -> 6665.7398 | CF19: =IF($BP19>0,(($BE19+$BL19)/$BP19),0) -> 11477.607 | CG19: =IF($BP19>0,((PV($BY$2,$CB$2,-$BH19))/$BP19),0) -> 3217.5866 | CH19: =CF19+CG19 -> 14695.194 | CI19: =IF(Z19>0,((BC19+PV($BY$2,$CB$2,-BF19,0,0))/Z19),0) -> 0 | CJ19: =IF(Y19>0,((BD19+PV($BY$2,$CB$2,-BG19,0,0))/Y19),0) -> 0 | CK19: =IF(AE19>0,((BC19+PV($BY$2,$CB$2,-BF19,0,0))/AE19),0) -> 195369.15 | CL19: =IF(AD19>0,((BD19+PV($BY$2,$CB$2,-BG19,0,0))/AD19),0) -> 283764.46 | CM19: =IF($BQ19>0,(($BE19+$BL19)/$BQ19),0) -> 0 | CN19: =IF($BQ19>0,((PV($BY$2,$CB$2,-$BH19))/$BQ19),0) -> 0 | CO19: =CM19+CN19 -> 0 | CP19: =IF($BR19>0,(($BE19+$BL19)/$BR19),0) -> 0 | CQ19: =IF($BR19>0,((PV($BY$2,$CB$2,-$BH19))/$BR19),0) -> 0 | CR19: =CP19+CQ19 -> 0 | CS19: =IF($BS19>0,(($BE19+$BL19)/$BS19),0) -> 5206.2425 | CT19: =IF($BS19>0,((PV($BY$2,$CB$2,-$BH19))/$BS19),0) -> 1459.4973 | CU19: =CS19+CT19 -> 6665.7398 | CV19: =IF($BT19>0,(($BE19+$BL19)/$BT19),0) -> 11477.607 | CW19: =IF($BT19>0,((PV($BY$2,$CB$2,-$BH19))/$BT19),0) -> 3217.5866 | CX19: =CV19+CW19 -> 14695.194 | CY19: ● N/A | CZ19: No | DA19: No | DB19: 2 to 10 | DC19: No | DD19: ● Achieves nitrogen removal and phosphorus removal . | DE19: ● Open space required for construction. | DF19: Yes | DG19: Yes | DH19: No | DI19: Yes | DJ19: Periodic Visual Inspections. | DK19: $200 to $301 | DL19: ● 2 to 5 | DM19: Periodic Visual Inspections. | DN19: $200 to $301 | DR19: (1) A Comparison of Maintenance Cost, Labor Demands, and System Performance for LID and Conventional Stormwater Management, ASCE Journal of Environmental Engineering; January 25, 2013 (2) University of New Hampshire Stormwater Center, 2013 Annual Report. (3) 2009 UNHSC Specs. (4) EPA Fact Sheet: Bioretention Winogradoff, 2001 Claytor & Schueler, 1996. (5) Design of Stormwater Filtering Systems , 1996, R. Claytor, T. R. Schueler (6) US DOT, Stormwater Best Management Practices in an Ultra-Urban Setting: Selection and Monitoring - Fact Sheet - Filter Strips (7) State of Vermont, State of the Practice: Enhanced Nutrient Removal in Stormwater Treatment (8) USEPA Stormwater Technology Fact Sheet - Bioretention (9) UNH Stromwater Center, Investigation of Bioretention Soil Media and Amendments of Nutrients from Stormwater Runoff - 2014 Unpublished Report | DS19: Bioretention systems have the potential at some level for nutrient removal, although the BMP Database which included pollutant removal rates for several bioretention system throughout the country shows that most of these systems can have negative removal rate, in other words show leaching of nutrients. Their overall nutrients removal may be limited depending on the percentage of nitrogen load contributed by stormwater (It is typically around 10% on the Cape.) To optimize treatment, the residence time in the system should be prolonged and maintenance should be performed regularly to prevent leaching of nutrients. Bioretention's benefits are probably better analyzed at a “small/ site scale” rather than “large/neighborhood scale,” because they are best dosed by sheet flow, rather than serving as regional treatment systems. UNH has performed several controlled laboratory and field studies to evaluate various Bioretention designs for enhancing phosphorus and nitrogen removal rates. Some of their results (both published and unpublished to date) are incorporated in this database. However, optimized bioretention designs are better performers for phosphorus removal than nitrogen removal.
B20: Stormwater: Bioretention Systems with Internal Storage Reservoir (ISR) | D20: 115 | E20: Bioretention is the process in which contaminants and sedimentation are removed from stormwater runoff through physical, biological and chemical treatment processes. Stormwater is collected into the treatment area which consists of a grass buffer strip, sand bed, ponding area, organic layer or mulch layer, planting soil, and plants. Runoff passes first over or through a sand bed, which slows the runoff's velocity, distributes it evenly along the length of the ponding area, which consists of a surface organic layer and/or groundcover and the underlying planting soil. The ponding area is graded, its center depressed. Water is ponded and gradually infiltrates the bioretention area or is evapotranspired. The bioretention area is graded to divert excess runoff away from itself. Stored water in the bioretention area planting soil exfiltrates over a period of days into the underlying soils. | F20: Stormwater | G20: 2 - 10 mg/L N 0.5 - 3 mg/L P | H20: N, P, TSS, TPH-D, Zn, and Quantity Control, TN, hydrocarbons, microorganisms | I20: ● MassDEP ● US EPA ● MassDOT ● Department of Public Works ● Board of Health ● Conservation Commission ● Natural Heritage ● The Nature Conservancy ● Mass Historical Commission ● US Army Corps or Engineers ● Division of Marine and Fisheries ● US Fish and Wildlife Service ● Building Department ● Land Owner | J20: ● GW depth > 4 feet. ● Footprint is greatly scalable. | K20: P 2 - Flow per Home (gpd) AN 2 - Project Cost Factor (%) BU 2 - Discount Rate (% APR) BX 2 - Planning Period (Nper in years) N 15 - Acres T 100 - Influent Nitrogen Load U 100- Influent Phosphorus Load | L20: Acres of Impervious Cover Treated | M20: 2750 | N20: 1 | O20: N/A | P20: N/A | Q20: =$T$108 -> 0 | R20: =$U$110 -> 0.3 | S20: 32 | T20: 75 | U20: 19 | V20: 76 | W20: =($Q$53-($Q$53*(($T$53+$S$53)/2)/100)-(Q20-(Q20*((T20+S20)/2)/100)))/($Q$53-($Q$53*(($T$53+$S$53)/2)/100)) -> 1 | X20: M | Y20: =((($Q20)*($S20/100))*(8.34*($M20/1000000)))*365 -> 0 | Z20: =((($Q20)*($T20/100))*(8.34*($M20/1000000)))*365 -> 0 | AA20: =Y20*0.4536 -> 0 | AB20: =Z20*0.4536 -> 0 | AC20: =(AA20+AB20)/2 -> 0 | AD20: =((($R20)*($U20/100))*(8.34*($M20/1000000)))*365 -> 0.47716267 | AE20: =((($R20)*($V20/100))*(8.34*($M20/1000000)))*365 -> 1.9086507 | AF20: =AD20*0.4536 -> 0.21644099 | AG20: =AE20*0.4536 -> 0.86576396 | AH20: 75000 | AI20: 150000 | AJ20: =(AH20+AI20)/2 -> 112500 | AK20: =AH20*($AA$109/$AA$107) -> 75000 | AL20: =AI20*($AA$109/$AA$107) -> 150000 | AM20: =AJ20*($AA$109/$AA$107) -> 112500 | AN20: 1.5 | AO20: =$AA$121 -> 250000 | AP20: =(AK20*(1+$AN$2))+AO20 -> 355000 | AQ20: =(AL20*(1+$AN$2))+AO20 -> 460000 | AR20: =(AP20+AQ20)/2 -> 407500 | AS20: 4000 | AT20: 6000 | AU20: =(AS20+AT20)/2 -> 5000 | AV20: =AS20*($AA$109/$AA$107) -> 4000 | AW20: =AT20*($AA$109/$AA$107) -> 6000 | AX20: =AU20*($AA$109/$AA$107) -> 5000 | AY20: 0.75 | AZ20: 0.2 | BA20: 0.1 | BB20: ● Increase cost for pilot study. ● Increase cost for permitting. ● Increase cost for local oversight/management. | BC20: =AP20*(1+$AZ20) -> 426000 | BD20: =AQ20*(1+$AZ20) -> 552000 | BE20: =AR20*(1+$AZ20) -> 489000 | BF20: =AV20*(1+$BA20) -> 4400 | BG20: =AW20*(1+$BA20) -> 6600 | BH20: =AX20*(1+$BA20) -> 5500 | BI20: 21 | BJ20: =BE20*0.5 -> 244500 | BK20: =IF(($CB$2/BI20)>0,((($CB$2/BI20))*BJ20),0) -> 232857.14 | BL20: =PV(((1+$BY$2)^BI20)-1,ROUNDUP($CB$2/BI20-1,0),-BJ20,0,0) -> -244500 | BM20: =IF((($Y20+$Z20)>0),((($Y20+$Z20)/2)*$CB$2),0) -> 0 | BN20: =BM20*0.4536 -> 0 | BO20: =IF((($AD20+$AE20)>0),((($AD20+$AE20)/2)*$CB$2),0) -> 23.858134 | BP20: =BO20*0.4536 -> 10.822049 | BQ20: =IF($Q20<$W$122,BM20,(BM20-((BM20/$Q20)*($Q20-$W$122)))) -> 0 | BR20: =IF($Q20<$W$122,BN20,(BN20-((BN20/$Q20)*($Q20-$W$122)))) -> 0 | BS20: =IF($R20<$X$122,BO20,(BO20-((BO20/$R20)*($R20-$X$122)))) -> 23.858134 | BT20: =IF($R20<$X$122,BP20,(BP20-((BP20/$R20)*($R20-$X$122)))) -> 10.822049 | BU20: =IF((Y20+Z20+AD20+AE20=0),(BE20+PV($BY$2,$CB$2,-BH20,0,0)),"N/A") -> N/A | BV20: =((BE20/12.46)+BH20)/((AA20+AB20)/2) -> #DIV/0! | BW20: =IF($BM20>0,(($BE20+$BL20)/$BM20),0) -> 0 | BX20: =IF($BM20>0,((PV($BY$2,$CB$2,-$BH20))/$BM20),0) -> 0 | BY20: =BW20+BX20 -> 0 | BZ20: =IF($BN20>0,(($BE20+$BL20)/$BN20),0) -> 0 | CA20: =IF($BN20>0,((PV($BY$2,$CB$2,-$BH20))/$BN20),0) -> 0 | CB20: =BZ20+CA20 -> 0 | CC20: =IF($BO20>0,(($BE20+$BL20)/$BO20),0) -> 10248.077 | CD20: =IF($BO20>0,((PV($BY$2,$CB$2,-$BH20))/$BO20),0) -> 2872.9052 | CE20: =CC20+CD20 -> 13120.983 | CF20: =IF($BP20>0,(($BE20+$BL20)/$BP20),0) -> 22592.763 | CG20: =IF($BP20>0,((PV($BY$2,$CB$2,-$BH20))/$BP20),0) -> 6333.5653 | CH20: =CF20+CG20 -> 28926.328 | CI20: =IF(Z20>0,((BC20+PV($BY$2,$CB$2,-BF20,0,0))/Z20),0) -> 0 | CJ20: =IF(Y20>0,((BD20+PV($BY$2,$CB$2,-BG20,0,0))/Y20),0) -> 0 | CK20: =IF(AE20>0,((BC20+PV($BY$2,$CB$2,-BF20,0,0))/AE20),0) -> 251923.37 | CL20: =IF(AD20>0,((BD20+PV($BY$2,$CB$2,-BG20,0,0))/AD20),0) -> 1329212.5 | CM20: =IF($BQ20>0,(($BE20+$BL20)/$BQ20),0) -> 0 | CN20: =IF($BQ20>0,((PV($BY$2,$CB$2,-$BH20))/$BQ20),0) -> 0 | CO20: =CM20+CN20 -> 0 | CP20: =IF($BR20>0,(($BE20+$BL20)/$BR20),0) -> 0 | CQ20: =IF($BR20>0,((PV($BY$2,$CB$2,-$BH20))/$BR20),0) -> 0 | CR20: =CP20+CQ20 -> 0 | CS20: =IF($BS20>0,(($BE20+$BL20)/$BS20),0) -> 10248.077 | CT20: =IF($BS20>0,((PV($BY$2,$CB$2,-$BH20))/$BS20),0) -> 2872.9052 | CU20: =CS20+CT20 -> 13120.983 | CV20: =IF($BT20>0,(($BE20+$BL20)/$BT20),0) -> 22592.763 | CW20: =IF($BT20>0,((PV($BY$2,$CB$2,-$BH20))/$BT20),0) -> 6333.5653 | CX20: =CV20+CW20 -> 28926.328 | CY20: ● N/A | CZ20: No | DA20: No | DB20: 2 to 10 | DC20: No | DD20: ● Achieves nitrogen removal and phosphorus removal . | DE20: ● Open space required for construction. | DF20: Yes | DG20: Yes | DH20: No | DI20: Yes | DJ20: Periodic Visual Inspections. | DK20: $200 to $301 | DL20: ● 2 to 5 | DM20: Periodic Visual Inspections. | DN20: $200 to $301 | DR20: (1) A Comparison of Maintenance Cost, Labor Demands, and System Performance for LID and Conventional Stormwater Management, ASCE Journal of Environmental Engineering; January 25, 2013 (2) University of New Hampshire Stormwater Center, 2013 Annual Report. (3) 2009 UNHSC Specs. (4) EPA Fact Sheet: Bioretention Winogradoff, 2001 Claytor & Schueler, 1996. (5) Design of Stormwater Filtering Systems , 1996, R. Claytor, T. R. Schueler (6) US DOT, Stormwater Best Management Practices in an Ultra-Urban Setting: Selection and Monitoring - Fact Sheet - Filter Strips (7) State of Vermont, State of the Practice: Enhanced Nutrient Removal in Stormwater Treatment (8) USEPA Stormwater Technology Fact Sheet - Bioretention (9) The removal rates source is the “EPA Performance Curves – UNHSC Nomographs”. These nomographs were developed for systems designed to store up to 2” or rainfall. Removal rates included in this worksheet represent the removal rates for a system designed to adequately manage and treat the first 1” of runoff. Removal rates for Nitrogen and Phosphorus differ with the storage volume provided by different designs, and can be obtained for systems that can manage up to 2” of runoff, from the nomographs available from EPA website: https://www3.epa.gov/region1/npdes/stormwater/assets/pdfs/ms4-permit-nomographs.pdf | DS20: Bioretention systems have the potential at some level for nutrient removal, although the BMP Database which included pollutant removal rates for several bioretention system throughout the country shows that most of these systems can have negative removal rate, in other words show leaching of nutrients. Their overall nutrients removal may be limited depending on the percentage of nitrogen load contributed by stormwater (It is typically around 10% on the Cape.) To optimize treatment, the residence time in the system should be prolonged and maintenance should be performed regularly to prevent leaching of nutrients. Bioretention's benefits are probably better analyzed at a “small/ site scale” rather than “large/neighborhood scale,” because they are best dosed by sheet flow, rather than serving as regional treatment systems. UNH has performed several controlled laboratory and field studies to evaluate various Bioretention designs for enhancing phosphorus and nitrogen removal rates. Some of their results (both published and unpublished to date) are incorporated in this database. However, optimized bioretention designs are better performers for phosphorus removal than nitrogen removal.
B21: Stormwater: Wet Pond | D21: 116 | E21: Stormwater "wet ponds" or "retention ponds" are stormwater facilities constructed by excavation or by raising embankments to create an impoundment and provide both temporary and permanent storage of stormwater runoff. Outlet structures are typically used along with impermeable liner of manmade materials or clay layers, to create a permanently wet pond that is maintained between rainfall events. Wet ponds promote settlement of solids as well as biological treatment between storm events. Although they can provide reasonably good water quality treatment, lack of maintenance can lead to decreasing removal efficiencies overtime and even “leaching” of retained pollutants overtime. | F21: Stormwater | G21: 3 - 10 mg/L N 0.5 - 3 mg/L P | H21: N, P, TSS, TPH-D, Zn, and Quantity Control, TN, hydrocarbons, microorganisms | I21: ● MassDEP ● US EPA ● MassDOT ● Department of Public Works ● Board of Health ● Conservation Commission ● Natural Heritage ● The Nature Conservancy ● Mass Historical Commission ● US Army Corps or Engineers ● Division of Marine and Fisheries ● US Fish and Wildlife Service ● Building Department ● Land Owner | J21: ● GW depth > 4 feet. ● Footprint is greatly scalable. | K21: P 2 - Flow per Home (gpd) AN 2 - Project Cost Factor (%) BU 2 - Discount Rate (% APR) BX 2 - Planning Period (Nper in years) N 15 - Acres T 100 - Influent Nitrogen Load U 100- Influent Phosphorus Load | L21: Acres of Impervious Cover Treated | M21: 2750 | N21: 1 | O21: N/A | P21: N/A | Q21: =$T$108 -> 0 | R21: =$U$110 -> 0.3 | S21: 9 | T21: 32 | U21: 14 | V21: 53 | W21: =($Q$53-($Q$53*(($T$53+$S$53)/2)/100)-(Q21-(Q21*((T21+S21)/2)/100)))/($Q$53-($Q$53*(($T$53+$S$53)/2)/100)) -> 1 | X21: M | Y21: =((($Q21)*($S21/100))*(8.34*($M21/1000000)))*365 -> 0 | Z21: =((($Q21)*($T21/100))*(8.34*($M21/1000000)))*365 -> 0 | AA21: =Y21*0.4536 -> 0 | AB21: =Z21*0.4536 -> 0 | AC21: =(AA21+AB21)/2 -> 0 | AD21: =((($R21)*($U21/100))*(8.34*($M21/1000000)))*365 -> 0.35159355 | AE21: =((($R21)*($V21/100))*(8.34*($M21/1000000)))*365 -> 1.3310327 | AF21: =AD21*0.4536 -> 0.15948283 | AG21: =AE21*0.4536 -> 0.60375644 | DR21: (1) The removal rates source is the “EPA Performance Curves – UNHSC Nomographs”. These nomographs were developed for systems designed to store up to 2” or rainfall. Removal rates included in this worksheet represent the removal rates for a system designed to adequately manage and treat the first 1” of runoff. Removal rates for Nitrogen and Phosphorus differ with the storage volume provided by different designs, and can be obtained for systems that can manage up to 2” of runoff, from the nomographs available from EPA website: https://www3.epa.gov/region1/npdes/stormwater/assets/pdfs/ms4-permit-nomographs.pdf
B22: Stormwater: Tree Box Filter | D22: 117 | E22: Tree Box Filters are essentially biofiltration systems contained within a concrete vault. The more significant differences from a typical biofiltration system are: • Given that tree box filters have a smaller footprint, the soil mix needs to have a higher permeability rate than bioretention systems (typically a mix of 80% sand and 20% compost with low Phosphorus leaching potential or loam), and • The vegetation consists of a single tree or shrubbery the roots of which can be contained within the concrete vault | F22: Stormwater | G22: 4 - 10 mg/L N 0.5 - 3 mg/L P | H22: N, P, TSS, TPH-D, Zn, and Quantity Control, TN, hydrocarbons, microorganisms | I22: ● MassDEP ● US EPA ● MassDOT ● Department of Public Works ● Board of Health ● Conservation Commission ● Natural Heritage ● The Nature Conservancy ● Mass Historical Commission ● US Army Corps or Engineers ● Division of Marine and Fisheries ● US Fish and Wildlife Service ● Building Department ● Land Owner | J22: ● Footprint can be longitudinally scalable as tree trenches. | K22: P 2 - Flow per Home (gpd) AN 2 - Project Cost Factor (%) BU 2 - Discount Rate (% APR) BX 2 - Planning Period (Nper in years) N 15 - Acres T 100 - Influent Nitrogen Load U 100- Influent Phosphorus Load | L22: Acres of Impervious Cover Treated | M22: 2750 | N22: 1 | O22: N/A | P22: N/A | Q22: =$T$108 -> 0 | R22: =$U$110 -> 0.3 | S22: 1 | T22: 3 | U22: 0 | V22: 0 | W22: =($Q$53-($Q$53*(($T$53+$S$53)/2)/100)-(Q22-(Q22*((T22+S22)/2)/100)))/($Q$53-($Q$53*(($T$53+$S$53)/2)/100)) -> 1 | X22: L | Y22: =((($Q22)*($S22/100))*(8.34*($M22/1000000)))*365 -> 0 | AA22: =Y22*0.4536 -> 0 | AD22: =((($R22)*($U22/100))*(8.34*($M22/1000000)))*365 -> 0 | AE22: =((($R22)*($V22/100))*(8.34*($M22/1000000)))*365 -> 0 | AF22: =AD22*0.4536 -> 0 | AG22: =AE22*0.4536 -> 0 | DR22: (1) The removal rates source is the “EPA Performance Curves – UNHSC Nomographs”. These nomographs were developed for systems designed to store up to 2” or rainfall. Removal rates included in this worksheet represent the removal rates for a system designed to adequately manage and treat the first 1” of runoff. Removal rates for Nitrogen and Phosphorus differ with the storage volume provided by different designs, and can be obtained for systems that can manage up to 2” of runoff, from the nomographs available from EPA website: https://www3.epa.gov/region1/npdes/stormwater/assets/pdfs/ms4-permit-nomographs.pdf
B23: Stormwater: Constructed Wetlands | D23: 110 | E23: Constructed wetlands provide aerobic chambers followed by subsurface anaerobic chambers that facilitate nitrification followed by denitrification, respectively. This process mimics that of natural systems coupled with engineering design guaranteeing residence time within a chamber containing anaerobic conditions. This partnership allows for year round removal efficiencies of nitrogen. The reclaimed water from the wetland can be discharged into a water body or used for open space irrigation after treatment. The reclaimed water can also be discharged into a leach field or similar system for discharge to the groundwater. | F23: Groundwater Stormwater | G23: 1 - 10 mg/L N 0.5 - 3 mg/L P | H23: N, P, TSS, TPH-D, Zn, and Quantity Control | I23: ● MassDEP ● US EPA ● MassDOT ● Department of Public Works ● Board of Health ● Conservation Commission ● Natural Heritage ● The Nature Conservancy ● Mass Historical Commission ● US Army Corps or Engineers ● Division of Marine and Fisheries ● US Fish and Wildlife Service ● Building Department ● Land Owner | J23: ● GW depth > 4 feet. ● Footprint is greatly scalable. | K23: P 2 - Flow per Home (gpd) AN 2 - Project Cost Factor (%) BU 2 - Discount Rate (% APR) BX 2 - Planning Period (Nper in years) N 16 - Acres T 100 - Influent Nitrogen Load U 100- Influent Phosphorus Load | L23: Acres of Impervious Cover Treated | M23: 2750 | N23: 1 | O23: N/A | P23: N/A | Q23: =$T$108 -> 0 | R23: =$U$110 -> 0.3 | S23: 50 | T23: 90 | U23: 1 | V23: 80 | W23: =($Q$53-($Q$53*(($T$53+$S$53)/2)/100)-(Q23-(Q23*((T23+S23)/2)/100)))/($Q$53-($Q$53*(($T$53+$S$53)/2)/100)) -> 1 | X23: H | Y23: =((($Q23)*($S23/100))*(8.34*($M23/1000000)))*365 -> 0 | Z23: =((($Q23)*($T23/100))*(8.34*($M23/1000000)))*365 -> 0 | AA23: =Y23*0.4536 -> 0 | AB23: =Z23*0.4536 -> 0 | AC23: =(AA23+AB23)/2 -> 0 | AD23: =((($R23)*($U23/100))*(8.34*($M23/1000000)))*365 -> 0.025113825 | AE23: =((($R23)*($V23/100))*(8.34*($M23/1000000)))*365 -> 2.009106 | AF23: =AD23*0.4536 -> 0.011391631 | AG23: =AE23*0.4536 -> 0.91133048 | AH23: 65000 | AI23: 75000 | AJ23: =(AH23+AI23)/2 -> 70000 | AK23: =AH23*($AA$109/$AA$107) -> 65000 | AL23: =AI23*($AA$109/$AA$107) -> 75000 | AM23: =AJ23*($AA$109/$AA$107) -> 70000 | AN23: 0.6 | AO23: =$AA$121 -> 250000 | AP23: =(AK23*(1+$AN$2))+AO23 -> 341000 | AQ23: =(AL23*(1+$AN$2))+AO23 -> 355000 | AR23: =(AP23+AQ23)/2 -> 348000 | AS23: 4000 | AT23: 6000 | AU23: =(AS23+AT23)/2 -> 5000 | AV23: =AS23*($AA$109/$AA$107) -> 4000 | AW23: =AT23*($AA$109/$AA$107) -> 6000 | AX23: =AU23*($AA$109/$AA$107) -> 5000 | AY23: 0.75 | AZ23: 0.1 | BA23: 0.1 | BB23: ● Increase cost for permitting. ● Increase cost for local oversight/management. | BC23: =AP23*(1+$AZ23) -> 375100 | BD23: =AQ23*(1+$AZ23) -> 390500 | BE23: =AR23*(1+$AZ23) -> 382800 | BF23: =AV23*(1+$BA23) -> 4400 | BG23: =AW23*(1+$BA23) -> 6600 | BH23: =AX23*(1+$BA23) -> 5500 | BI23: 20 | BJ23: =BE23*0.25 -> 95700 | BK23: =IF(($CB$2/BI23)>0,((($CB$2/BI23))*BJ23),0) -> 95700 | BL23: =PV(((1+$BY$2)^BI23)-1,ROUNDUP($CB$2/BI23-1,0),-BJ23,0,0) -> 0 | BM23: =IF((($Y23+$Z23)>0),((($Y23+$Z23)/2)*$CB$2),0) -> 0 | BN23: =BM23*0.4536 -> 0 | BO23: =IF((($AD23+$AE23)>0),((($AD23+$AE23)/2)*$CB$2),0) -> 20.342198 | BP23: =BO23*0.4536 -> 9.2272211 | BQ23: =IF($Q23<$W$122,BM23,(BM23-((BM23/$Q23)*($Q23-$W$122)))) -> 0 | BR23: =IF($Q23<$W$122,BN23,(BN23-((BN23/$Q23)*($Q23-$W$122)))) -> 0 | BS23: =IF($R23<$X$122,BO23,(BO23-((BO23/$R23)*($R23-$X$122)))) -> 20.342198 | BT23: =IF($R23<$X$122,BP23,(BP23-((BP23/$R23)*($R23-$X$122)))) -> 9.2272211 | BU23: =IF((Y23+Z23+AD23+AE23=0),(BE23+PV($BY$2,$CB$2,-BH23,0,0)),"N/A") -> N/A | BV23: =((BE23/12.46)+BH23)/((AA23+AB23)/2) -> #DIV/0! | BW23: =IF($BM23>0,(($BE23+$BL23)/$BM23),0) -> 0 | BX23: =IF($BM23>0,((PV($BY$2,$CB$2,-$BH23))/$BM23),0) -> 0 | BY23: =BW23+BX23 -> 0 | BZ23: =IF($BN23>0,(($BE23+$BL23)/$BN23),0) -> 0 | CA23: =IF($BN23>0,((PV($BY$2,$CB$2,-$BH23))/$BN23),0) -> 0 | CB23: =BZ23+CA23 -> 0 | CC23: =IF($BO23>0,(($BE23+$BL23)/$BO23),0) -> 18818.025 | CD23: =IF($BO23>0,((PV($BY$2,$CB$2,-$BH23))/$BO23),0) -> 3369.4567 | CE23: =CC23+CD23 -> 22187.482 | CF23: =IF($BP23>0,(($BE23+$BL23)/$BP23),0) -> 41485.946 | CG23: =IF($BP23>0,((PV($BY$2,$CB$2,-$BH23))/$BP23),0) -> 7428.2556 | CH23: =CF23+CG23 -> 48914.202 | CI23: =IF(Z23>0,((BC23+PV($BY$2,$CB$2,-BF23,0,0))/Z23),0) -> 0 | CJ23: =IF(Y23>0,((BD23+PV($BY$2,$CB$2,-BG23,0,0))/Y23),0) -> 0 | CK23: =IF(AE23>0,((BC23+PV($BY$2,$CB$2,-BF23,0,0))/AE23),0) -> 213992.55 | CL23: =IF(AD23>0,((BD23+PV($BY$2,$CB$2,-BG23,0,0))/AD23),0) -> 18824316 | CM23: =IF($BQ23>0,(($BE23+$BL23)/$BQ23),0) -> 0 | CN23: =IF($BQ23>0,((PV($BY$2,$CB$2,-$BH23))/$BQ23),0) -> 0 | CO23: =CM23+CN23 -> 0 | CP23: =IF($BR23>0,(($BE23+$BL23)/$BR23),0) -> 0 | CQ23: =IF($BR23>0,((PV($BY$2,$CB$2,-$BH23))/$BR23),0) -> 0 | CR23: =CP23+CQ23 -> 0 | CS23: =IF($BS23>0,(($BE23+$BL23)/$BS23),0) -> 18818.025 | CT23: =IF($BS23>0,((PV($BY$2,$CB$2,-$BH23))/$BS23),0) -> 3369.4567 | CU23: =CS23+CT23 -> 22187.482 | CV23: =IF($BT23>0,(($BE23+$BL23)/$BT23),0) -> 41485.946 | CW23: =IF($BT23>0,((PV($BY$2,$CB$2,-$BH23))/$BT23),0) -> 7428.2556 | CX23: =CV23+CW23 -> 48914.202 | CY23: ● N/A | CZ23: No | DA23: No | DB23: 1 to 10 | DC23: No | DD23: ● Achieves high nitrogen removal and phosphorus removal. | DE23: ● Open space required for construction. | DF23: Yes | DG23: Yes | DH23: No | DI23: Yes | DJ23: Periodic Visual Inspections. | DK23: $200 to $300 | DL23: ● 2 to 4 | DM23: Periodic Visual Inspections. | DN23: $200 to $300 | DR23: (1) A Comparison of Maintenance Cost, Labor Demands, and System Performance for LID and Conventional Stormwater Management. Journal of Environmental Engineering; January 25, 2013 (2) University of New Hampshire Stormwater Center, 2013 Annual Report; (3) In general very similar principals, removal and sizing/removal rates as FWS wetlands but need to take into consideration episodic flow events vs. regular flow events. (4) USEPA Fact Sheet: http://water.epa.gov/infrastructure/septic/upload/wetlands-subsurface_flow.pdf | DS23: Draft MS-4 will be instructing towns to design systems that will help mitigate pollutants where there is an approved TMDL. Towns will need to start thinking about certain contaminants and treating for them.
A24: Innovative and Resource-Management Technologies | B24: Aquaculture - Shellfish Cultivated In Estuary Bed | D24: 201 | E24: Shellfish, and specifically oysters, remove nitrogen from their environment. The growing and removal of the mature oysters can remove nitrogen from an estuary, reducing the estuary's nitrogen load. Aquaculture can become a dual purpose project where shellfish are harvested for market while there will be a local reduction in nitrogen in the overlying water column during the growth and maturation of the oysters. This method of aquaculture cultivates the shellfish in the benthic soils of the estuary or estuary bed. Harvesting a portion of the oysters is required to remove nitrogen. Cultivating shellfish in the estuary bed can be used in combination with other types of aquaculture as well as floating constructed wetlands designed for brackish water. | F24: Ambient Nitrogen Levels in an Estuary | G24: 0.5 - 2.5 mg/L N | H24: Nitrogen Phosphorus | I24: ● MassDEP ● US EPA ● MassDOT ● Department of Public Works ● Board of Health ● Conservation Commission ● Natural Heritage ● The Nature Conservancy ● Mass Historical Commission ● US Army Corps or Engineers ● Division of Marine and Fisheries ● US Fish and Wildlife Service | J24: ● Suitable substrate in saltwater/estuarine environments. ● Suitable area within estuary to seed and cultivate shellfish. | K24: P 2 - Flow per Home (gpd) AN 2 - Project Cost Factor (%) BU 2 - Discount Rate (% APR) BX 2 - Planning Period (Nper in years) N 17 - Acres W 105 - Nitrogen removed per acre (Low) X 105 - Nitrogen removed per acre (High) | L24: Acres | M24: N/A | N24: 1 | O24: N/A | P24: N/A | Q24: =$Q$113 -> 0.75 | R24: =$R$113 -> 0.5 | S24: 8 | T24: 15 | U24: 0 | V24: 0 | W24: =($Q$53-($Q$53*(($T$53+$S$53)/2)/100)-(Q24-(Q24*((T24+S24)/2)/100)))/($Q$53-($Q$53*(($T$53+$S$53)/2)/100)) -> 0.97471429 | X24: N/A | Y24: =$W$115*N24 -> 440 | Z24: =$X$115*N24 -> 660 | AA24: =Y24*0.4536 -> 199.584 | AB24: =Z24*0.4536 -> 299.376 | AC24: =(AA24+AB24)/2 -> 249.48 | AD24: 0 | AE24: 0 | AF24: =AD24*0.4536 -> 0 | AG24: =AE24*0.4536 -> 0 | AH24: 25000 | AI24: 50000 | AJ24: =(AH24+AI24)/2 -> 37500 | AK24: =AH24*($AA$109/$AA$107) -> 25000 | AL24: =AI24*($AA$109/$AA$107) -> 50000 | AM24: =AJ24*($AA$109/$AA$107) -> 37500 | AN24: 0.5 | AO24: 0 | AP24: =(AK24*(1+$AN$2))+AO24 -> 35000 | AQ24: =(AL24*(1+$AN$2))+AO24 -> 70000 | AR24: =(AP24+AQ24)/2 -> 52500 | AS24: 0 | AT24: 10000 | AU24: =(AS24+AT24)/2 -> 5000 | AV24: =AS24*($AA$109/$AA$107) -> 0 | AW24: =AT24*($AA$109/$AA$107) -> 10000 | AX24: =AU24*($AA$109/$AA$107) -> 5000 | AY24: 0.75 | AZ24: 0.2 | BA24: 0.1 | BB24: ● Increase cost for pilot study. ● Increase cost for permitting. ● Increase cost for local oversight/management. | BC24: =AP24*(1+$AZ24) -> 42000 | BD24: =AQ24*(1+$AZ24) -> 84000 | BE24: =AR24*(1+$AZ24) -> 63000 | BF24: =AV24*(1+$BA24) -> 0 | BG24: =AW24*(1+$BA24) -> 11000 | BH24: =AX24*(1+$BA24) -> 5500 | BI24: 20 | BJ24: =BE24*0.25 -> 15750 | BK24: =IF(($CB$2/BI24)>0,((($CB$2/BI24))*BJ24),0) -> 15750 | BL24: =PV(((1+$BY$2)^BI24)-1,ROUNDUP($CB$2/BI24-1,0),-BJ24,0,0) -> 0 | BM24: =IF((($Y24+$Z24)>0),((($Y24+$Z24)/2)*$CB$2),0) -> 11000 | BN24: =BM24*0.4536 -> 4989.6 | BO24: =IF((($AD24+$AE24)>0),((($AD24+$AE24)/2)*$CB$2),0) -> 0 | BP24: =BO24*0.4536 -> 0 | BQ24: =IF($Q24<$W$122,BM24,(BM24-((BM24/$Q24)*($Q24-$W$122)))) -> 11000 | BR24: =IF($Q24<$W$122,BN24,(BN24-((BN24/$Q24)*($Q24-$W$122)))) -> 4989.6 | BS24: =IF($R24<$X$122,BO24,(BO24-((BO24/$R24)*($R24-$X$122)))) -> 0 | BT24: =IF($R24<$X$122,BP24,(BP24-((BP24/$R24)*($R24-$X$122)))) -> 0 | BU24: =IF((Y24+Z24+AD24+AE24=0),(BE24+PV($BY$2,$CB$2,-BH24,0,0)),"N/A") -> N/A | BV24: =((BE24/12.46)+BH24)/((AA24+AB24)/2) -> 42.31273 | BW24: =IF($BM24>0,(($BE24+$BL24)/$BM24),0) -> 5.7272727 | BX24: =IF($BM24>0,((PV($BY$2,$CB$2,-$BH24))/$BM24),0) -> 6.2311052 | BY24: =BW24+BX24 -> 11.958378 | BZ24: =IF($BN24>0,(($BE24+$BL24)/$BN24),0) -> 12.626263 | CA24: =IF($BN24>0,((PV($BY$2,$CB$2,-$BH24))/$BN24),0) -> 13.737004 | CB24: =BZ24+CA24 -> 26.363267 | CC24: =IF($BO24>0,(($BE24+$BL24)/$BO24),0) -> 0 | CD24: =IF($BO24>0,((PV($BY$2,$CB$2,-$BH24))/$BO24),0) -> 0 | CE24: =CC24+CD24 -> 0 | CF24: =IF($BP24>0,(($BE24+$BL24)/$BP24),0) -> 0 | CG24: =IF($BP24>0,((PV($BY$2,$CB$2,-$BH24))/$BP24),0) -> 0 | CH24: =CF24+CG24 -> 0 | CI24: =IF(Z24>0,((BC24+PV($BY$2,$CB$2,-BF24,0,0))/Z24),0) -> 63.636364 | CJ24: =IF(Y24>0,((BD24+PV($BY$2,$CB$2,-BG24,0,0))/Y24),0) -> 502.46435 | CK24: =IF(AE24>0,((BC24+PV($BY$2,$CB$2,-BF24,0,0))/AE24),0) -> 0 | CL24: =IF(AD24>0,((BD24+PV($BY$2,$CB$2,-BG24,0,0))/AD24),0) -> 0 | CM24: =IF($BQ24>0,(($BE24+$BL24)/$BQ24),0) -> 5.7272727 | CN24: =IF($BQ24>0,((PV($BY$2,$CB$2,-$BH24))/$BQ24),0) -> 6.2311052 | CO24: =CM24+CN24 -> 11.958378 | CP24: =IF($BR24>0,(($BE24+$BL24)/$BR24),0) -> 12.626263 | CQ24: =IF($BR24>0,((PV($BY$2,$CB$2,-$BH24))/$BR24),0) -> 13.737004 | CR24: =CP24+CQ24 -> 26.363267 | CS24: =IF($BS24>0,(($BE24+$BL24)/$BS24),0) -> 0 | CT24: =IF($BS24>0,((PV($BY$2,$CB$2,-$BH24))/$BS24),0) -> 0 | CU24: =CS24+CT24 -> 0 | CV24: =IF($BT24>0,(($BE24+$BL24)/$BT24),0) -> 0 | CW24: =IF($BT24>0,((PV($BY$2,$CB$2,-$BH24))/$BT24),0) -> 0 | CX24: =CV24+CW24 -> 0 | CY24: ● N/A | CZ24: No | DA24: No | DB24: 1 to 3 | DC24: Yes | DD24: ● Low cost per pound of nitrogen removed. ● Potential positive economic impacts. ● One of few approaches to effectively sink natural nitrogen sources. ● Can help manage soil and silt run-off and buffers against coastal erosion. ● Can improved water quality parameters in addition to nitrogen. ● Provides carbon sequestration and can buffer ocean acidification. ● Increases biodiversity and supports plant life survivability for eel grass and other species. ● Increases critical commercial and recreational fish populations. ● Economic benefits (commercial shellfish harvesting). ● Aquaculture can enhance other types of benthic denitrification rates, but the rate is variable. | DE24: ● May not be applicable in all watersheds due to growing conditions, aesthetics or navigation. ● Seasonal nitrogen uptake although coincident with natural cycle and algal blooms. ● Requires removal of shellfish. in order to take credit for nitrogen removal. ● Nitrogen uptake subject to possible disruption due to disease or population crash. ● Population monitoring is important to maintain persistence of the benefit. ● Large concentrations of shellfish can generate waste products, reduce dissolved oxygen levels, and possibly generate ammonia. ● Shellfish will undergo rapid growth to a marketable size after which they must be harvested. The entire process is then be repeated. If this is not economically viable for harvesting and selling the shellfish, the harvested shellfish will have to be disposed of. ● Can require large areas to gain significant nitrogen removal. ● If the waterbody is closed for shell fishing, management of the shellfish by the town (or other) will be required to prevent the shellfish from getting into the food supply. | DF24: Yes | DG24: Yes | DH24: Yes | DI24: Yes | DJ24: ● Periodic laboratory analysis of surface waters for nutrient, microbe, and other compounds. ● Periodic laboratory analysis of shellfish meat and shell for nutrient concentrations and other compounds. ● Periodic vegetative assessment. | DK24: $10,000 to $15,000 | DL24: ● 2 to 4 | DM24: ● Periodic laboratory analysis of surface waters for nutrient, microbe, and other compounds. ● Periodic laboratory analysis of shellfish meat and shell for nutrient concentrations and other compounds. ● Periodic vegetative assessment. | DN24: $2,500 to $5,000 | DQ24: LINKS: Aquaculture - Shellfish | DR24: (1) Carmichael, R.H. and W. Walton, H. Clark, June 2012, Bivalve Enhanced Nitrogen Removal From Coastal Estuaries, LINK: http://www.auburn.edu/~wcw0003/products/publications/carmichael-rh-w-walton--h.html (2) The Nature Conservancy: Oyster Reef Building and Restoration for Coastal Protection, LINK: https://www.nature.org/ourinitiatives/regions/northamerica/unitedstates/louisiana/oyster-reef-restoration-in-louisiana.xml (3) Assessment of Oyster Reefs in Lynnhaven River as a Chesapeake Bay TMDL Best Management Practice, MacSisson, Lisa Kellogg, Mark Luckenbach, Rom Lipcius, Allison Colden, Jeff Cornwell, and Michael Owens Final Report to the U. S. Army Corps of Engineers, Norfolk District, LINK: http://web.vims.edu/GreyLit/VIMS/sramsoe429.pdf (4) Various studies have quantified removal rates, though there is variation depending on shellfish type and environmental conditions. (5) Assessment of Oyster Reefs in Lynnhaven River as a Chesapeake Bay TMDL Best Management Practice, MacSisson, Lisa Kellogg, Mark Luckenbach, Rom Lipcius, Allison Colden, Jeff Cornwell, and Michael Owens Final Report to the U. S. Army Corps of Engineers, Norfolk District, LINK: http://web.vims.edu/GreyLit/VIMS/sramsoe429.pdf (6) Estuarine Fish and Shellfish Species in U.S. Commercial and Recreational Fisheries: Economic Value as an Incentive to Protect and Restore Estuarine Habitat, K. A. Lellis-Dibble, K. E. McGlynn, and T. E. Bigford November 2008, LINK: http://www.habitat.noaa.gov/pdf/publications_general_estuarinefishshellfish.pdf (7) Bay Area Monitor, Scientists Set Seashells by the Seashore, Aleta George, October 1, 2013, LINK: http://bayplanningcoalition.org/wp-content/uploads/2013/10/Bay-Area-Monitor-Seashells-by-the-Seashore.pdf (8) Range of 250 to 1,000 Kg of N per acre based ongoing pilot studies in Falmouth, MA and Wellfleet, MA. Analysis uses a conservative value of 250 Kg of N per acre. (9) Kellogg, Lisa, Virginia Inset of Marine Science, Denitrification and Nutrient Assimilation on a Restored Oyster Reef, May 2013, LINK: http://www.int-res.com/abstracts/meps/v480/p1-19/ (10) Rice, Michael A,, Et. Al., Changes in Shell and Soft Tissue Growth, Tissue Compositions of Quahogs and Soft-Shelled Clams in Response to Eutrophic Driven Changes in Food supply and Habitat. Boston University, Journal of Experimental Marine Biology and Ecology. August 2004, (11) STAC Report, Evaluation of the Use of Shellfish as a Means of Nutrient Reduction in the Chesapeake Bay, September, 3013d (12) Circle C Oyster Ranchers Association: http://www.oysterranching.com/background.html (13) Food and Agricultural Organization of the United States: Hatchery Culture of Bivalves - Fisheries Technical Paper 471, LINK: http://www.fao.org/docrep/007/y5720e/y5720e02.htm | DS24: Pilot study likely requiring establishment of baseline water quality and monitoring once pilot project is online. The pilot study results will likely be used to determine the effectiveness and efficiency of the technology before allowing full implementation. Need to work closely with the ongoing Cape demonstration projects to evaluate those data. Need to consider reef building projects vs. bag or cage type projects. Shellfish will only remove nitrogen if it is in particulate form through filtering. Some areas have had to use horse mussels instead of blue mussels and oysters. In general, the installation of oyster aquaculture is not allowed in areas where there is a prohibition on harvesting. However, there is a procedure that if a town is willing to enforce the no harvesting rule that aquaculture can be used in restricted areas. This is not in a regulation, but is sited in a paper. In some areas, there are prohibition of oyster harvesting due to water quality concerns. There is concern that these oysters may get into the food supply and cause illness. Will need to coordinate with Division of Marine Fisheries (DMF). Towns may want to consider looking at mariculture instead of oyster aquiculture. Mariculture uses seaweeds to reduce nitrogen loads. There is some concern over habitat displacement. Care will need to be taken when placing aquiculture projects. Aquaculture is a biological system. Oysters can be susceptible to disease, mass die-offs, etc. This needs to be factored in when designing a nitrogen removal plan, specifically, aquaculture should not be the only strategy incase of a mass die-off. Towns need to consider other issues that relate to maintenance of living organisms Aquaculture is a seasonal solution, with little nitrogen reduction occurring in the winter months.
B25: Aquaculture - Shellfish | D25: 202 | E25: See Tab for Aquaculture Details Shellfish, and specifically oysters, remove nitrogen from their environment. The growing and removal of the mature oysters can remove nitrogen from an estuary, reducing the estuary's nitrogen load. Aquaculture can become a dual purpose project where shellfish are harvested for market while there will be a local reduction in nitrogen in the overlying water column during the growth and maturation of the oysters. This method of aquaculture cultivates shellfish above the estuary bed in containers. Harvesting a portion of the oysters is required to remove nitrogen. Cultivating shellfish above the estuary bed can be used in combination with other types of aquaculture as well as floating constructed wetlands designed for brackish water. This is a water body Restoration technology. | F25: Ambient Nitrogen Levels in an Estuary | G25: 0.5 - 2.5 mg/L N | H25: Nitrogen Phosphorus | I25: ● MassDEP ● US EPA ● MassDOT ● Department of Public Works ● Board of Health ● Conservation Commission ● Natural Heritage ● Mass Historical Commission ● US Army Corps or Engineers ● Division of Marine and Fisheries ● US Fish and Wildlife Service | J25: ● Suitable area within estuary to seed and cultivate shellfish. | K25: P 2 - Flow per Home (gpd) AN 2 - Project Cost Factor (%) BU 2 - Discount Rate (% APR) BX 2 - Planning Period (Nper in years)) N 18 - Acres W 105 - Nitrogen removed per acre (Low) X 105 - Nitrogen removed per acre (High) | L25: Acres | M25: N/A | N25: 1 | O25: N/A | P25: N/A | Q25: =$Q$113 -> 0.75 | R25: =$R$113 -> 0.5 | S25: 8 | T25: 15 | U25: 0 | V25: 0 | W25: =($Q$53-($Q$53*(($T$53+$S$53)/2)/100)-(Q25-(Q25*((T25+S25)/2)/100)))/($Q$53-($Q$53*(($T$53+$S$53)/2)/100)) -> 0.97471429 | X25: N/A | Y25: =$W$115*N25 -> 440 | Z25: =$X$115*N25 -> 660 | AA25: 52 | AB25: 100 | AC25: NA | AD25: 0 | AE25: 0 | AF25: =AD25*0.4536 -> 0 | AG25: =AE25*0.4536 -> 0 | AH25: 25000 | AI25: 50000 | AJ25: =(AH25+AI25)/2 -> 37500 | AK25: =AH25*($AA$109/$AA$107) -> 25000 | AL25: =AI25*($AA$109/$AA$107) -> 50000 | AM25: =AJ25*($AA$109/$AA$107) -> 37500 | AN25: 0.5 | AO25: 0 | AP25: =(AK25*(1+$AN$2))+AO25 -> 35000 | AQ25: =(AL25*(1+$AN$2))+AO25 -> 70000 | AR25: =(AP25+AQ25)/2 -> 52500 | AS25: 0 | AT25: 10000 | AU25: =(AS25+AT25)/2 -> 5000 | AV25: =AS25*($AA$109/$AA$107) -> 0 | AW25: =AT25*($AA$109/$AA$107) -> 10000 | AX25: =AU25*($AA$109/$AA$107) -> 5000 | AY25: 0.75 | AZ25: 0.2 | BA25: 0.1 | BB25: ● Increase cost for pilot study. ● Increase cost for permitting. ● Increase cost for local oversight/management. | BC25: =AP25*(1+$AZ25) -> 42000 | BD25: =AQ25*(1+$AZ25) -> 84000 | BE25: =AR25*(1+$AZ25) -> 63000 | BF25: =AV25*(1+$BA25) -> 0 | BG25: =AW25*(1+$BA25) -> 11000 | BH25: =AX25*(1+$BA25) -> 5500 | BI25: 20 | BJ25: =BE25*0.25 -> 15750 | BK25: =IF(($CB$2/BI25)>0,((($CB$2/BI25))*BJ25),0) -> 15750 | BL25: =PV(((1+$BY$2)^BI25)-1,ROUNDUP($CB$2/BI25-1,0),-BJ25,0,0) -> 0 | BM25: =IF((($Y25+$Z25)>0),((($Y25+$Z25)/2)*$CB$2),0) -> 11000 | BN25: =BM25*0.4536 -> 4989.6 | BO25: =IF((($AD25+$AE25)>0),((($AD25+$AE25)/2)*$CB$2),0) -> 0 | BP25: =BO25*0.4536 -> 0 | BQ25: =IF($Q25<$W$122,BM25,(BM25-((BM25/$Q25)*($Q25-$W$122)))) -> 11000 | BR25: =IF($Q25<$W$122,BN25,(BN25-((BN25/$Q25)*($Q25-$W$122)))) -> 4989.6 | BS25: =IF($R25<$X$122,BO25,(BO25-((BO25/$R25)*($R25-$X$122)))) -> 0 | BT25: =IF($R25<$X$122,BP25,(BP25-((BP25/$R25)*($R25-$X$122)))) -> 0 | BU25: =IF((Y25+Z25+AD25+AE25=0),(BE25+PV($BY$2,$CB$2,-BH25,0,0)),"N/A") -> N/A | BV25: =((BE25/12.46)+BH25)/((AA25+AB25)/2) -> 138.8971 | BW25: =IF($BM25>0,(($BE25+$BL25)/$BM25),0) -> 5.7272727 | BX25: =IF($BM25>0,((PV($BY$2,$CB$2,-$BH25))/$BM25),0) -> 6.2311052 | BY25: =BW25+BX25 -> 11.958378 | BZ25: =IF($BN25>0,(($BE25+$BL25)/$BN25),0) -> 12.626263 | CA25: =IF($BN25>0,((PV($BY$2,$CB$2,-$BH25))/$BN25),0) -> 13.737004 | CB25: =BZ25+CA25 -> 26.363267 | CC25: =IF($BO25>0,(($BE25+$BL25)/$BO25),0) -> 0 | CD25: =IF($BO25>0,((PV($BY$2,$CB$2,-$BH25))/$BO25),0) -> 0 | CE25: =CC25+CD25 -> 0 | CF25: =IF($BP25>0,(($BE25+$BL25)/$BP25),0) -> 0 | CG25: =IF($BP25>0,((PV($BY$2,$CB$2,-$BH25))/$BP25),0) -> 0 | CH25: =CF25+CG25 -> 0 | CI25: =IF(Z25>0,((BC25+PV($BY$2,$CB$2,-BF25,0,0))/Z25),0) -> 63.636364 | CJ25: =IF(Y25>0,((BD25+PV($BY$2,$CB$2,-BG25,0,0))/Y25),0) -> 502.46435 | CK25: =IF(AE25>0,((BC25+PV($BY$2,$CB$2,-BF25,0,0))/AE25),0) -> 0 | CL25: =IF(AD25>0,((BD25+PV($BY$2,$CB$2,-BG25,0,0))/AD25),0) -> 0 | CM25: =IF($BQ25>0,(($BE25+$BL25)/$BQ25),0) -> 5.7272727 | CN25: =IF($BQ25>0,((PV($BY$2,$CB$2,-$BH25))/$BQ25),0) -> 6.2311052 | CO25: =CM25+CN25 -> 11.958378 | CP25: =IF($BR25>0,(($BE25+$BL25)/$BR25),0) -> 12.626263 | CQ25: =IF($BR25>0,((PV($BY$2,$CB$2,-$BH25))/$BR25),0) -> 13.737004 | CR25: =CP25+CQ25 -> 26.363267 | CS25: =IF($BS25>0,(($BE25+$BL25)/$BS25),0) -> 0 | CT25: =IF($BS25>0,((PV($BY$2,$CB$2,-$BH25))/$BS25),0) -> 0 | CU25: =CS25+CT25 -> 0 | CV25: =IF($BT25>0,(($BE25+$BL25)/$BT25),0) -> 0 | CW25: =IF($BT25>0,((PV($BY$2,$CB$2,-$BH25))/$BT25),0) -> 0 | CX25: =CV25+CW25 -> 0 | CY25: ● N/A | CZ25: No | DA25: No | DB25: 1 to 3 | DC25: Yes | DD25: ● Low cost per pound of nitrogen removed. ● Potential positive economic impacts. ● One of few approaches to effectively sink natural nitrogen sources. ● Can help manage clean water of silt. ● Can improve water quality parameters in addition to nitrogen. ● Increases biodiversity and supports plant life survivability for eel grass and other species. ● Increases critical commercial and recreational fish populations. ● Economic benefits (commercial shellfish harvesting). | DE25: ● May not be applicable in all watersheds due to growing conditions, aesthetics or navigation. ● Seasonal nitrogen uptake although coincident with natural cycle and algal blooms. ● Requires removal of shellfish. in order to take credit for nitrogen removal. ● Nitrogen uptake subject to possible disruption due to disease or population crash. ● Population monitoring is important to maintain persistence of the benefit. ● Large concentrations of shellfish can generate waste products, reduce dissolved oxygen levels, and possibly generate ammonia. ● Shellfish will undergo rapid growth to a marketable size after which they must be harvested. The entire process is then be repeated. If this is not economically viable for harvesting and selling the shellfish, the harvested shellfish will have to be disposed of. ● Can require large areas to gain significant nitrogen removal. ● If the waterbody is closed for shell fishing, management of the shellfish by the town (or other) will be required to prevent the shellfish from getting into the food supply. | DF25: Yes | DG25: Yes | DH25: Yes | DI25: Yes | DJ25: ● Periodic laboratory analysis of surface waters for nutrient, microbe, and other compounds. ● Periodic laboratory analysis of shellfish meat and shell for nutrient concentrations and other compounds. ● Periodic vegetative assessment. | DK25: $10,000 to $15,000 | DL25: ● 2 to 4 | DM25: ● Periodic laboratory analysis of surface waters for nutrient, microbe, and other compounds. ● Periodic laboratory analysis of shellfish meat and shell for nutrient concentrations and other compounds. ● Periodic vegetative assessment. | DN25: $2,500 to $5,000 | DO25: AP | DQ25: LINKS: Aquaculture - Shellfish | DR25: (1) Carmichael, R.H. and W. Walton, H. Clark, June 2012, Bivalve Enhanced Nitrogen Removal From Coastal Estuaries, LINK: http://www.auburn.edu/~wcw0003/products/publications/carmichael-rh-w-walton--h.html (2) The Nature Conservancy: Oyster Reef Building and Restoration for Coastal Protection, LINK: https://www.nature.org/ourinitiatives/regions/northamerica/unitedstates/louisiana/oyster-reef-restoration-in-louisiana.xml (3) Assessment of Oyster Reefs in Lynnhaven River as a Chesapeake Bay TMDL Best Management Practice, MacSisson, Lisa Kellogg, Mark Luckenbach, Rom Lipcius, Allison Colden, Jeff Cornwell, and Michael Owens Final Report to the U. S. Army Corps of Engineers, Norfolk District, LINK: http://web.vims.edu/GreyLit/VIMS/sramsoe429.pdf (4) Various studies have quantified removal rates, though there is variation depending on shellfish type and environmental conditions. (5) Assessment of Oyster Reefs in Lynnhaven River as a Chesapeake Bay TMDL Best Management Practice, MacSisson, Lisa Kellogg, Mark Luckenbach, Rom Lipcius, Allison Colden, Jeff Cornwell, and Michael Owens Final Report to the U. S. Army Corps of Engineers, Norfolk District, LINK: http://web.vims.edu/GreyLit/VIMS/sramsoe429.pdf (6) Estuarine Fish and Shellfish Species in U.S. Commercial and Recreational Fisheries: Economic Value as an Incentive to Protect and Restore Estuarine Habitat, K. A. Lellis-Dibble, K. E. McGlynn, and T. E. Bigford November 2008, LINK: http://www.habitat.noaa.gov/pdf/publications_general_estuarinefishshellfish.pdf (7) Bay Area Monitor, Scientists Set Seashells by the Seashore, Aleta George, October 1, 2013, LINK: http://bayplanningcoalition.org/wp-content/uploads/2013/10/Bay-Area-Monitor-Seashells-by-the-Seashore.pdf (8) Range of 250 to 1,000 Kg of N per acre based ongoing pilot studies in Falmouth, MA and Wellfleet, MA. Analysis uses a conservative value of 250 Kg of N per acre. (9) Kellogg, Lisa, Virginia Inset of Marine Science, Denitrification and Nutrient Assimilation on a Restored Oyster Reef, May 2013, LINK: http://www.int-res.com/abstracts/meps/v480/p1-19/ (10) Rice, Michael A,, Et. Al., Changes in Shell and Soft Tissue Growth, Tissue Compositions of Quahogs and Soft-Shelled Clams in Response to Eutrophic Driven Changes in Food supply and Habitat. Boston University, Journal of Experimental Marine Biology and Ecology. August 2004, (11) STAC Report, Evaluation of the Use of Shellfish as a Means of Nutrient Reduction in the Chesapeake Bay, September, 3013d (12) Circle C Oyster Ranchers Association: http://www.oysterranching.com/background.html (13) Food and Agricultural Organization of the United States: Hatchery Culture of Bivalves - Fisheries Technical Paper 471, LINK: http://www.fao.org/docrep/007/y5720e/y5720e02.htm | DS25: Pilot study likely requiring establishment of baseline water quality and monitoring once pilot project is online. The pilot study results will likely be used to determine the effectiveness and efficiency of the technology before allowing full implementation. Need to work closely with the ongoing Cape demonstration projects to evaluate those data. Need to consider reef building projects vs. bag or cage type projects. Shellfish will only remove nitrogen if it is in particulate form through filtering. Some areas have had to use horse mussels instead of blue mussels and oysters. In general, the installation of oyster aquaculture is not allowed in areas where there is a prohibition on harvesting. However, there is a procedure that if a town is willing to enforce the no harvesting rule that aquaculture can be used in restricted areas. This is not in a regulation, but is sited in a paper. In some areas, there are prohibition of oyster harvesting due to water quality concerns. There is concern that these oysters may get into the food supply and cause illness. Will need to coordinate with Division of Marine Fisheries (DMF). Towns may want to consider looking at mariculture instead of oyster aquiculture. Mariculture uses seaweeds to reduce nitrogen loads. There is some concern over habitat displacement. Care will need to be taken when placing aquiculture projects. Aquaculture is a biological system. Oysters can be susceptible to disease, mass die-offs, etc. This needs to be factored in when designing a nitrogen removal plan, specifically, aquaculture should not be the only strategy incase of a mass die-off. Towns need to consider other issues that relate to maintenance of living organisms Aquaculture is a seasonal solution, with little nitrogen reduction occurring in the winter months.
B26: Aquaculture - Shellfish, Nursery Culture | E26: See Tab for Aquaculture Details Shellfish, and specifically oysters, remove nitrogen from their environment. The growing and removal of the mature oysters can remove nitrogen from an estuary, reducing the estuary's nitrogen load. Aquaculture can become a dual purpose project where shellfish are harvested for market while there will be a local reduction in nitrogen in the overlying water column during the growth and maturation of the oysters. This method of aquaculture cultivates shellfish above the estuary bed in containers. Harvesting a portion of the oysters is required to remove nitrogen. Cultivating shellfish above the estuary bed can be used in combination with other types of aquaculture as well as floating constructed wetlands designed for brackish water. This is a water body Restoration technology. | F26: Ambient Nitrogen Levels in an Estuary | H26: Nitrogen Phosphorus | I26: ● MassDEP ● US EPA ● MassDOT ● Department of Public Works ● Board of Health ● Conservation Commission ● Natural Heritage ● Mass Historical Commission ● US Army Corps or Engineers ● Division of Marine and Fisheries ● US Fish and Wildlife Service | J26: ● Suitable area within estuary to seed and cultivate shellfish. | L26: Acres | M26: N/A | Q26: =$Q$113 -> 0.75 | R26: =$R$113 -> 0.5 | AA26: 90 | AB26: 350 | AC26: NA | CZ26: No | DA26: Yes | DB26: 1 to 3 | DC26: Yes | DD26: ● Low cost per pound of nitrogen removed. ● Potential positive economic impacts ● One of few approaches to effectively sink natural nitrogen sources ● can help clean water of silt ● Can improve water quality parameters in addition to nitrogen ● Increases biodiversity and supports plant life survivability for eel grass and other species ● Increases critical commercial and recreational fish populations ● Economic benefits | DE26: ● May not be applicable in all watersheds due to growing conditions, aesthetics or navigation. ● Seasonal nitrogen uptake although coincident with natural cycle and algal blooms. ● Requires removal of shellfish, in order to take credit for nitrogen removal. ● Nitrogen uptake subject to possible disruption due to disease or population crash. ● Population monitoring is important to maintain persistence of the benefit. ● Large concentrations of shellfish can generate waste products, reduce dissolved oxygen levels, and possibly generate ammonia. ● Shellfish will undergo rapid growth to a marketable size after which they must be harvested. The entire process is then be repeated. If this is not economically viable for harvesting and selling the shellfish, the harvested shellfish will have to be disposed of. ● Can require large areas to gain significant nitrogen removal. ● If the waterbody is closed for shell fishing, management of the shellfish by the town (or other) will be required to prevent the shellfish from getting into the food supply. | DF26: Yes | DG26: Yes | DH26: Yes | DI26: Yes | DO26: AP | DQ26: LINKS: Aquaculture - Shellfish, Nursery Culture | DR26: (1) Carmichael, R.H. and W. Walton, H. Clark, June 2012, Bivalve Enhanced Nitrogen Removal From Coastal Estuaries, LINK: http://www.auburn.edu/~wcw0003/products/publications/carmichael-rh-w-walton--h.html (2) The Nature Conservancy: Oyster Reef Building and Restoration for Coastal Protection, LINK: https://www.nature.org/ourinitiatives/regions/northamerica/unitedstates/louisiana/oyster-reef-restoration-in-louisiana.xml (3) Assessment of Oyster Reefs in Lynnhaven River as a Chesapeake Bay TMDL Best Management Practice, MacSisson, Lisa Kellogg, Mark Luckenbach, Rom Lipcius, Allison Colden, Jeff Cornwell, and Michael Owens Final Report to the U. S. Army Corps of Engineers, Norfolk District, LINK: http://web.vims.edu/GreyLit/VIMS/sramsoe429.pdf (4) Various studies have quantified removal rates, though there is variation depending on shellfish type and environmental conditions. (5) Assessment of Oyster Reefs in Lynnhaven River as a Chesapeake Bay TMDL Best Management Practice, MacSisson, Lisa Kellogg, Mark Luckenbach, Rom Lipcius, Allison Colden, Jeff Cornwell, and Michael Owens Final Report to the U. S. Army Corps of Engineers, Norfolk District, LINK: http://web.vims.edu/GreyLit/VIMS/sramsoe429.pdf (6) Estuarine Fish and Shellfish Species in U.S. Commercial and Recreational Fisheries: Economic Value as an Incentive to Protect and Restore Estuarine Habitat, K. A. Lellis-Dibble, K. E. McGlynn, and T. E. Bigford November 2008, LINK: http://www.habitat.noaa.gov/pdf/publications_general_estuarinefishshellfish.pdf (7) Bay Area Monitor, Scientists Set Seashells by the Seashore, Aleta George, October 1, 2013, LINK: http://bayplanningcoalition.org/wp-content/uploads/2013/10/Bay-Area-Monitor-Seashells-by-the-Seashore.pdf (8) Range of 250 to 1,000 Kg of N per acre based ongoing pilot studies in Falmouth, MA and Wellfleet, MA. Analysis uses a conservative value of 250 Kg of N per acre. (9) Kellogg, Lisa, Virginia Inset of Marine Science, Denitrification and Nutrient Assimilation on a Restored Oyster Reef, May 2013, LINK: http://www.int-res.com/abstracts/meps/v480/p1-19/ (10) Rice, Michael A,, Et. Al., Changes in Shell and Soft Tissue Growth, Tissue Compositions of Quahogs and Soft-Shelled Clams in Response to Eutrophic Driven Changes in Food supply and Habitat. Boston University, Journal of Experimental Marine Biology and Ecology. August 2004, (11) STAC Report, Evaluation of the Use of Shellfish as a Means of Nutrient Reduction in the Chesapeake Bay, September, 3013d (12) Circle C Oyster Ranchers Association: http://www.oysterranching.com/background.html (13) Food and Agricultural Organization of the United States: Hatchery Culture of Bivalves - Fisheries Technical Paper 471, LINK: http://www.fao.org/docrep/007/y5720e/y5720e02.htm (14) Rose et al. 2014 Nutrient Bioextraction: Encyclopedia of Sustainability Science and Technology, DOI 10.1007/978-1-4939-2493-6_944-1, LINK: https://www.researchgate.net/publication/292490045_Nutrient_Bioextraction (15) Kim et al. 2015 (16) Reitsma, J. et al. 2017 "Nitrogen extraction potential of wild and cultured bivalves harvested from nearshore waters of Cape Cod, USA. Elsevier Vol 116, Issues 1-2, pp. 175-181. http://www.sciencedirect.com/science/article/pii/S0025326X16310761?via%3Dihub
B27: Aquaculture - Mariculture | D27: 203 | E27: Seaweed and other marine vegetation remove nitrogen from their environment. The cultivation and removal of the marine vegetation can remove nitrogen from an estuary, reducing the estuary's nitrogen load. Mariculture can become a dual purpose project where seaweed can be harvested for market while there will be a local reduction in nitrogen in the overlying water column during the growth and maturation of the seaweed. This method of aquaculture cultivates marine vegetation such as seaweed to remove nitrogen. Harvesting a portion of the vegetation may be required to remove nitrogen. Mariculture can be used in combination with other types of aquaculture as well as floating constructed wetlands designed for brackish water. This is a water body Restoration technology. | F27: Ambient Nitrogen Levels in an Estuary | G27: 0.5 - 2.5 mg/L N | H27: Nitrogen Phosphorus | I27: ● MassDEP ● US EPA ● MassDOT ● Department of Public Works ● Board of Health ● Conservation Commission ● Natural Heritage ● Mass Historical Commission ● US Army Corps or Engineers ● Division of Marine and Fisheries ● US Fish and Wildlife Service | J27: ● Suitable area within estuary to cultivate mariculture. | K27: P 2 - Flow per Home (gpd) AN 2 - Project Cost Factor (%) BU 2 - Discount Rate (% APR) BX 2 - Planning Period (Nper in years) N 19 - Acres W 105 - Nitrogen removed per acre (Low) X 105 - Nitrogen removed per acre (High) | L27: Acres | M27: N/A | N27: 1 | O27: N/A | P27: N/A | Q27: =$Q$113 -> 0.75 | R27: =$R$113 -> 0.5 | S27: 8 | T27: 15 | U27: 0 | V27: 0 | W27: =($Q$53-($Q$53*(($T$53+$S$53)/2)/100)-(Q27-(Q27*((T27+S27)/2)/100)))/($Q$53-($Q$53*(($T$53+$S$53)/2)/100)) -> 0.97471429 | X27: N/A | Y27: =$W$115*N27 -> 440 | Z27: =$X$115*N27 -> 660 | AA27: =Y27*0.4536 -> 199.584 | AB27: =Z27*0.4536 -> 299.376 | AC27: =(AA27+AB27)/2 -> 249.48 | AD27: 0 | AE27: 0 | AF27: =AD27*0.4536 -> 0 | AG27: =AE27*0.4536 -> 0 | AH27: 25000 | AI27: 50000 | AJ27: =(AH27+AI27)/2 -> 37500 | AK27: =AH27*($AA$109/$AA$107) -> 25000 | AL27: =AI27*($AA$109/$AA$107) -> 50000 | AM27: =AJ27*($AA$109/$AA$107) -> 37500 | AN27: 0.5 | AO27: 0 | AP27: =(AK27*(1+$AN$2))+AO27 -> 35000 | AQ27: =(AL27*(1+$AN$2))+AO27 -> 70000 | AR27: =(AP27+AQ27)/2 -> 52500 | AS27: 0 | AT27: 10000 | AU27: =(AS27+AT27)/2 -> 5000 | AV27: =AS27*($AA$109/$AA$107) -> 0 | AW27: =AT27*($AA$109/$AA$107) -> 10000 | AX27: =AU27*($AA$109/$AA$107) -> 5000 | AY27: 0.75 | AZ27: 0.2 | BA27: 0.1 | BB27: ● Increase cost for pilot study. ● Increase cost for permitting. ● Increase cost for local oversight/management. | BC27: =AP27*(1+$AZ27) -> 42000 | BD27: =AQ27*(1+$AZ27) -> 84000 | BE27: =AR27*(1+$AZ27) -> 63000 | BF27: =AV27*(1+$BA27) -> 0 | BG27: =AW27*(1+$BA27) -> 11000 | BH27: =AX27*(1+$BA27) -> 5500 | BI27: 20 | BJ27: =BE27*0.25 -> 15750 | BK27: =IF(($CB$2/BI27)>0,((($CB$2/BI27))*BJ27),0) -> 15750 | BL27: =PV(((1+$BY$2)^BI27)-1,ROUNDUP($CB$2/BI27-1,0),-BJ27,0,0) -> 0 | BM27: =IF((($Y27+$Z27)>0),((($Y27+$Z27)/2)*$CB$2),0) -> 11000 | BN27: =BM27*0.4536 -> 4989.6 | BO27: =IF((($AD27+$AE27)>0),((($AD27+$AE27)/2)*$CB$2),0) -> 0 | BP27: =BO27*0.4536 -> 0 | BQ27: =IF($Q27<$W$122,BM27,(BM27-((BM27/$Q27)*($Q27-$W$122)))) -> 11000 | BR27: =IF($Q27<$W$122,BN27,(BN27-((BN27/$Q27)*($Q27-$W$122)))) -> 4989.6 | BS27: =IF($R27<$X$122,BO27,(BO27-((BO27/$R27)*($R27-$X$122)))) -> 0 | BT27: =IF($R27<$X$122,BP27,(BP27-((BP27/$R27)*($R27-$X$122)))) -> 0 | BU27: =IF((Y27+Z27+AD27+AE27=0),(BE27+PV($BY$2,$CB$2,-BH27,0,0)),"N/A") -> N/A | BV27: =((BE27/12.46)+BH27)/((AA27+AB27)/2) -> 42.31273 | BW27: =IF($BM27>0,(($BE27+$BL27)/$BM27),0) -> 5.7272727 | BX27: =IF($BM27>0,((PV($BY$2,$CB$2,-$BH27))/$BM27),0) -> 6.2311052 | BY27: =BW27+BX27 -> 11.958378 | BZ27: =IF($BN27>0,(($BE27+$BL27)/$BN27),0) -> 12.626263 | CA27: =IF($BN27>0,((PV($BY$2,$CB$2,-$BH27))/$BN27),0) -> 13.737004 | CB27: =BZ27+CA27 -> 26.363267 | CC27: =IF($BO27>0,(($BE27+$BL27)/$BO27),0) -> 0 | CD27: =IF($BO27>0,((PV($BY$2,$CB$2,-$BH27))/$BO27),0) -> 0 | CE27: =CC27+CD27 -> 0 | CF27: =IF($BP27>0,(($BE27+$BL27)/$BP27),0) -> 0 | CG27: =IF($BP27>0,((PV($BY$2,$CB$2,-$BH27))/$BP27),0) -> 0 | CH27: =CF27+CG27 -> 0 | CI27: =IF(Z27>0,((BC27+PV($BY$2,$CB$2,-BF27,0,0))/Z27),0) -> 63.636364 | CJ27: =IF(Y27>0,((BD27+PV($BY$2,$CB$2,-BG27,0,0))/Y27),0) -> 502.46435 | CK27: =IF(AE27>0,((BC27+PV($BY$2,$CB$2,-BF27,0,0))/AE27),0) -> 0 | CL27: =IF(AD27>0,((BD27+PV($BY$2,$CB$2,-BG27,0,0))/AD27),0) -> 0 | CM27: =IF($BQ27>0,(($BE27+$BL27)/$BQ27),0) -> 5.7272727 | CN27: =IF($BQ27>0,((PV($BY$2,$CB$2,-$BH27))/$BQ27),0) -> 6.2311052 | CO27: =CM27+CN27 -> 11.958378 | CP27: =IF($BR27>0,(($BE27+$BL27)/$BR27),0) -> 12.626263 | CQ27: =IF($BR27>0,((PV($BY$2,$CB$2,-$BH27))/$BR27),0) -> 13.737004 | CR27: =CP27+CQ27 -> 26.363267 | CS27: =IF($BS27>0,(($BE27+$BL27)/$BS27),0) -> 0 | CT27: =IF($BS27>0,((PV($BY$2,$CB$2,-$BH27))/$BS27),0) -> 0 | CU27: =CS27+CT27 -> 0 | CV27: =IF($BT27>0,(($BE27+$BL27)/$BT27),0) -> 0 | CW27: =IF($BT27>0,((PV($BY$2,$CB$2,-$BH27))/$BT27),0) -> 0 | CX27: =CV27+CW27 -> 0 | CY27: ● N/A | CZ27: No | DA27: No | DB27: 1 to 3 | DC27: Yes | DD27: ● Low cost per pound of nitrogen removed. ● Potential positive economic impacts. ● One of few approaches to effectively sink natural nitrogen sources. ● Can improved water quality parameters in addition to nitrogen. ● Increases biodiversity and supports plant life survivability for eel grass and other species. ● Increases critical commercial and recreational fish populations. | DE27: ● May not be applicable in all watersheds due to growing conditions, aesthetics or navigation. ● Seasonal nitrogen uptake although coincident with natural cycle and algal blooms. ● Requires removal of vegetation in order to take credit for nitrogen removal. ● Nitrogen uptake subject to possible disruption due to disease or other. ● Growth and harvest monitoring is important to maintain persistence of the benefit. | DF27: Yes | DG27: Yes | DH27: Yes | DI27: Yes | DJ27: ● Periodic laboratory analysis of surface waters for nutrient, microbe, and other compounds. ● Periodic laboratory analysis of shellfish meat and shell for nutrient concentrations and other compounds. ● Periodic vegetative assessment. | DK27: $10,000 to $15,000 | DL27: ● 2 to 4 | DM27: ● Periodic laboratory analysis of surface waters for nutrient, microbe, and other compounds. ● Periodic laboratory analysis of shellfish meat and shell for nutrient concentrations and other compounds. ● Periodic vegetative assessment. | DN27: $2,500 to $5,000 | DO27: IP | DQ27: LINKS: Aquaculture - Mariculture | DR27: Reitsma, J. et al. 2017 "Nitrogen extraction potential of wild and cultured bivalves harvested from nearshore waters of Cape Cod, USA. Elsevier Vol 116, Issues 1-2, pp. 175-181. http://www.sciencedirect.com/science/article/pii/S0025326X16310761?via%3Dihub | DS27: Pilot study likely requiring establishment of baseline water quality and monitoring once pilot project is online. The pilot study results will likely be used to determine the effectiveness and efficiency of the technology before allowing full implementation. Need to work closely with the ongoing Cape demonstration projects to evaluate those data. Some areas have had to use horse mussels instead of blue mussels and oysters. Will need to coordinate with Division of Marine Fisheries (DMF). Towns may want to consider looking at mariculture instead of oyster aquiculture. Mariculture uses seaweeds to reduce nitrogen loads. There is some concern over habitat displacement. Care will need to be taken when placing aquiculture projects. Aquaculture is a biological system. Mariculture can be susceptible to disease, mass die-offs, etc. This needs to be factored in when designing a nitrogen removal plan, specifically, aquaculture should not be the only strategy incase of a mass die-off. Towns need to consider other issues that relate to maintenance of living organisms Hyannis and long island have mariculture projects. May want to discuss with them.
B28: Phytoremediation | D28: 204 | E28: Green plants with deep tap roots are planted as a buffer to intercept high nitrogen (nitrogen enriched) groundwater. The plants and microorganisms in their root zone reduce/use the nitrogen, removing it from the groundwater and watershed. Phytoremediation can be used to redirect a plume of nitrogen enriched groundwater or pull it up from deeper in the aquifer, allowing the plants to treat the plume. Ongoing, passive interception of the impacted ground water plume via shallow/deep interception of capillary fringe by roots occurs during the growing season and has seasonal limitations. This is a groundwater Remediation technology. | F28: Nutrient Enriched Groundwater | G28: 1 - 20 mg/L N 0.5 - 10 mg/L P | H28: Nitrogen Phosphorus | I28: ● MassDEP ● Department of Public Works ● Board of Health ● Conservation Commission ● Natural Heritage ● Mass Historical Commission ● US Army Corps or Engineers ● US Fish and Wildlife Service ● Land Owner | J28: ● Permeable soils. ● Depth to groundwater <10 feet. ● Not within priority habitat areas. ● Not within protected open space. ● Benefit if site is located within a Zone II, has disturbed soils, parcel intersects with 50 to 100 foot wetland buffers, has municipal ownership, necessary nitrogen removal in groundwater filtering through parcel is high. | K28: P 2 - Flow per Home (gpd) AN 2 - Project Cost Factor (%) BU 2 - Discount Rate (% APR) BX 2 - Planning Period (Nper in years) N 20 - Flow (gpd) Q 100 - Influent Nitrogen Load R 100 - Influent Phosphorus Load | L28: Acres | M28: =N28*10000 -> 10000 | N28: 1 | O28: N/A | P28: N/A | Q28: 6 | R28: =$R$110 -> 2 | S28: 50 | T28: 90 | U28: 20 | V28: 60 | W28: =($Q$53-($Q$53*(($T$53+$S$53)/2)/100)-(Q28-(Q28*((T28+S28)/2)/100)))/($Q$53-($Q$53*(($T$53+$S$53)/2)/100)) -> 0.93142857 | X28: M | Y28: =((($Q28)*($S28/100))*(8.34*($M28/1000000)))*365 -> 91.323 | Z28: =((($Q28)*($T28/100))*(8.34*($M28/1000000)))*365 -> 164.3814 | AA28: =Y28*0.4536 -> 41.424113 | AB28: =Z28*0.4536 -> 74.563403 | AC28: =(AA28+AB28)/2 -> 57.993758 | AD28: =((($R28)*($U28/100))*(8.34*($M28/1000000)))*365 -> 12.1764 | AE28: =((($R28)*($V28/100))*(8.34*($M28/1000000)))*365 -> 36.5292 | AF28: =AD28*0.4536 -> 5.523215 | AG28: =AE28*0.4536 -> 16.569645 | AH28: 10000 | AI28: 20000 | AJ28: =(AH28+AI28)/2 -> 15000 | AK28: =AH28*($AA$109/$AA$107) -> 10000 | AL28: =AI28*($AA$109/$AA$107) -> 20000 | AM28: =AJ28*($AA$109/$AA$107) -> 15000 | AN28: 0.4 | AO28: =$AA$121 -> 250000 | AP28: =(AK28*(1+$AN$2))+AO28 -> 264000 | AQ28: =(AL28*(1+$AN$2))+AO28 -> 278000 | AR28: =(AP28+AQ28)/2 -> 271000 | AS28: 5000 | AT28: 7500 | AU28: =(AS28+AT28)/2 -> 6250 | AV28: =AS28*($AA$109/$AA$107) -> 5000 | AW28: =AT28*($AA$109/$AA$107) -> 7500 | AX28: =AU28*($AA$109/$AA$107) -> 6250 | AY28: 0.75 | AZ28: 0.2 | BA28: 0.1 | BB28: ● Increase cost for pilot study. ● Increase cost for permitting. ● Increase cost for local oversight/management. | BC28: =AP28*(1+$AZ28) -> 316800 | BD28: =AQ28*(1+$AZ28) -> 333600 | BE28: =AR28*(1+$AZ28) -> 325200 | BF28: =AV28*(1+$BA28) -> 5500 | BG28: =AW28*(1+$BA28) -> 8250 | BH28: =AX28*(1+$BA28) -> 6875 | BI28: 20 | BJ28: =BE28*0.25 -> 81300 | BK28: =IF(($CB$2/BI28)>0,((($CB$2/BI28))*BJ28),0) -> 81300 | BL28: =PV(((1+$BY$2)^BI28)-1,ROUNDUP($CB$2/BI28-1,0),-BJ28,0,0) -> 0 | BM28: =IF((($Y28+$Z28)>0),((($Y28+$Z28)/2)*$CB$2),0) -> 2557.044 | BN28: =BM28*0.4536 -> 1159.8752 | BO28: =IF((($AD28+$AE28)>0),((($AD28+$AE28)/2)*$CB$2),0) -> 487.056 | BP28: =BO28*0.4536 -> 220.9286 | BQ28: =IF($Q28<$W$122,BM28,(BM28-((BM28/$Q28)*($Q28-$W$122)))) -> 2557.044 | BR28: =IF($Q28<$W$122,BN28,(BN28-((BN28/$Q28)*($Q28-$W$122)))) -> 1159.8752 | BS28: =IF($R28<$X$122,BO28,(BO28-((BO28/$R28)*($R28-$X$122)))) -> 487.056 | BT28: =IF($R28<$X$122,BP28,(BP28-((BP28/$R28)*($R28-$X$122)))) -> 220.9286 | BU28: =IF((Y28+Z28+AD28+AE28=0),(BE28+PV($BY$2,$CB$2,-BH28,0,0)),"N/A") -> N/A | BV28: =((BE28/12.46)+BH28)/((AA28+AB28)/2) -> 568.58737 | BW28: =IF($BM28>0,(($BE28+$BL28)/$BM28),0) -> 127.1781 | BX28: =IF($BM28>0,((PV($BY$2,$CB$2,-$BH28))/$BM28),0) -> 33.50654 | BY28: =BW28+BX28 -> 160.68464 | BZ28: =IF($BN28>0,(($BE28+$BL28)/$BN28),0) -> 280.375 | CA28: =IF($BN28>0,((PV($BY$2,$CB$2,-$BH28))/$BN28),0) -> 73.868033 | CB28: =BZ28+CA28 -> 354.24303 | CC28: =IF($BO28>0,(($BE28+$BL28)/$BO28),0) -> 667.68503 | CD28: =IF($BO28>0,((PV($BY$2,$CB$2,-$BH28))/$BO28),0) -> 175.90933 | CE28: =CC28+CD28 -> 843.59436 | CF28: =IF($BP28>0,(($BE28+$BL28)/$BP28),0) -> 1471.9688 | CG28: =IF($BP28>0,((PV($BY$2,$CB$2,-$BH28))/$BP28),0) -> 387.80717 | CH28: =CF28+CG28 -> 1859.7759 | CI28: =IF(Z28>0,((BC28+PV($BY$2,$CB$2,-BF28,0,0))/Z28),0) -> 2344.1956 | CJ28: =IF(Y28>0,((BD28+PV($BY$2,$CB$2,-BG28,0,0))/Y28),0) -> 4778.7878 | CK28: =IF(AE28>0,((BC28+PV($BY$2,$CB$2,-BF28,0,0))/AE28),0) -> 10548.88 | CL28: =IF(AD28>0,((BD28+PV($BY$2,$CB$2,-BG28,0,0))/AD28),0) -> 35840.908 | CM28: =IF($BQ28>0,(($BE28+$BL28)/$BQ28),0) -> 127.1781 | CN28: =IF($BQ28>0,((PV($BY$2,$CB$2,-$BH28))/$BQ28),0) -> 33.50654 | CO28: =CM28+CN28 -> 160.68464 | CP28: =IF($BR28>0,(($BE28+$BL28)/$BR28),0) -> 280.375 | CQ28: =IF($BR28>0,((PV($BY$2,$CB$2,-$BH28))/$BR28),0) -> 73.868033 | CR28: =CP28+CQ28 -> 354.24303 | CS28: =IF($BS28>0,(($BE28+$BL28)/$BS28),0) -> 667.68503 | CT28: =IF($BS28>0,((PV($BY$2,$CB$2,-$BH28))/$BS28),0) -> 175.90933 | CU28: =CS28+CT28 -> 843.59436 | CV28: =IF($BT28>0,(($BE28+$BL28)/$BT28),0) -> 1471.9688 | CW28: =IF($BT28>0,((PV($BY$2,$CB$2,-$BH28))/$BT28),0) -> 387.80717 | CX28: =CV28+CW28 -> 1859.7759 | CY28: ● N/A | CZ28: No | DA28: No | DB28: 1 to 10 | DC28: Yes | DD28: ● Low capital and annual O&M costs. ● Easy to install. ● Nutrient uptake is not seasonal as microbes in the root zone uptake nutrients year around. ● The nutrient and groundwater uptake vary based on the plants and/or trees | DE28: ● In year one after planting, no remediation occurs because trees have not reached the groundwater. ● As the trees get larger and pump more water, nitrogen removal rates increase and plateau. Seasonal required ET. | DF28: Yes | DG28: Yes | DH28: Yes | DI28: Yes | DJ28: ● Periodic laboratory analysis of influent and effluent for nutrients, microbes, VOCs and other compounds. ● Periodic laboratory analysis of groundwater for nutrients, microbes, VOCs and other compounds. ● Periodic vegetative assessment. | DK28: $10,000 to $15,000 | DL28: ● 2 to 4 | DM28: ● Periodic laboratory analysis of influent and effluent for nutrients, microbes, VOCs and other compounds. ● Periodic laboratory analysis of groundwater for nutrients, microbes, VOCs and other compounds. ● Periodic vegetative assessment. | DN28: $2,500 to $5,000 | DO28: IP | DQ28: LINKS: Phytoremediation | DR28: (1) Carmichael, R.H. and W. Walton, H. Clark, June 2012, Bivalve Enhanced Nitrogen Removal From Coastal Estuaries, LINK: http://www.auburn.edu/~wcw0003/products/publications/carmichael-rh-w-walton--h.html (2) The Nature Conservancy: Oyster Reef Building and Restoration for Coastal Protection, LINK: https://www.nature.org/ourinitiatives/regions/northamerica/unitedstates/louisiana/oyster-reef-restoration-in-louisiana.xml (3) Assessment of Oyster Reefs in Lynnhaven River as a Chesapeake Bay TMDL Best Management Practice, MacSisson, Lisa Kellogg, Mark Luckenbach, Rom Lipcius, Allison Colden, Jeff Cornwell, and Michael Owens Final Report to the U. S. Army Corps of Engineers, Norfolk District, LINK: http://web.vims.edu/GreyLit/VIMS/sramsoe429.pdf (4) Various studies have quantified removal rates, though there is variation depending on shellfish type and environmental conditions. (5) Assessment of Oyster Reefs in Lynnhaven River as a Chesapeake Bay TMDL Best Management Practice, MacSisson, Lisa Kellogg, Mark Luckenbach, Rom Lipcius, Allison Colden, Jeff Cornwell, and Michael Owens Final Report to the U. S. Army Corps of Engineers, Norfolk District, LINK: http://web.vims.edu/GreyLit/VIMS/sramsoe429.pdf (6) Estuarine Fish and Shellfish Species in U.S. Commercial and Recreational Fisheries: Economic Value as an Incentive to Protect and Restore Estuarine Habitat, K. A. Lellis-Dibble, K. E. McGlynn, and T. E. Bigford November 2008, LINK: http://www.habitat.noaa.gov/pdf/publications_general_estuarinefishshellfish.pdf (7) Bay Area Monitor, Scientists Set Seashells by the Seashore, Aleta George, October 1, 2013, LINK: http://bayplanningcoalition.org/wp-content/uploads/2013/10/Bay-Area-Monitor-Seashells-by-the-Seashore.pdf (8) Range of 250 to 1,000 Kg of N per acre based ongoing pilot studies in Falmouth, MA and Wellfleet, MA. Analysis uses a conservative value of 250 Kg of N per acre. (9) Kellogg, Lisa, Virginia Inset of Marine Science, Denitrification and Nutrient Assimilation on a Restored Oyster Reef, May 2013, LINK: http://www.int-res.com/abstracts/meps/v480/p1-19/ (10) Rice, Michael A,, Et. Al., Changes in Shell and Soft Tissue Growth, Tissue Compositions of Quahogs and Soft-Shelled Clams in Response to Eutrophic Driven Changes in Food supply and Habitat. Boston University, Journal of Experimental Marine Biology and Ecology. August 2004, (11) STAC Report, Evaluation of the Use of Shellfish as a Means of Nutrient Reduction in the Chesapeake Bay, September, 3013d (12) Circle C Oyster Ranchers Association: http://www.oysterranching.com/background.html (13) Food and Agricultural Organization of the United States: Hatchery Culture of Bivalves - Fisheries Technical Paper 471, LINK: http://www.fao.org/docrep/007/y5720e/y5720e02.htm | DS28: Pilot study likely requiring establishment of baseline water quality and monitoring once pilot project is online. The pilot study results will likely be used to determine the effectiveness and efficiency of the technology before allowing full implementation. Need to work closely with the Hyannis WWTF demonstration project to evaluate the data. Considerations would have to include penetration depth into the water table to determine how much nitrogen is being captured and that there is no underflow to allow nitrogen to escape uptake. There is a need to insure that entire plume is captured, or a means to determine how much of the plume is captured in order to determine load reductions.
B29: Permeable Reactive Barriers (PRBs) - Trench Method (Aquifer Thickness - 30 feet) | D29: 205 | E29: See PRB Details tab. A permeable reactive barrier (PRB) is an in-situ (installed within the aquifer) treatment zone designed to intercept nitrogen enriched groundwater. Through use of a carbon source, microbes in the groundwater uptake the nitrogen, denitrifying the groundwater. The trench method PRB uses large trenching equipment to install a mixture of coarse sand, wood chips, compost and/or other materials in the trench created by the trencher. The vertical wall can be installed to a depth of 40 feet with a width of 1.5 to 3 feet. In certain circumstances, the PRB can also be installed in large diameter columns as compared to a continuous trench. The trench or column style PRB can be used in combination with the injection well PRB described below. As groundwater flows through the wall, the wall provides a carbon source (food) for microbes living in the groundwater. The carbon provides a food source for microbes in the groundwater. The microbes consume the carbon source as well as oxygen, developing an anaerobic environment which releases nitrogen gas to the atmosphere, reducing the groundwater nitrogen load before it reaches the estuary. This is a groundwater Remediation technology. | F29: Nutrient Enriched Groundwater | G29: 2 - 20 mg/L N | H29: Nitrogen | I29: ● MassDEP ● Department of Public Works ● Board of Health ● Conservation Commission ● MassDOT ● Natural Heritage ● Mass Historical Commission ● US Army Corps or Engineers ● US Fish and Wildlife Service ● Land Owner | J29: Favorable Siting Conditions include: ● High N load to embayment (based on TMDL) ● Proximity to receiving water ● Potential to remove large percentage of the load ● Shallow treatment zone ● High flow rate ● Focused zone of treatment ● PRB alignment perpendicular to groundwater flow ● Town or publicly owned land ● Open areas away from structures ● Road, electric or rail rights-of-way ● Avoid permitting challenges ● Treatment application for nitrates, not ammonium | K29: P 2 - Flow per Home (gpd) AN 2 - Project Cost Factor (%) BU 2 - Discount Rate (% APR) BX 2 - Planning Period (Nper in years) O 21 - PRB length (linear feet) T 103 - Influent Nitrogen Load U 103 - Influent Phosphorus Load | L29: Linear Foot | M29: 225 | N29: N/A | O29: 1 | P29: N/A | Q29: 2.75 | R29: =$U$113 -> 1 | S29: 70 | T29: 75 | U29: 50 | V29: 95 | W29: =($Q$53-($Q$53*(($T$53+$S$53)/2)/100)-(Q29-(Q29*((T29+S29)/2)/100)))/($Q$53-($Q$53*(($T$53+$S$53)/2)/100)) -> 0.97119048 | X29: M | Y29: =((($Q29)*($S29/100))*(8.34*($M29/1000000)))*365 -> 1.3184758 | Z29: =((($Q29)*($T29/100))*(8.34*($M29/1000000)))*365 -> 1.4126527 | AA29: =Y29*0.4536 -> 0.59806063 | AB29: =Z29*0.4536 -> 0.64077924 | AC29: =(AA29+AB29)/2 -> 0.61941994 | AD29: =((($R29)*($U29/100))*(8.34*($M29/1000000)))*365 -> 0.34246125 | AE29: =((($R29)*($V29/100))*(8.34*($M29/1000000)))*365 -> 0.65067637 | AF29: =AD29*0.4536 -> 0.15534042 | AG29: =AE29*0.4536 -> 0.2951468 | AJ29: 650 | AM29: =AJ29*($AA$109/$AA$107) -> 650 | AN29: 0.3 | AO29: 0 | AR29: =(AM29*(1+$AN$2))+AO29 -> 910 | AU29: 200 | AV29: f6 | AX29: =AU29*($AA$109/$AA$107) -> 200 | AY29: 0.75 | AZ29: 0.2 | BA29: 0.1 | BB29: ● Increase cost for pilot study. ● Increase cost for permitting. ● Increase cost for local oversight/management. | BE29: =AR29*(1+$AZ29) -> 1092 | BH29: =AX29*(1+$BA29) -> 220 | BI29: 20 | BJ29: =BE29*0.25 -> 273 | BK29: =IF(($CB$2/BI29)>0,((($CB$2/BI29))*BJ29),0) -> 273 | BL29: =PV(((1+$BY$2)^BI29)-1,ROUNDUP($CB$2/BI29-1,0),-BJ29,0,0) -> 0 | BM29: =IF((($Y29+$Z29)>0),((($Y29+$Z29)/2)*$CB$2),0) -> 27.311285 | BN29: =BM29*0.4536 -> 12.388399 | BO29: =IF((($AD29+$AE29)>0),((($AD29+$AE29)/2)*$CB$2),0) -> 9.9313762 | BP29: =BO29*0.4536 -> 4.5048723 | BQ29: =IF($Q29<$W$122,BM29,(BM29-((BM29/$Q29)*($Q29-$W$122)))) -> 27.311285 | BR29: =IF($Q29<$W$122,BN29,(BN29-((BN29/$Q29)*($Q29-$W$122)))) -> 12.388399 | BS29: =IF($R29<$X$122,BO29,(BO29-((BO29/$R29)*($R29-$X$122)))) -> 9.9313762 | BT29: =IF($R29<$X$122,BP29,(BP29-((BP29/$R29)*($R29-$X$122)))) -> 4.5048723 | BU29: =IF((Y29+Z29+AD29+AE29=0),(BE29+PV($BY$2,$CB$2,-BH29,0,0)),"N/A") -> N/A | BV29: =((BE29/12.46)+BH29)/((AA29+AB29)/2) -> 496.65894 | BW29: =IF($BM29>0,(($BE29+$BL29)/$BM29),0) -> 39.983472 | BX29: =IF($BM29>0,((PV($BY$2,$CB$2,-$BH29))/$BM29),0) -> 100.38657 | BY29: =BW29+BX29 -> 140.37005 | BZ29: =IF($BN29>0,(($BE29+$BL29)/$BN29),0) -> 88.146985 | CA29: =IF($BN29>0,((PV($BY$2,$CB$2,-$BH29))/$BN29),0) -> 221.31079 | CB29: =BZ29+CA29 -> 309.45777 | CC29: =IF($BO29>0,(($BE29+$BL29)/$BO29),0) -> 109.95455 | CD29: =IF($BO29>0,((PV($BY$2,$CB$2,-$BH29))/$BO29),0) -> 276.06308 | CE29: =CC29+CD29 -> 386.01763 | CF29: =IF($BP29>0,(($BE29+$BL29)/$BP29),0) -> 242.40421 | CG29: =IF($BP29>0,((PV($BY$2,$CB$2,-$BH29))/$BP29),0) -> 608.60466 | CH29: =CF29+CG29 -> 851.00887 | CI29: =IF(Z29>0,((BC29+PV($BY$2,$CB$2,-BF29,0,0))/Z29),0) -> 0 | CJ29: =IF(Y29>0,((BD29+PV($BY$2,$CB$2,-BG29,0,0))/Y29),0) -> 0 | CK29: =IF(AE29>0,((BC29+PV($BY$2,$CB$2,-BF29,0,0))/AE29),0) -> 0 | CL29: =IF(AD29>0,((BD29+PV($BY$2,$CB$2,-BG29,0,0))/AD29),0) -> 0 | CM29: =IF($BQ29>0,(($BE29+$BL29)/$BQ29),0) -> 39.983472 | CN29: =IF($BQ29>0,((PV($BY$2,$CB$2,-$BH29))/$BQ29),0) -> 100.38657 | CO29: =CM29+CN29 -> 140.37005 | CP29: =IF($BR29>0,(($BE29+$BL29)/$BR29),0) -> 88.146985 | CQ29: =IF($BR29>0,((PV($BY$2,$CB$2,-$BH29))/$BR29),0) -> 221.31079 | CR29: =CP29+CQ29 -> 309.45777 | CS29: =IF($BS29>0,(($BE29+$BL29)/$BS29),0) -> 109.95455 | CT29: =IF($BS29>0,((PV($BY$2,$CB$2,-$BH29))/$BS29),0) -> 276.06308 | CU29: =CS29+CT29 -> 386.01763 | CV29: =IF($BT29>0,(($BE29+$BL29)/$BT29),0) -> 242.40421 | CW29: =IF($BT29>0,((PV($BY$2,$CB$2,-$BH29))/$BT29),0) -> 608.60466 | CX29: =CV29+CW29 -> 851.00887 | CY29: ● N/A | CZ29: No | DA29: No | DB29: 1 to 10 | DC29: Yes | DD29: ● Relatively low capital and operating cost. ● No above ground structures. ● High removal efficiency. | DE29: ● Siting can be limited by wetlands, public utilities and abutter concerns. ● Detailed knowledge of local groundwater hydrology. ● Projects may require a hydrogeologic investigation and groundwater modeling to estimate effectiveness of PRB. ● Permitting requirements may be extensive and time consuming. ● Projects may require extensive groundwater monitoring early in the project to quantify nitrogen load reduction. ● Projects may require groundwater monitoring near or in embayments as well as monitoring of vegetation and benthic monitoring where groundwater surfaces in the receiving estuary. | DF29: No | DG29: No | DH29: Yes | DI29: Yes | DJ29: ● Periodic laboratory analysis of groundwater for nutrients, microbes, VOCs and other compounds. ● Projects may require extensive groundwater monitoring early in the project to quantify nitrogen load reduction. ● Projects may require groundwater monitoring near or in embayments as well as monitoring of vegetation and benthic monitoring where groundwater surfaces in the receiving estuary. | DK29: $10,000 to $15,000 | DL29: ● 2 to 4 | DM29: ● Periodic laboratory analysis of groundwater for nutrients, microbes, VOCs and other compounds. | DN29: $2,500 to $5,000 | DO29: IP | DQ29: LINKS: Permeable Reactive Barriers (PRBs) - Trench Method (Aquifer Thickness - 30 feet) | DR29: (1) Sand Creek Consultants, 2012, Chris Rog Interview- Offshoots, Inc. precedent study - 4 projects, LINK: http://sand-creek.com/ (2) Nitrogen concentrations in groundwater are difficult to test. This is the minimum standard that is know to be removed, but the numbers are likely much higher. (3) Cost per acre can be as low as 5,000 when small cuttings and no irrigation is used. Best if used close to higher nitrogen source. closer to source the better to overcome dispersion or tree use enough water that they pull form a larger area through a cone of depression. (4) USEPA phytotechnologies Fact Sheet, LINK: https://19january2017snapshot.epa.gov/sites/production/files/2014-03/documents/urban_gardening_fina_fact_sheet.pdf | DS29: Pilot study likely requiring establishment of baseline water quality and monitoring once pilot project is online. The pilot study results will likely be used to determine the effectiveness and efficiency of the technology before allowing full implementation. Need to monitor the Falmouth demonstration projects for local data. Need to insure entire plume is intercepted, evaluate longevity. Potentially involves significant permitting issues depending upon location. This Phosphate removal range seems high for homeowner systems that are retrofitted. A Big issue will be carbon source life expectancy and its replacement, especially for homeowner systems. Another is siting the PRB...it needs to be down gradient of the leach field, which is not always intuitively obvious, and it is doubtful that a decent investigation will identify GW flow for homeowner systems. PRBs for existing septic systems could be a remarkably effective solution on the Cape and demonstration projects are recommended.
